Workbook
Name Eventos: OFFSET([1]DADOS!$A$33,1,0):OFFSET([1]DADOS!$C$38,-1,0)
Name numEventos: COUNT(OFFSET(Eventos,0,0,,1))
Name TotalEventos: SUM(TotalPorEvento)
Name TotalPorEvento: [1]Eventograma_e_Quantitativos!$I$51:OFFSET([1]Eventograma_e_Quantitativos!$I$55,-1,0)
Name ValoresPorEvento: [1]Eventograma_e_Quantitativos!$N$51:OFFSET([1]Eventograma_e_Quantitativos!$BK$55,-1,0)

Sheet ORÇAMENTO
C6: Nº OPERAÇÃO: 1052738-43 SISCONV: 866700
C7: DESCRIÇÃO: PAVIMENTAÇÃO DA RUA FRANCISCO JOSÉ CARDOSO E RUA WALFREDO DE FARIAS CAVALCANTE
A9: QUANTITATIVOS E ORÇAMENTO BÁSICO
H10: BDI (%): | I10: =ROUND((#REF!)*100,2) -> #REF!
A12: ITEM | B12: FONTE | C12: CÓD. | D12: DISCRIMINAÇÃO | E12: UNID. | F12: QUANT. | G12: P. UNIT. SEM BDI (R$) | H12: P. UNIT. COM BDI (R$) | I12: SUB-TOTAL (R$)
D14: ORÇAMENTO GLOBAL | I14: =ROUND((I15+I19+I21+I42+I25+I29+I32),2) -> #REF!
A15: 1.0 | B15: PRELIMINARES (com BDI) ....................................................................................................................................................................................................... | I15: =ROUND((SUM(I16:I18)),2) -> #REF!
A16: 1.1 | B16: DER/PB | C16: 06.201.00 | D16: Placa indicativa de obra | E16: m² | F16: =F47 -> 4.5 | G16: 306.51 | H16: =ROUND(((($I$10/100)+1)*G16),2) -> #REF! | I16: =ROUND((H16*F16),2) -> #REF!
A17: 1.2 | B17: SINAPI | C17: 99064 | D17: Locação de pavimentação. Af_10/2018 | E17: m | F17: =F48+F73 -> 748.4 | G17: 0.48 | H17: =ROUND(((($I$10/100)+1)*G17),2) -> #REF! | I17: =ROUND((H17*F17),2) -> #REF!
A18: 1.3 | B18: SINAPI | C18: 97629 | D18: Demolição de lajes, de forma mecanizada com martelete, sem reaproveita mento. Af_12/2017 | E18: m³ | F18: =F74 -> 3.29 | G18: 91.83 | H18: =ROUND(((($I$10/100)+1)*G18),2) -> #REF! | I18: =ROUND((H18*F18),2) -> #REF!
A19: 2.0 | B19: TERRAPLENAGEM (com BDI) .................................................................................................................................................................... | I19: =ROUND((SUM(I20)),2) -> #REF!
A20: 2.1 | B20: SINAPI | C20: 100575 | D20: Regularização de superfícies com motoniveladora. Af_11/2019 | E20: m² | F20: =F50+F76 -> 4356.47 | G20: 0.1 | H20: =ROUND(((($I$10/100)+1)*G20),2) -> #REF! | I20: =ROUND((H20*F20),2) -> #REF!
A21: 3.0 | B21: PAVIMENTAÇÃO (com BDI) ......................................................................................................................................................................... | I21: =ROUND((SUM(I22:I24)),2) -> #REF!
A22: 3.1 | B22: DER/PB | C22: 04.910.05 | D22: Meio-fio de concreto tipo MPC-05 | E22: m | F22: =F52+F78 -> 1496.8 | G22: 26.39 | H22: =ROUND(((($I$10/100)+1)*G22),2) -> #REF! | I22: =ROUND((H22*F22),2) -> #REF!
A23: 3.2 | B23: SINAPI | C23: 101169 | D23: Execução de pavimento em paralelepípedos, rejuntamento com argamassa traço 1:3 (cimento e areia). Af_05/2020 | E23: m² | F23: =F53+F79 -> 4356.47 | G23: 81.6 | H23: =ROUND(((($I$10/100)+1)*G23),2) -> #REF! | I23: =ROUND((H23*F23),2) -> #REF!
A24: 3.3 | B24: DER/PB | C24: 04.910.02 | D24: Forn. e aplicação de meio-fio em pedra granítica | E24: m | F24: =F54+F80 -> 67 | G24: 28.98 | H24: =ROUND(((($I$10/100)+1)*G24),2) -> #REF! | I24: =ROUND((H24*F24),2) -> #REF!
A25: 4.0 | B25: CALÇADA E RAMPA DE ACESSIBILIDADE (com BDI) ......................................................................................................................................................................... | I25: =ROUND((SUM(I26:I28)),2) -> #REF!
A26: 4.1 | B26: SINAPI | C26: 94990 | D26: Execução de passeio (calçada) ou piso de concreto com concreto moldado in loco, feito em obra, acabamento convencional, não armado | E26: m³ | F26: =F81 -> 8.91 | G26: 695.65 | H26: =ROUND(((($I$10/100)+1)*G26),2) -> #REF! | I26: =TRUNC((H26*F26),2) -> #REF!
A27: 4.2 | B27: SINAPI | C27: 94990 | D27: Execução de rampa de acessibilidade de concreto com concreto moldado in loco, feito em obra, acabamento convencional, não armado | E27: m³ | F27: =F82 -> 2.47 | G27: =G26 -> 695.65 | H27: =ROUND(((($I$10/100)+1)*G27),2) -> #REF! | I27: =ROUND((H27*F27+0.01),2) -> #REF!
A28: 4.3 | B28: ORSE | C28: 07324 | D28: Piso tátil direcional e/ou alerta, de concreto, colorido, p/deficientes visuais, dimensões 25x25x2,5cm, aplicado com argamassa industrializada ac-ii. | E28: m² | F28: =F83 -> 35.65 | G28: 104.97 | H28: =ROUND(((($I$10/100)+1)*G28),2) -> #REF! | I28: =TRUNC((H28*F28+0.01),2) -> #REF!
A29: 5.0 | B29: SINALIZAÇÃO VIÁRIA (com BDI)............................................................................................................................................................... | I29: =ROUND((SUM(I30:I31)),2) -> #REF!
A30: 5.1 | B30: DER-PB | C30: 06.200.00 | D30: Sinalização vertical, com chapas planas de aço zincado nº16 conformidade com norma abnt nbr 11904:2015, suporte de fixação em secção quadrada de 3" madeira de lei, pintado duas demãos, tinta a base de borracha clorada ou esmalte sintético branco, com fixação, parafusos, arruelas, porcas e elementos metálicos galvanizados, películas reto refletiva tipo III a, em acordo norma nbr 14644/2013 | E30: m² | F30: =F56+F85 -> 5 | G30: 505.25 | H30: =ROUND(((($I$10/100)+1)*G30),2) -> #REF! | I30: =TRUNC((H30*F30),2) -> #REF!
A31: 5.2 | B31: DER-PB | C31: 06.000.02 | D31: Placa esmaltada para identificação nr de rua, dimensões 45x25cm | E31: m² | F31: 0.22 | G31: 444.93 | H31: =ROUND(((($I$10/100)+1)*G31),2) -> #REF! | I31: =ROUND((H31*F31),2) -> #REF!
A32: 6.0 | B32: DRENAGEM | I32: =ROUND((SUM(I33:I41)),2) -> #REF!
A33: 6.1 | B33: DER-PB | C33: 04.999.26 | D33: Poço de visita p/tubulacao de 0,40m e 0,80m | E33: und | F33: =F59 -> 1 | G33: 1736.73 | H33: =ROUND(((($I$10/100)+1)*G33),2) -> #REF! | I33: =TRUNC((H33*F33),2) -> #REF!
A34: 6.2 | B34: SINAPI | C34: 97935 | D34: Caixa para boca de lobo simples retangular, em concreto pré-moldado, dimensões internas: 0,6x1,0x1,2 m. Af_12/2020 | E34: und | F34: =F60 -> 1 | G34: 766.23 | H34: =ROUND(((($I$10/100)+1)*G34),2) -> #REF! | I34: =TRUNC((H34*F34),2) -> #REF!
A35: 6.3 | B35: PRÓPRIA | C35: CCU - 01 | D35: Ponta de ala em concreto ciclópico, para tubos de concreto (simples) d=0.40 à 0.60 m | E35: und | F35: =F61 -> 1 | G35: =CCU!G21 -> 1370.82 | H35: =ROUND(((($I$10/100)+1)*G35),2) -> #REF! | I35: =TRUNC((H35*F35),2) -> #REF!
A36: 6.4 | B36: SINAPI | C36: 92212 | D36: Tubo de concreto para redes coletoras de águas pluviais, diâmetro de 600 mm, junta rígida, instalado em local com baixo nível de interferências - fornecimento e assentamento. Af_12/2015 | E36: m | F36: =F62 -> 126.46 | G36: 280.02 | H36: =ROUND(((($I$10/100)+1)*G36),2) -> #REF! | I36: =TRUNC((H36*F36),2) -> #REF!
A37: 6.5 | B37: SINAPI | C37: 99063 | D37: Locação de rede de água ou esgoto. Af_10/2018 | E37: m | F37: =F63 -> 126.46 | G37: 4.17 | H37: =ROUND(((($I$10/100)+1)*G37),2) -> #REF! | I37: =TRUNC((H37*F37),2) -> #REF!
A38: 6.6 | B38: SINAPI | C38: 90092 | D38: Escavação mecanizada de vala com prof. Maior que 1,5 m e até 3,0 m(média entre montante e jusante/uma composição por trecho), com escavadeira hidráulica (0,8 m3/111 hp), larg. Menor que 1,5 m, em solo de 1a categoria, locais com baixo nível de interferência. Af_01/2015 | E38: m³ | F38: =F64 -> 269.29 | G38: 5.41 | H38: =ROUND(((($I$10/100)+1)*G38),2) -> #REF! | I38: =TRUNC((H38*F38),2) -> #REF!
A39: 6.7 | B39: DER-PB | C39: 01.200.04 | D39: Colchao de areia excl.apenas transporte da areia | E39: m³ | F39: =F65 -> 22.76 | G39: 41.03 | H39: =ROUND(((($I$10/100)+1)*G39),2) -> #REF! | I39: =TRUNC((H39*F39),2) -> #REF!
A40: 6.8 | B40: SINAPI | C40: 93367 | D40: Reaterro mecanizado de vala com escavadeira hidráulica (capacidade da caçamba: 0,8 m³ / potência: 111 hp), largura de 1,5 a 2,5 m, profundidade até 1,5 m, com solo de 1ª categoria em locais com baixo nível de interferência. Af_04/2016 | E40: m³ | F40: =F66 -> 202.27 | G40: 18.32 | H40: =ROUND(((($I$10/100)+1)*G40),2) -> #REF! | I40: =TRUNC((H40*F40),2) -> #REF!
A41: 6.9 | B41: DER-PB | C41: 04.942.02 | D41: Entrada d'agua tipo EDA-01 | E41: und | F41: =MEMÓRIA_R.FRANCISCO!B95 -> 1 | G41: 83.05 | H41: =ROUND(((($I$10/100)+1)*G41),2) -> #REF! | I41: =TRUNC((H41*F41),2) -> #REF!
A42: 7.0 | B42: SERVIÇOS COMPLEMENTARES (com BDI)............................................................................................................................................. | I42: =ROUND((SUM(I43:I43)),2) -> #REF!
A43: 7.1 | B43: ORSE | C43: 02450 | D43: Limpeza final da obra | E43: m² | F43: =F69+F88 -> 4356.47 | G43: 2.17 | H43: =ROUND(((($I$10/100)+1)*G43),2) -> #REF! | I43: =ROUND((H43*F43),2) -> #REF!
D45: RUA FRANCISCO JOSÉ CARDOSO | I45: =ROUND((I46+I49+I51+I68+I55+I58),2) -> #REF!
A46: 1.0 | B46: PRELIMINARES (com BDI) ....................................................................................................................................................................................................... | I46: =ROUND((SUM(I47:I48)),2) -> #REF!
A47: 1.1 | B47: DER/PB | C47: 06.201.00 | D47: Placa indicativa de obra | E47: m² | F47: =MEMÓRIA_R.FRANCISCO!B14 -> 4.5 | G47: 306.51 | H47: =ROUND(((($I$10/100)+1)*G47),2) -> #REF! | I47: =ROUND((H47*F47),2) -> #REF!
A48: 1.2 | B48: SINAPI | C48: 99064 | D48: Locação de pavimentação | E48: m | F48: =MEMÓRIA_R.FRANCISCO!B19 -> 621.4 | G48: 0.48 | H48: =ROUND(((($I$10/100)+1)*G48),2) -> #REF! | I48: =ROUND((H48*F48),2) -> #REF! | J48: =F48*H48 -> #REF!
A49: 2.0 | B49: TERRAPLENAGEM (com BDI) .................................................................................................................................................................... | I49: =ROUND((SUM(I50)),2) -> #REF!
A50: 2.1 | B50: SINAPI | C50: 100575 | D50: Regularização de superfícies com motoniveladora. Af_11/2019 | E50: m² | F50: =MEMÓRIA_R.FRANCISCO!B25 -> 3594.47 | G50: 0.1 | H50: =ROUND(((($I$10/100)+1)*G50),2) -> #REF! | I50: =ROUND((H50*F50),2) -> #REF!
A51: 3.0 | B51: PAVIMENTAÇÃO (com BDI) ......................................................................................................................................................................... | I51: =ROUND((SUM(I52:I54)),2) -> #REF!
A52: 3.1 | B52: DER/PB | C52: 04.910.05 | D52: Meio-fio de concreto tipo MPC-05 | E52: m | F52: =MEMÓRIA_R.FRANCISCO!B31 -> 1242.8 | G52: 26.39 | H52: =ROUND(((($I$10/100)+1)*G52),2) -> #REF! | I52: =ROUND((H52*F52),2) -> #REF!
A53: 3.2 | B53: SINAPI | C53: 101169 | D53: Execução de pavimento em paralelepípedos, rejuntamento com argamassa traço 1:3 (cimento e areia). Af_05/2020 | E53: m² | F53: =MEMÓRIA_R.FRANCISCO!B37 -> 3594.47 | G53: 81.6 | H53: =ROUND(((($I$10/100)+1)*G53),2) -> #REF! | I53: =ROUND((H53*F53),2) -> #REF!
A54: 3.3 | B54: DER/PB | C54: 04.910.02 | D54: Forn. e aplicação de meio-fio em pedra granítica | E54: m | F54: =MEMÓRIA_R.FRANCISCO!B44 -> 67 | G54: 28.98 | H54: =ROUND(((($I$10/100)+1)*G54),2) -> #REF! | I54: =ROUND((H54*F54),2) -> #REF!
A55: 4.0 | B55: SINALIZAÇÃO VIÁRIA (com BDI)............................................................................................................................................................... | I55: =ROUND((SUM(I56:I57)),2) -> #REF!
A56: 4.1 | B56: DER-PB | C56: 06.200.00 | D56: Sinalização vertical, com chapas planas de aço zincado nº16 conformidade com norma abnt nbr 11904:2015, suporte de fixação em secção quadrada de 3" madeira de lei, pintado duas demãos, tinta a base de borracha clorada ou esmalte sintético branco, com fixação, parafusos, arruelas, porcas e elementos metálicos galvanizados, películas reto refletiva tipo III a, em acordo norma nbr 14644/2013 | E56: m² | F56: =MEMÓRIA_R.FRANCISCO!B50 -> 4 | G56: 556.73 | H56: =ROUND(((($I$10/100)+1)*G56),2) -> #REF! | I56: =TRUNC((H56*F56),2) -> #REF!
A57: 4.2 | B57: DER-PB | C57: 06.000.02 | D57: Placa esmaltada para identificação nr de rua, dimensões 45x25cm | E57: und | F57: =MEMÓRIA_R.FRANCISCO!B55 -> 1 | G57: 784.57 | H57: =ROUND(((($I$10/100)+1)*G57),2) -> #REF! | I57: =ROUND((H57*F57+0.01),2) -> #REF!
A58: 5.0 | B58: DRENAGEM | I58: =ROUND((SUM(I59:I67)),2) -> #REF!
A59: 5.1 | B59: DER-PB | C59: 04.999.26 | D59: Poço de visita p/tubulacao de 0,40m e 0,80m | E59: und | F59: =MEMÓRIA_R.FRANCISCO!B59 -> 1 | G59: 1736.73 | H59: =ROUND(((($I$10/100)+1)*G59),2) -> #REF! | I59: =TRUNC((H59*F59),2) -> #REF!
A60: 5.2 | B60: SINAPI | C60: 97935 | D60: Caixa para boca de lobo simples retangular, em concreto pré-moldado, dimensões internas: 0,6x1,0x1,2 m. Af_12/2020 | E60: und | F60: =MEMÓRIA_R.FRANCISCO!B62 -> 1 | G60: 766.23 | H60: =ROUND(((($I$10/100)+1)*G60),2) -> #REF! | I60: =TRUNC((H60*F60),2) -> #REF!
A61: 5.3 | B61: PRÓPRIA | C61: CCU - 01 | D61: Ponta de ala em concreto ciclópico, para tubos de concreto (simples) d=0.40 à 0.60 m | E61: und | F61: =MEMÓRIA_R.FRANCISCO!B65 -> 1 | G61: =CCU!G21 -> 1370.82 | H61: =ROUND(((($I$10/100)+1)*G61),2) -> #REF! | I61: =TRUNC((H61*F61),2) -> #REF!
A62: 5.4 | B62: SINAPI | C62: 92212 | D62: Tubo de concreto para redes coletoras de águas pluviais, diâmetro de 600 mm, junta rígida, instalado em local com baixo nível de interferências - fornecimento e assentamento. Af_12/2015 | E62: m | F62: =MEMÓRIA_R.FRANCISCO!B68 -> 126.46 | G62: 280.02 | H62: =ROUND(((($I$10/100)+1)*G62),2) -> #REF! | I62: =TRUNC((H62*F62),2) -> #REF!
A63: 5.5 | B63: SINAPI | C63: 99063 | D63: Locação de rede de água ou esgoto. Af_10/2018 | E63: m | F63: =MEMÓRIA_R.FRANCISCO!B71 -> 126.46 | G63: 4.17 | H63: =ROUND(((($I$10/100)+1)*G63),2) -> #REF! | I63: =TRUNC((H63*F63),2) -> #REF!
A64: 5.6 | B64: SINAPI | C64: 90092 | D64: Escavação mecanizada de vala com prof. Maior que 1,5 m e até 3,0 m(média entre montante e jusante/uma composição por trecho), com escavadeira hidráulica (0,8 m3/111 hp), larg. Menor que 1,5 m, em solo de 1a categoria, locais com baixo nível de interferência. Af_01/2015 | E64: m³ | F64: =MEMÓRIA_R.FRANCISCO!B76 -> 269.29 | G64: 5.41 | H64: =ROUND(((($I$10/100)+1)*G64),2) -> #REF! | I64: =TRUNC((H64*F64),2) -> #REF!
A65: 5.7 | B65: DER-PB | C65: 01.200.04 | D65: Colchao de areia excl.apenas transporte da areia | E65: m³ | F65: =MEMÓRIA_R.FRANCISCO!B83 -> 22.76 | G65: 41.03 | H65: =ROUND(((($I$10/100)+1)*G65),2) -> #REF! | I65: =TRUNC((H65*F65),2) -> #REF!
A66: 5.8 | B66: SINAPI | C66: 93367 | D66: Reaterro mecanizado de vala com escavadeira hidráulica (capacidade da caçamba: 0,8 m³ / potência: 111 hp), largura de 1,5 a 2,5 m, profundidade até 1,5 m, com solo de 1ª categoria em locais com baixo nível de interferência. Af_04/2016 | E66: m³ | F66: =MEMÓRIA_R.FRANCISCO!B91 -> 202.27 | G66: 18.32 | H66: =ROUND(((($I$10/100)+1)*G66),2) -> #REF! | I66: =TRUNC((H66*F66),2) -> #REF!
A67: 5.9 | B67: DER-PB | C67: 04.942.02 | D67: Entrada d'agua tipo EDA-01 | E67: und | F67: =MEMÓRIA_R.FRANCISCO!B95 -> 1 | G67: 83.05 | H67: =ROUND(((($I$10/100)+1)*G67),2) -> #REF! | I67: =TRUNC((H67*F67),2) -> #REF!
A68: 6.0 | B68: SERVIÇOS COMPLEMENTARES (com BDI)............................................................................................................................................. | I68: =ROUND((SUM(I69:I69)),2) -> #REF!
A69: 6.1 | B69: ORSE | C69: 02450 | D69: Limpeza final da obra | E69: m² | F69: =MEMÓRIA_R.FRANCISCO!B100 -> 3594.47 | G69: 2.17 | H69: =ROUND(((($I$10/100)+1)*G69),2) -> #REF! | I69: =ROUND((H69*F69),2) -> #REF!
D71: RUA WALFREDO DE FARIAS CAVALCANTE | I71: =ROUND((I72+I75+I77+I87+I80+I84),2) -> #REF!
A72: 1.0 | B72: PRELIMINARES (com BDI) ....................................................................................................................................................................................................... | I72: =ROUND((SUM(I73:I74)),2) -> #REF!
A73: 1.1 | B73: SINAPI | C73: 99064 | D73: Locação de pavimentação | E73: m | F73: =MEMÓRIA_R.WALFREDO!B13 -> 127 | G73: 0.48 | H73: =ROUND(((($I$10/100)+1)*G73),2) -> #REF! | I73: =ROUND((H73*F73),2) -> #REF!
A74: 1.2 | B74: SINAPI | C74: 97629 | D74: Demolição de lajes, de forma mecanizada com martelete, sem reaproveita mento. Af_12/2017 | E74: m³ | F74: =MEMÓRIA_R.WALFREDO!B18 -> 3.29 | G74: 91.83 | H74: =ROUND(((($I$10/100)+1)*G74),2) -> #REF! | I74: =ROUND((H74*F74),2) -> #REF!
A75: 2.0 | B75: TERRAPLENAGEM (com BDI) .................................................................................................................................................................... | I75: =ROUND((SUM(I76)),2) -> #REF!
A76: 2.1 | B76: SINAPI | C76: 100575 | D76: Regularização de superfícies com motoniveladora. Af_11/2019 | E76: m² | F76: =MEMÓRIA_R.WALFREDO!B25 -> 762 | G76: 0.1 | H76: =ROUND(((($I$10/100)+1)*G76),2) -> #REF! | I76: =ROUND((H76*F76),2) -> #REF!
A77: 3.0 | B77: PAVIMENTAÇÃO (com BDI) ......................................................................................................................................................................... | I77: =ROUND((SUM(I78:I79)),2) -> #REF!
A78: 3.1 | B78: DER/PB | C78: 04.910.05 | D78: Meio-fio de concreto tipo MPC-05 | E78: m | F78: =MEMÓRIA_R.WALFREDO!B32 -> 254 | G78: 26.39 | H78: =ROUND(((($I$10/100)+1)*G78),2) -> #REF! | I78: =ROUND((H78*F78),2) -> #REF!
A79: 3.2 | B79: SINAPI | C79: 101169 | D79: Execução de pavimento em paralelepípedos, rejuntamento com argamassa traço 1:3 (cimento e areia). Af_05/2020 | E79: m² | F79: =MEMÓRIA_R.WALFREDO!B39 -> 762 | G79: 81.6 | H79: =ROUND(((($I$10/100)+1)*G79),2) -> #REF! | I79: =ROUND((H79*F79),2) -> #REF!
A80: 4.0 | B80: CALÇADA E RAMPA DE ACESSIBILIDADE (com BDI) ......................................................................................................................................................................... | I80: =ROUND((SUM(I81:I83)),2) -> #REF!
A81: 4.1 | B81: SINAPI | C81: 94990 | D81: Execução de passeio (calçada) ou piso de concreto com concreto moldado in loco, feito em obra, acabamento convencional, não armado | E81: m³ | F81: =MEMÓRIA_R.WALFREDO!B51 -> 8.91 | G81: 695.65 | H81: =ROUND(((($I$10/100)+1)*G81),2) -> #REF! | I81: =TRUNC((H81*F81),2) -> #REF!
A82: 4.2 | B82: SINAPI | C82: 94990 | D82: Execução de rampa de acessibilidade de concreto com concreto moldado in loco, feito em obra, acabamento convencional, não armado | E82: m³ | F82: =MEMÓRIA_R.WALFREDO!B62 -> 2.47 | G82: =G81 -> 695.65 | H82: =ROUND(((($I$10/100)+1)*G82),2) -> #REF! | I82: =ROUND((H82*F82+0.01),2) -> #REF!
A83: 4.3 | B83: ORSE | C83: 07324 | D83: Piso tátil direcional e/ou alerta, de concreto, colorido, p/deficientes visuais, dimensões 25x25x2,5cm, aplicado com argamassa industrializada ac-ii. | E83: m² | F83: =MEMÓRIA_R.WALFREDO!B81 -> 35.65 | G83: 104.97 | H83: =ROUND(((($I$10/100)+1)*G83),2) -> #REF! | I83: =TRUNC((H83*F83+0.01),2) -> #REF!
A84: 4.0 | B84: SINALIZAÇÃO VIÁRIA (com BDI)............................................................................................................................................................... | I84: =ROUND((SUM(I85:I86)),2) -> #REF!
A85: 4.1 | B85: DER-PB | C85: 06.200.00 | D85: Sinalização vertical, com chapas planas de aço zincado nº16 conformidade com norma abnt nbr 11904:2015, suporte de fixação em secção quadrada de 3" madeira de lei, pintado duas demãos, tinta a base de borracha clorada ou esmalte sintético branco, com fixação, parafusos, arruelas, porcas e elementos metálicos galvanizados, películas reto refletiva tipo III a, em acordo norma nbr 14644/2013 | E85: m² | F85: =MEMÓRIA_R.WALFREDO!B86 -> 1 | G85: 556.73 | H85: =ROUND(((($I$10/100)+1)*G85),2) -> #REF! | I85: =TRUNC((H85*F85),2) -> #REF!
A86: 4.2 | B86: DER-PB | C86: 06.000.02 | D86: Placa esmaltada para identificação nr de rua, dimensões 45x25cm | E86: und | F86: =MEMÓRIA_R.WALFREDO!B91 -> 1 | G86: 784.57 | H86: =ROUND(((($I$10/100)+1)*G86),2) -> #REF! | I86: =ROUND((H86*F86+0.01),2) -> #REF!
A87: 5.0 | B87: SERVIÇOS COMPLEMENTARES (com BDI)............................................................................................................................................. | I87: =ROUND((SUM(I88:I88)),2) -> #REF!
A88: 5.1 | B88: ORSE | C88: 02450 | D88: Limpeza final da obra | E88: m² | F88: =MEMÓRIA_R.WALFREDO!B96 -> 762 | G88: 2.17 | H88: =ROUND(((($I$10/100)+1)*G88),2) -> #REF! | I88: =ROUND((H88*F88),2) -> #REF!
B90: Nota: | C90: SINAPI DESONERADO - Data-base => Novembro/2022
C91: ENCARGOS SOCIAIS DESONERADOS - 85,70% (hora) => 48,17% (mês)
C92: DER-PB - Vigência => julho-setembro/2022
C93: DER - ENCARGOS SOCIAIS DESONERADOS: 100,13%

Sheet MEMÓRIA_R.FRANCISCO
A6: MEMÓRIA DE CÁLCULO
A8: =ORÇAMENTO!D45 -> RUA FRANCISCO JOSÉ CARDOSO
A10: 1.0 | B10: PRELIMINARES
A11: 1.1 | B11: =ORÇAMENTO!D47 -> Placa indicativa de obra
A12: = | B12: 3 | C12: (comprimento)
A13: = | B13: 1.5 | C13: (altura)
A14: = | B14: =B13*B12 -> 4.5
B15: Forma analítica: | D15: 4,00 x 2,50 = 10,00
A17: 1.2 | B17: =ORÇAMENTO!D48 -> Locação de pavimentação
A18: = | B18: =31*20+1.4 -> 621.4 | C18: (extensão)
A19: = | B19: =B18 -> 621.4
B20: Forma analítica: | D20: 621,40 + 17,75 = 639,15
A22: 2.0 | B22: TERRAPLENAGEM
A23: 2.1 | B23: =ORÇAMENTO!D50 -> Regularização de superfícies com motoniveladora. Af_11/2019
A24: = | B24: =3594.47 -> 3594.47 | C24: (área total calculada no autocad - rua tem largura variável)
A25: = | B25: =B24 -> 3594.47
A27: 3.0 | B27: PAVIMENTAÇÃO
A28: 3.1 | B28: =ORÇAMENTO!D52 -> Meio-fio de concreto tipo MPC-05
A29: = | B29: =B19 -> 621.4 | C29: =C18 -> (extensão)
A30: = | B30: 2 | C30: (quantidade de lados)
A31: = | B31: =B29*B30 -> 1242.8
B32: Forma analítica: | D32: 621,40 x 2,00 = 1.242,80
A34: 3.2 | B34: Revestimento em paralelepípedo inclusive colchão areia
A35: = | B35: área total a ser pavimentada
A36: = | B36: =B24 -> 3594.47 | C36: =C24 -> (área total calculada no autocad - rua tem largura variável)
A37: = | B37: =B36 -> 3594.47
A39: 3.3 | B39: Forn. e aplicação de meio-fio em pedra granítica para cordão de travamento do final da pavimentação
A40: = | B40: 6 | C40: (cordão para travamento de ruas com largura de 6,00 metros)
A41: = | B41: 3 | C41: (quantidade)
A42: = | B42: 7 | C42: (cordão para travamento de ruas com largura de 7,00 metros)
A43: = | B43: 7 | C43: (quantidade)
A44: = | B44: =B40*B41+B42*B43 -> 67
B45: Forma analítica: | D45: 3,00 x 6,00 + 7,00 x 7,00 = 67,00
A47: 4.0 | B47: SINALIZAÇÃO VIÁRIA
A48: 4.1 | B48: Placa de sinalização totalmente refletiva, tipo R-1, com a indicação PARE
A49: = | B49: 4 | C49: (quantidade)
A50: = | B50: 4
A52: 4.2 | B52: Placa indicativa de logradouro
A53: = | B53: quantidades de placas
A54: = | B54: 1 | C54: (quantidade de placas)
A55: = | B55: =B54 -> 1
A57: 5.0 | B57: DRENAGEM
A58: 5.1 | B58: Poço de visita
A59: = | B59: 1 | C59: (quantidade)
A61: 5.2 | B61: Boca de lobo
A62: = | B62: 1 | C62: (quantidade)
A64: 5.3 | B64: Ponta de ala
A65: = | B65: 1 | C65: (quantidade)
A67: 5.4 | B67: Rede coletora
A68: = | B68: 126.46 | C68: (extensão)
A70: 5.5 | B70: Locação da rede
A71: = | B71: =B68 -> 126.46 | C71: =C68 -> (extensão)
A73: 5.6 | B73: Escavação mecanizada de vala
A74: = | B74: 224.41 | C74: (área - perfil longitudinal)
A75: = | B75: 1.2 | C75: (largura)
A76: = | B76: =B74*B75 -> 269.29
B77: Forma analítica: | D77: 224,41 x 1,20 = 269,29
A79: 5.7 | B79: Colchão de areia
A80: = | B80: =B71 -> 126.46 | C80: =C71 -> (extensão)
A81: = | B81: =B75 -> 1.2 | C81: (largura)
A82: = | B82: 0.15 | C82: (espessura)
A83: = | B83: =B80*B81*B82 -> 22.76
B84: Forma analítica: | D84: 126,46 x 1,20 x 0,15 = 22,76
A86: 5.8 | B86: Reaterro mecanizado de vala
A87: = | B87: =B76 -> 269.29 | C87: (volume de escavação)
A88: = | B88: =B83 -> 22.76 | C88: (volume do colchão de areia)
A89: = | B89: 0.35 | C89: (área do tubo)
A90: = | B90: =B80 -> 126.46 | C90: =C80 -> (extensão)
A91: = | B91: =B87-B88-(B89*B90) -> 202.27 | C91: (quantidade)
B92: Forma analítica: | D92: 269,29 - 22,76 - (0,35 x 126,46) = 202,27
A94: 5.9 | B94: Entrada d'agua tipo EDA-01
A95: = | B95: 1 | C95: (quantidade)
A97: 6.0 | B97: SERVIÇOS COMPLEMENTARES
A98: 6.1 | B98: =ORÇAMENTO!D74 -> Demolição de lajes, de forma mecanizada com martelete, sem reaproveita mento. Af_12/2017
A99: = | B99: área total da obra
A100: = | B100: =B25 -> 3594.47

Sheet MEMÓRIA_R.WALFREDO
A6: MEMÓRIA DE CÁLCULO
A8: =ORÇAMENTO!D71 -> RUA WALFREDO DE FARIAS CAVALCANTE
A10: 1.0 | B10: PRELIMINARES
A11: 1.1 | B11: =ORÇAMENTO!D48 -> Locação de pavimentação
A12: = | B12: 127 | C12: (extensão)
A13: = | B13: =B12 -> 127
A15: 1.2 | B15: =ORÇAMENTO!D74 -> Demolição de lajes, de forma mecanizada com martelete, sem reaproveita mento. Af_12/2017
A16: = | B16: =39.12+7.85 -> 46.97 | C16: (área da calçada existente)
A17: = | B17: 0.07 | C17: (espessura)
A18: = | B18: =B16*B17 -> 3.29
B19: Forma analítica: | D19: 46,97 x 0,07 = 3,29
A21: 2.0 | B21: TERRAPLENAGEM
A22: 2.1 | B22: =ORÇAMENTO!D50 -> Regularização de superfícies com motoniveladora. Af_11/2019
A23: = | B23: =B12 -> 127 | C23: =C12 -> (extensão)
A24: = | B24: 6 | C24: (largura)
A25: = | B25: =B23*B24 -> 762
B26: Forma analítica: | D26: 127,00 x 6,00 = 762,00
A28: 3.0 | B28: PAVIMENTAÇÃO
A29: 3.1 | B29: =ORÇAMENTO!D52 -> Meio-fio de concreto tipo MPC-05
A30: = | B30: =B13 -> 127 | C30: =C12 -> (extensão)
A31: = | B31: 2 | C31: (quantidade de lados)
A32: = | B32: =B30*B31 -> 254
B33: Forma analítica: | D33: 127,00 x 2,00 = 254,00
A35: 3.2 | B35: Revestimento em paralelepípedo inclusive colchão areia
A36: = | B36: área total a ser pavimentada
A37: = | B37: =B23 -> 127 | C37: =C23 -> (extensão)
A38: = | B38: =B24 -> 6 | C38: =C24 -> (largura)
A39: = | B39: =B37*B38 -> 762
B40: Forma analítica: | D40: 127,00 x 6,00 = 762,00
A42: 4.2 | B42: CALÇADA E RAMPA DE ACESSIBILIDADE
A43: 4.1 | B43: Piso (calçada) em concreto de 12MPa
A44: = | B44: Volume total de calçada
A45: = | B45: =B12 -> 127 | C45: =C12 -> (extensão)
A46: = | B46: 1.5 | C46: (largura)
A47: = | B47: 0.12 | C47: (espessura do meio-fio)
A48: = | B48: =B59 -> 48 | C48: (área da rampa de acessibilidade - item 4.2)
A49: = | B49: =(B45*(B46-B47))-B48 -> 127.26 | C49: ( área da calçada)
A50: = | B50: 0.07 | C50: (espessura da calçada)
A51: = | B51: =ROUND((B50*B49),2) -> 8.91
B52: Forma analítica: | D52: [127,00 x (1,50 - 0,12)] - 48,00 = 127,26 x 0,07 = 8,91
A54: 4.2 | B54: Piso (calçada) em concreto de 12MPa para rampa de acessibilidade
A55: = | B55: Volume total de rampa
A56: = | B56: 8 | C56: (extensão)
A57: = | B57: 1.5 | C57: (largura da calçada)
A58: = | B58: 4 | C58: (quantidade de rampas)
A59: = | B59: =ROUND((B56*B57)*B58,2) -> 48 | C59: ( área das rampas)
A60: = | B60: 0.07 | C60: (espessura de concreto)
A61: = | B61: =ROUND((B81*0.025),2) -> 0.89 | C61: (volume do piso tátil)
A62: = | B62: =ROUND((B60*B59-B61),2) -> 2.47
B63: Forma analítica: | D63: 8,00 x 1,20 x 4,00 = 48,00 x 0,07 - 0,89 = 2,47
A65: 4.3 | B65: Piso tátil direcional e/ou alerta, de concreto, natural, p/deficientes visuais, dimensões 25x25x2,5cm.
B67: Nas rampas:
A68: = | B68: 0.25 | C68: (largura)
A69: = | B69: 3.9 | C69: (comprimento)
A70: = | B70: =B58 -> 4 | C70: (quantidade de rampas)
A71: = | B71: =ROUND((B69*B68)*B70,2) -> 3.9
B72: Forma analítica: | D72: 0,25 x 3,90 x 4,00 = 3,90
B74: No comprimento das calçadas:
A75: = | B75: 0.25 | C75: (largura)
A76: = | B76: =B45 -> 127 | C76: =C45 -> (extensão)
A77: = | B77: =B75*B76 -> 31.75
B78: Forma analítica: | D78: 0,25 x 127,00 = 31,75
B80: Área total
A81: = | B81: =B71+B77 -> 35.65
A83: 5.0 | B83: SINALIZAÇÃO VIÁRIA
A84: 5.1 | B84: Placa de sinalização totalmente refletiva, tipo R-1, com a indicação PARE
A85: = | B85: 1 | C85: (quantidade)
A86: = | B86: =B85 -> 1
A88: 5.2 | B88: Placa indicativa de logradouro
A89: = | B89: quantidades de placas
A90: = | B90: 1 | C90: (quantidade de placas)
A91: = | B91: =B90 -> 1
A93: 6.0 | B93: SERVIÇOS COMPLEMENTARES
A94: 6.1 | B94: =ORÇAMENTO!D69 -> Limpeza final da obra
A95: = | B95: área total da obra
A96: = | B96: =B39 -> 762

Sheet CCU
C7: Nº OPERAÇÃO: 1052738-43 SISCONV: 866700
B8: DESCRIÇÃO: PAVIMENTAÇÃO DA RUA FRANCISCO JOSÉ CARDOSO E RUA WALFREDO DE FARIAS CAVALCANTE
A10: COMPOSIÇÃO DE CUSTO UNITÁRIO
B12: CCU 01 - Ponta de ala em concreto ciclópico, para tubos de concreto (simples) d=0.40 à 0.60 m
B13: Código | C13: Descrição do Serviço | G13: Unidade
B14: 03444/ORSE | C14: Ponta de ala em concreto ciclópico, para tubos de concreto (simples) d=0.40 à 0.60 m | G14: un
B15: Composição de Preço
B16: Código | C16: Descrição da Composição | D16: Unid | E16: Quant | F16: Custo Unit. (R$) | G16: Custo Total (R$)
B17: 88309/SINAPI | C17: Pedreiro com encargos complementares | D17: h | E17: 1.5 | F17: 19.45 | G17: =F17*E17 -> 29.18
B18: 04722/SINAPI | C18: Pedra britada n. 3 (38 a 50 mm) posto pedreira/fornecedor, sem frete | D18: m³ | E18: 0.324 | F18: 112.76 | G18: =F18*E18 -> 36.53
B19: 102727/SINAPI | C19: Fabricação, montagem e desmontagem de fôrma para boca para bueiro, em chapa de madeira compensada resinada, e = 17 mm, 2 utilizações. Af_07/2021. | D19: m² | E19: 8.666 | F19: 77.36 | G19: =F19*E19 -> 670.4
B20: 102487/SINAPI | C20: Concreto ciclópico fck = 15mpa, 30% pedra de mão em volume real, inclusive lançamento. Af_05/2021. | D20: m³ | E20: 1.238 | F20: 512.69 | G20: =F20*E20 -> 634.71
B21: VALOR TOTAL (R$) | G21: =SUM(G17:G20) -> 1370.82

Sheet Planilha CT Original
C6: Nº OPERAÇÃO: 1052738-43 SISCONV: 866700
C7: DESCRIÇÃO: PAVIMENTAÇÃO DA RUA FRANCISCO JOSÉ CARDOSO E RUA WALFREDO DE FARIAS CAVALCANTE
A9: QUANTITATIVOS E ORÇAMENTO BÁSICO
H10: BDI (%): | I10: =ROUND((#REF!)*100,2) -> #REF!
A12: ITEM | B12: FONTE | C12: CÓD. | D12: DISCRIMINAÇÃO | E12: UNID. | F12: QUANT. | G12: P. UNIT. SEM BDI (R$) | H12: P. UNIT. COM BDI (R$) | I12: SUB-TOTAL (R$)
D14: RUA VEREADOR FIRMINO CAETANO | I14: =I15+I17+I19+I23+I27 -> 92922.51
A15: 1.0 | B15: SERVIÇOS PRELIMINARES (com BDI) ....................................................................................................................................................................................................... | I15: =ROUND((SUM(I16:I16)),2) -> 646.76
A16: 1.1 | D16: Serviços topográficos para pavimentação, inclusive nota de serviços, acompanhamento e greide | E16: m² | F16: 1702 | H16: 0.38 | I16: =ROUND((H16*F16),2) -> 646.76
A17: 2.0 | B17: MOVIMENTO DE TERRA (com BDI) .................................................................................................................................................................... | I17: =ROUND((SUM(I18)),2) -> 2365.78
A18: 2.1 | B18: SINAPI | C18: 100575 | D18: Regularização e compactação do subleito até 20 cm de espessura | E18: m² | F18: 1702 | H18: 1.39 | I18: =ROUND((H18*F18),2) -> 2365.78
A19: 3.0 | B19: PAVIMENTAÇÃO (com BDI) ......................................................................................................................................................................... | I19: =ROUND((SUM(I20:I22)),2) -> 89010.38
A20: 3.1 | B20: DER/PB | C20: 04.910.05 | D20: Assentamento de guia (meio-fio) em trecho reto, confeccionada em concreto pré-fabricado, dimensões 100x15x13x30 cm (comprimento x base inferior x base superior x altura), para vias urbanas (uso viário) | E20: m | F20: 390 | H20: 30.84 | I20: =ROUND((H20*F20),2) -> 12027.6
A21: 3.2 | B21: SINAPI | C21: 101169 | D21: Revestimento em paralelepipedo inc.colchao areia | E21: m² | F21: 1702 | H21: 44.87 | I21: =ROUND((H21*F21),2) -> 76368.74
A22: 3.3 | B22: DER/PB | C22: 04.910.02 | D22: Forn. e aplicacao de meio fio em pedra granitica (Cordão de travamento) | E22: m | F22: 42 | H22: 14.62 | I22: =ROUND((H22*F22),2) -> 614.04
A23: 4.0 | B23: RAMPAS DE ACESSIBILIDADE (com BDI)............................................................................................................................................................... | I23: =ROUND((SUM(I24:I26)),2) -> 0
A24: 4.1 | B24: DER-PB | C24: 06.200.00 | D24: Concreto fck = 15mpa, traço 1:3,4:3,5 (cimento/ areia média/ brita 1) - preparo mecânico com betoneira 400 l. | E24: m² | F24: =MEMÓRIA_R.FRANCISCO!B7 -> 0 | H24: 302.23 | I24: =ROUND((H24*F24),2) -> 0
D25: Lançamento/aplicação manual de concreto em fundações | F25: 0 | H25: 102.63 | I25: =ROUND((H25*F25),2) -> 0
D26: Piso podotátil em placa cimentícia, assentado com argamassa em rampa do passeio público | F26: 0 | H26: 33.84 | I26: =ROUND((H26*F26),2) -> 0
A27: 6.0 | B27: DIVERSOS (com BDI)............................................................................................................................................. | I27: =ROUND((SUM(I28:I32)),2) -> 899.59
D28: Placa esmaltada para identificação nr de Rua, dimensões 45x25cm | F28: 2 | H28: 100.49 | I28: =ROUND((H28*F28),2) -> 200.98
D29: Caiação de meio-fio | F29: 97.5 | H29: 1.23 | I29: =ROUND((H29*F29),2) -> 119.93
D30: Confecção de placa em aço nº 16 galvanizado, com película retrorrefletiva tipo I + III | F30: 0 | H30: 295.73 | I30: =ROUND((H30*F30),2) -> 0
D31: Fornecimento e implantação de suporte e travessa para placa de sinalização em madeira de lei tratada 8 x 8 cm (h = 3,00m) | F31: 0 | H31: 123.16 | I31: =ROUND((H31*F31),2) -> 0
A32: 6.1 | B32: ORSE | C32: 02450 | D32: Limpeza final de obra | E32: m² | F32: 1702 | H32: 0.34 | I32: =ROUND((H32*F32),2) -> 578.68
D34: RUA LOPES RIBEIRO | I34: =I35+I37+I39+I43+I47 -> 92673.68
A35: 1.0 | B35: SERVIÇOS PRELIMINARES (com BDI) ....................................................................................................................................................................................................... | I35: =ROUND((SUM(I36:I36)),2) -> 644.48
A36: 1.1 | D36: Serviços topográficos para pavimentação, inclusive nota de serviços, acompanhamento e greide | E36: m² | F36: 1696 | H36: 0.38 | I36: =ROUND((H36*F36),2) -> 644.48
A37: 2.0 | B37: MOVIMENTO DE TERRA (com BDI) .................................................................................................................................................................... | I37: =ROUND((SUM(I38)),2) -> 2357.44
A38: 2.1 | B38: SINAPI | C38: 100575 | D38: Regularização e compactação do subleito até 20 cm de espessura | E38: m² | F38: 1696 | H38: 1.39 | I38: =ROUND((H38*F38),2) -> 2357.44
A39: 3.0 | B39: PAVIMENTAÇÃO (com BDI) ......................................................................................................................................................................... | I39: =ROUND((SUM(I40:I42)),2) -> 88773.6
A40: 3.1 | B40: DER/PB | C40: 04.910.05 | D40: Assentamento de guia (meio-fio) em trecho reto, confeccionada em concreto pré-fabricado, dimensões 100x15x13x30 cm (comprimento x base inferior x base superior x altura), para vias urbanas (uso viário) | E40: m | F40: 392 | H40: 30.84 | I40: =ROUND((H40*F40),2) -> 12089.28
A41: 3.2 | B41: SINAPI | C41: 101169 | D41: Revestimento em paralelepipedo inc.colchao areia | E41: m² | F41: 1696 | H41: 44.87 | I41: =ROUND((H41*F41),2) -> 76099.52
A42: 3.3 | B42: DER/PB | C42: 04.910.02 | D42: Forn. e aplicacao de meio fio em pedra granitica (Cordão de travamento) | E42: m | F42: 40 | H42: 14.62 | I42: =ROUND((H42*F42),2) -> 584.8
A43: 4.0 | B43: RAMPAS DE ACESSIBILIDADE (com BDI)............................................................................................................................................................... | I43: =ROUND((SUM(I44:I46)),2) -> 0
A44: 4.1 | B44: DER-PB | C44: 06.200.00 | D44: Concreto fck = 15mpa, traço 1:3,4:3,5 (cimento/ areia média/ brita 1) - preparo mecânico com betoneira 400 l. | E44: m² | F44: 0 | H44: 302.23 | I44: =ROUND((H44*F44),2) -> 0
D45: Lançamento/aplicação manual de concreto em fundações | F45: 0 | H45: 102.63 | I45: =ROUND((H45*F45),2) -> 0
D46: Piso podotátil em placa cimentícia, assentado com argamassa em rampa do passeio público | F46: 0 | H46: 33.84 | I46: =ROUND((H46*F46),2) -> 0
A47: 6.0 | B47: DIVERSOS (com BDI)............................................................................................................................................. | I47: =ROUND((SUM(I48:I52)),2) -> 898.16
D48: Placa esmaltada para identificação nr de Rua, dimensões 45x25cm | F48: 2 | H48: 100.49 | I48: =ROUND((H48*F48),2) -> 200.98
D49: Caiação de meio-fio | F49: 98 | H49: 1.23 | I49: =ROUND((H49*F49),2) -> 120.54
D50: Confecção de placa em aço nº 16 galvanizado, com película retrorrefletiva tipo I + III | F50: 0 | H50: 295.73 | I50: =ROUND((H50*F50),2) -> 0
D51: Fornecimento e implantação de suporte e travessa para placa de sinalização em madeira de lei tratada 8 x 8 cm (h = 3,00m) | F51: 0 | H51: 123.16 | I51: =ROUND((H51*F51),2) -> 0
A52: 6.1 | B52: ORSE | C52: 02450 | D52: Limpeza final de obra | E52: m² | F52: 1696 | H52: 0.34 | I52: =ROUND((H52*F52),2) -> 576.64
D54: RUA ANTÔNIO PESSOA DE VASCONCELOS | I54: =I55+I57+I59+I63+I67 -> 92701.87
A55: 1.0 | B55: SERVIÇOS PRELIMINARES (com BDI) ....................................................................................................................................................................................................... | I55: =ROUND((SUM(I56:I56)),2) -> 644.77
A56: 1.1 | D56: Serviços topográficos para pavimentação, inclusive nota de serviços, acompanhamento e greide | E56: m² | F56: 1696.75 | H56: 0.38 | I56: =ROUND((H56*F56),2) -> 644.77
A57: 2.0 | B57: MOVIMENTO DE TERRA (com BDI) .................................................................................................................................................................... | I57: =ROUND((SUM(I58)),2) -> 2358.48
A58: 2.1 | B58: SINAPI | C58: 100575 | D58: Regularização e compactação do subleito até 20 cm de espessura | E58: m² | F58: 1696.75 | H58: 1.39 | I58: =ROUND((H58*F58),2) -> 2358.48
A59: 3.0 | B59: PAVIMENTAÇÃO (com BDI) ......................................................................................................................................................................... | I59: =ROUND((SUM(I60:I62)),2) -> 88800.27
A60: 3.1 | B60: DER/PB | C60: 04.910.05 | D60: Assentamento de guia (meio-fio) em trecho reto, confeccionada em concreto pré-fabricado, dimensões 100x15x13x30 cm (comprimento x base inferior x base superior x altura), para vias urbanas (uso viário) | E60: m | F60: 391.75 | H60: 30.84 | I60: =ROUND((H60*F60),2) -> 12081.57
A61: 3.2 | B61: SINAPI | C61: 101169 | D61: Revestimento em paralelepipedo inc.colchao areia | E61: m² | F61: 1696.75 | H61: 44.87 | I61: =ROUND((H61*F61),2) -> 76133.17
A62: 3.3 | B62: DER/PB | C62: 04.910.02 | D62: Forn. e aplicacao de meio fio em pedra granitica (Cordão de travamento) | E62: m | F62: 40.05 | H62: 14.62 | I62: =ROUND((H62*F62),2) -> 585.53
A63: 4.0 | B63: RAMPAS DE ACESSIBILIDADE (com BDI)............................................................................................................................................................... | I63: =ROUND((SUM(I64:I66)),2) -> 0
A64: 4.1 | B64: DER-PB | C64: 06.200.00 | D64: Concreto fck = 15mpa, traço 1:3,4:3,5 (cimento/ areia média/ brita 1) - preparo mecânico com betoneira 400 l. | E64: m² | F64: 0 | H64: 302.23 | I64: =ROUND((H64*F64),2) -> 0
D65: Lançamento/aplicação manual de concreto em fundações | F65: 0 | H65: 102.63 | I65: =ROUND((H65*F65),2) -> 0
D66: Piso podotátil em placa cimentícia, assentado com argamassa em rampa do passeio público | F66: 0 | H66: 33.84 | I66: =ROUND((H66*F66),2) -> 0
A67: 6.0 | B67: DIVERSOS (com BDI)............................................................................................................................................. | I67: =ROUND((SUM(I68:I72)),2) -> 898.35
D68: Placa esmaltada para identificação nr de Rua, dimensões 45x25cm | F68: 2 | H68: 100.49 | I68: =ROUND((H68*F68),2) -> 200.98
D69: Caiação de meio-fio | F69: 97.94 | H69: 1.23 | I69: =ROUND((H69*F69),2) -> 120.47
D70: Confecção de placa em aço nº 16 galvanizado, com película retrorrefletiva tipo I + III | F70: 0 | H70: 295.73 | I70: =ROUND((H70*F70),2) -> 0
D71: Fornecimento e implantação de suporte e travessa para placa de sinalização em madeira de lei tratada 8 x 8 cm (h = 3,00m) | F71: 0 | H71: 123.16 | I71: =ROUND((H71*F71),2) -> 0
A72: 6.1 | B72: ORSE | C72: 02450 | D72: Limpeza final de obra | E72: m² | F72: 1696.75 | H72: 0.34 | I72: =ROUND((H72*F72),2) -> 576.9
B75: Nota: | C75: SINAPI DESONERADO - Data-base => Novembro/2022
C76: ENCARGOS SOCIAIS DESONERADOS - 85,70% (hora) => 48,17% (mês)
C77: DER-PB - Vigência => julho-setembro/2022
C78: DER - ENCARGOS SOCIAIS DESONERADOS: 100,13%

Sheet Maria Livramento - T1
A1: ESTADO DA PARAIBA
A2: ='[2]Planilha Global'!A2 -> PREFEITURA MUNICIPAL DE MAMANGUAPE | G2: Extensão da rua | H2: 131.22
A4: Memória de Cálculos - Pavimentação | H4: largura | I4: comprimento | J4: área | K4: meio-fio | L4: descidas drenagem | M4: rampas | N4: largura rampa
A6: Rua Maria Livramento P. Lima (Trecho 01) | H6: =(7.58+5.82)/2 -> 6.7 | I6: 29.96 | J6: =H6*I6 -> 200.73
A7: Cálculo da área de pavimentação: | H7: =(5.82+5.71)/2 -> 5.765 | I7: 38.25 | J7: =H7*I7 -> 220.51
A8: Trecho 01 - E0 à E1+10 (trapézio) | C8: Trecho 02 - E1+10 à E3+8,21 (trapézio) | H8: =(5.71+5.55)/2 -> 5.63 | I8: 34.21 | J8: =H8*I8 -> 192.6 | K8: =29.96+29.98+10.37+12.67+9.31+7.97+8.09+21.49+9.42+9.43+12.76+34.81+6.71+5.34+2.35+7.78+25.41+18.63 -> 262.48 | L8: =5.68+4.08+6.31+26.94+12.7+10.5+13.15+2.22+7.65+20.38+25.33+25.4+36.7+29.26+18.73+19.08+9.01+14.58+11.42+7.25+4.36+26.66+12.33+10.58+14.04+3.07+7.89+20.45+25.67+25.67+37.03+29.56+19.1+18.96+8.89+14.81+11.96 -> 597.4 | M8: 4 | N8: 1.2
A9: Comprimento: 29,96m | C9: Comprimento: 38,25m | H9: =(5.55+5.9)/2 -> 5.725 | I9: 2.32 | J9: =H9*I9 -> 13.28 | L9: =2.43+3.39+2.31+2.97+2.01+3.07 -> 16.18
A10: Largura inicial: 7,58m / largura final: 5,82m | C10: Largura inicial: 5,82m / largura final: 5,71m | H10: 5.9 | I10: 7.79 | J10: =H10*I10 -> 45.96
A11: A = (7,58 + 5,82) x 29,96 / 2 = 200,73m² | C11: A = (5,82 + 5,71) x 38,25 / 2 = 220,51m² | H11: =(5.9+6.9)/2 -> 6.4 | I11: 18.69 | J11: =H11*I11 -> 119.62
J12: =SUM(J6:J11) -> 792.7
A13: Trecho 03 - E3+8,21 à E5+2,42 (trapézio) | C13: Trecho 04 - E5+2,42 à E5+4,74 (trapézio)
A14: Comprimento: 34,21m | C14: Comprimento: 2,32m
A15: Largura inicial: 5,71m / largura final: 5,55m | C15: Largura inicial: 5,55m / largura final: 5,90m
A16: A = (5,71 + 5,55) x 34,21 / 2 = 192,60m² | C16: A = (5,55 + 5,90) x 2,32 / 2 = 13,28m²
A18: Trecho 05 - E5+4,74 à E5+12,53 (retângulo) | C18: Trecho 06 - E5+12,53 à E6+11,22 (trapézio)
A19: Comprimento: 7,79m | C19: Comprimento: 18,69m
A20: Largura: 5,90m | C20: Largura inicial: 5,90m / largura final: 6,90m
A21: A = 7,79 x 5,90 = 45,96m² | C21: A = (5,90 + 6,90) x 18,69 / 2 = 119,62m²
A23: 1.0 > Serviços Preliminares:
A24: 1.1 | B24: > Placa indicativa da obra em chapa de aço galvanizado: A = (4,00m x 2,00m) = 8,00m² | E24: =4*2 -> 8 | F24: m²
A26: 1.2 | B26: > Locação de pavimentação Estaqueamento (E0 à E6+11,22) : 131,22m | E26: =H2 -> 131.22 | F26: m
A28: 2.0 > Movimento de Terra: | J28: =SUM(J8:J17) -> 1164.16
A29: 2.1 | B29: > Regularização e compactação de sub-leito até 20cm de espessura A = 200,73 + 220,51 + 192,60 + 13,28 + 45,96 + 119,62 = 792,70m² | E29: =J12 -> 792.7 | F29: m²
A31: 3.0 > Pavimentação: | J31: =SUM(J11:J17) -> 912.32
A32: 3.1 | B32: > Assentamento de guia (meio-fio) em trecho reto, confeccionada em concreto pré-fabricado, dimensões 100x15x13x30 cm (comprimento x base inferior x base superior x altura), para vias urbanas (uso viário) Comprimento de meio-fio: C = 29,96 + 29,98 + 10,37 + 12,67 + 9,31 + 7,97 + 8,09 + 21,49 + 9,42 + 9,43 + 12,76 + 34,81 + 6,71 + 5,34 + 2,35 + 7,78 + 25,41 + 18,63 = 262,48m | E32: =K8 -> 262.48 | F32: m
A34: 3.2 | B34: > Execução de pavimento em paralelepípedo inclusive colchão de areia rejuntado no traço 1:3 (Cimento e areia) A = 200,73 + 220,51 + 192,60 + 13,28 + 45,96 + 119,62 = 792,70m² | E34: =E29 -> 792.7 | F34: m²
A36: 3.3 | B36: > Assentamento de guia (meio-fio) para cordão de travamento do pavimento, em pedra granítica Para travamento do início e fim do pavimento: C = 7,58 + 6,90 = 14,48m | E36: =7.58+6.9 -> 14.48 | F36: m
A38: 4.0 > Passeios (calçadas)
A39: 4.1 | B39: > Alvenaria de blocos cerâmicos furados na horizontal de 9x19x19 cm (espessura 9 cm) e argamassa de assentamento com preparo manual (para contenção das calçadas) A = (1,20 + 1,20 + 29,94 + 30,04 + 2,78 + 9,31 + 9,44 + 34,80 + 6,71 + 5,24 + 2,34 + 18,56 + 1,20 + 1,20) x 0,20 = 153,96m x 0,20m = 30,79m² | E39: =H39 -> 30.79 | F39: m² | G39: =1.2+1.2+29.94+30.04+2.78+9.31+9.44+34.8+6.71+5.24+2.34+18.56+1.2+1.2 -> 153.96 | H39: =G39*0.2 -> 30.79
A41: 4.2 | B41: > Execução de passeio (calçada) em concreto moldado in loco, feito em obra, acabamento convencional, não armado, espessura 6 cm Obs.: excluindo-se área de rampas, espessuras do meio-fio e volume do piso tátil V = (29,96 + 29,98 + 10,37 + 12,67 + 9,31 + 7,97 + 8,09 + 21,49 + 9,42 + 9,43 + 12,76 + 34,81 + 6,71 + 5,34 + 2,35 + 7,78 + 25,41 + 18,63) x 1,20 = 314,98m² - 36,00m² = 278,98m² x 0,06m = 16,74m³ Desconto do volume do piso tátil nas calçadas: V = (9,22 + 9,52 + 12,96 + 13,24 + 10,37 + 12,65 + 7,97 + 9,32 + 12,78 + 21,47 + 1,19 + 3,63 + 4,00 + 0,84 + 4,68 + 12,76 + 34,81 + 12,00 + 2,34 + 7,82 + 6,11 + 0,39 + 3,27 + 3,34 + 7,77 + 7,99) x 0,20 x 0,02 = 232,44 x 0,20 x 0,02 = 0,93m³ Total: V = 16,74 - 0,93 = 15,81m³ | E41: =M41 -> 15.81 | F41: m³ | G41: =(29.96+29.98+10.37+12.67+9.31+7.97+8.09+21.49+9.42+9.43+12.76+34.81+6.71+5.34+2.35+7.78+25.41+18.63)*1.2 -> 314.98 | H41: =G41-E52 -> 278.98 | J41: =H41*0.06 -> 16.74 | K41: =9.22+9.52+12.96+13.24+10.37+12.65+7.97+9.32+12.78+21.47+1.19+3.63+4+0.84+4.68+12.76+34.81+12+2.34+7.82+6.11+0.39+3.27+3.34+7.77+7.99 -> 232.44 | L41: =K41*0.2*0.02 -> 0.93 | M41: =J41-L41 -> 15.81
A43: 4.3 | B43: > Piso tátil direcional e/ou alerta, de concreto, na cor natural, para deficientes visuais, dimensões 20x20cm, aplicado com argamassa industrializada ac-ii Será a área referente ao desconto do piso tátil das calçadas, cujo somatório do comprimento foi calculado no item anterior: A = 232,44 x 0,20 = 46,49m² | E43: =G43 -> 46.49 | F43: m² | G43: =K41*0.2 -> 46.49
A45: 5.0 > Rampas de Acessibilidade
A46: 5.1 | B46: > Concreto Fck = 15MPa, traço 1:3,4:3,5 (em massa seca de cimento/ areia média/ brita 1) - preparo mecânico com betoneira 400 L V = (7,50 x 1,20) x 4 = 36,00m² x 0,06m = 2,16m³ Desconto do volume do piso tátil nas rampas: V = [(1,20 x 2 + 1,50 x 1) x 4] x 0,20 x 0,02 = 0,06m³ Total: V = 2,16 - 0,06 = 2,10m³ | E46: =K46 -> 2.1 | F46: m³ | G46: =7.5*N8*M8*0.06 -> 2.16 | H46: =(1.2*2+1.5)*M8 -> 15.6 | J46: =H46*0.2*0.02 -> 0.06 | K46: =G46-J46 -> 2.1 | N46: =(7.5*1.2)*7+5.75+6.31+5.25+6.11+5.71+5.24+5.25+7.18+7.07+5.2+5.25+5.15 -> 132.47 | O46: =N46*0.06 -> 7.95 | P46: =(1.2*3*7+1.05+2.42+1.05+4.76+1.42/2+2+1.05+3+1.05+2.66+1.05+2.01+1.05+3+1.05+1.05+1.05+1.05+1.05+1.05+1.05+2+1.05+2+1.05+2+0.99) -> 68.5 | Q46: =P46*0.2*0.02 -> 0.27 | R46: =P46*0.2 -> 13.7
A48: 5.2 | B48: > Lançamento com uso de baldes, adensamento e acabamento de concreto em estruturas V = (7,50 x 1,20) x 4 = 36,00m² x 0,06m = 2,16m³ Desconto do volume do piso tátil nas rampas: V = [(1,20 x 2 + 1,50 x 1) x 4] x 0,20 x 0,02 = 0,06m³ Total: V = 2,16 - 0,06 = 2,10m³ | E48: =E46 -> 2.1 | F48: m³
A50: 5.3 | B50: > Piso tátil direcional e/ou alerta, de concreto, na cor natural, para deficientes visuais, dimensões 20x20cm, aplicado com argamassa industrializada ac-ii Rampas: A = [(1,20 x 2 + 1,50 x 1) x 4] x 0,20 = 3,12m² | E50: =G50 -> 3.12 | F50: m² | G50: =(N8*2+1.5)*M8*0.2 -> 3.12
A52: 5.4 | B52: > Pintura de piso com tinta acrílica, aplicação manual, 2 demãos, incluso fundo preparador A = (7,50 x 1,20) x 4 = 36,00m² | E52: =G52 -> 36 | F52: m² | G52: =7.5*N8*M8:M8 -> 36
A54: 6.0 > Sinalização
A55: 6.1 | B55: > Fornecimento e instalação de suporte de madeira para placas de sinalização, em solo, com h= de 2,0 m e seção de 7,5 x 7,5 cm Quantidade = 2 und | E55: 2 | F55: unid
A57: 6.2 | B57: > Placa de advertência em aço, lado de 0,60 m - película retrorrefletiva tipo I + SI, para sinalização vertical - fornecimento e implantação Quantidade = 2 und | E57: 2 | F57: unid
A59: 7.0 > Serviços Complementares
A60: 7.1 | B60: > Pintura de meio-fio com tinta branca a base de cal A = 262,48 x (0,15 + 0,13) = 73,49m² | E60: =E32*(0.15+0.13) -> 73.49 | F60: m² | H60: =#REF!*0.28 -> #REF!
A62: 7.2 | B62: > Placa esmaltada para identificação do nome da rua (45,00 x 20,00 cm): Q = 1 und | E62: 1 | F62: unid | H62: 3.9 | I62: 216
A64: 7.3 | B64: > Fornecimento e instalação de suporte de madeira para placas de identificação de rua, em solo, com h= de 2,0 m e seção de 7,5 x 7,5 cm Quantidade = 1 und | E64: 1 | F64: unid
A66: ESTADO DA PARAIBA
A67: =A2 -> PREFEITURA MUNICIPAL DE MAMANGUAPE
A69: Planilha Orçamentária Individual - Pavimentação
A70: =A6 -> Rua Maria Livramento P. Lima (Trecho 01)
A72: Item | B72: Discriminação dos Serviços | C72: Unid. | D72: Quant. | E72: Preço
E73: Unitário | F73: Total
A74: 1.0 | B74: Serviços Preliminares | F74: =SUM(F75:F76) -> 4813.6
A75: 1.1 | B75: ='Planilha Global'!B10 -> Fornecimento e instalação de placa de obra com chapa galvanizada e estrutura de madeira | C75: m² | D75: =E24 -> 8 | E75: ='Planilha Global'!N10 -> 592.35 | F75: =ROUND(D75,2)*ROUND(E75,2) -> 4738.8 | G75: =ROUND(D75,2)*ROUND(E75,2) -> 4738.8 | J75: =N75*O74 -> 0 | N75: 160.63 | O75: =O74-1 -> -1
A76: 1.2 | B76: ='Planilha Global'!B11 -> Execução de linhas de referência em gabarito ou cavalete (locação de pavimentação) | C76: =F26 -> m | D76: =E26 -> 131.22 | E76: ='Planilha Global'!N11 -> 0.57 | F76: =ROUND(D76,2)*ROUND(E76,2) -> 74.8
A78: 2.0 | B78: Movimento de Terra | F78: =SUM(F79:F79) -> 1981.75
A79: 2.1 | B79: ='Planilha Global'!B14 -> Regularização e compactação do subleito até 20 cm de espessura | C79: =F29 -> m² | D79: =E29 -> 792.7 | E79: ='Planilha Global'!N14 -> 2.5 | F79: =ROUND(D79,2)*ROUND(E79,2) -> 1981.75
A81: 3.0 | B81: Pavimentação | F81: =SUM(F82:F84) -> 99363.58
A82: 3.1 | B82: ='Planilha Global'!B17 -> Assentamento de guia (meio-fio) em trecho reto, confeccionada em concreto pré-fabricado, dimensões 100x15x13x30 cm (comprimento x base inferior x base superior x altura), para vias urbanas (uso viário) | C82: =F32 -> m | D82: =E32 -> 262.48 | E82: ='Planilha Global'!N17 -> 49.53 | F82: =ROUND(D82,2)*ROUND(E82,2) -> 13000.63
A83: 3.2 | B83: ='Planilha Global'!B18 -> Execução de pavimento em paralelepípedos, rejuntamento com argamassa traço 1:3 (cimento e areia) | C83: =F34 -> m² | D83: =E34 -> 792.7 | E83: ='Planilha Global'!N18 -> 107.81 | F83: =ROUND(D83,2)*ROUND(E83,2) -> 85460.99
A84: 3.3 | B84: ='Planilha Global'!B19 -> Assentamento de guia (meio-fio) para cordão de travamento do pavimento, em pedra granítica | C84: =F36 -> m | D84: =E36 -> 14.48 | E84: ='Planilha Global'!N19 -> 62.29 | F84: =ROUND(D84,2)*ROUND(E84,2) -> 901.96
A86: 4.0 | B86: Passeios (calçadas) | F86: =SUM(F87:F89) -> 26002.79
A87: 4.1 | B87: ='Planilha Global'!B22 -> Alvenaria de blocos cerâmicos furados na horizontal de 9x19x19 cm (espessura 9 cm) e argamassa de assentamento com preparo manual (para contenção das calçadas) | C87: =F39 -> m² | D87: =E39 -> 30.79 | E87: ='Planilha Global'!N22 -> 107.24 | F87: =ROUND(D87,2)*ROUND(E87,2) -> 3301.92 | H87: 73.06
A88: 4.2 | B88: ='Planilha Global'!B23 -> Execução de passeio (calçada) ou piso de concreto com concreto moldado in loco, feito em obra, acabamento convencional, não armado | C88: =F41 -> m³ | D88: ='Maria Livramento - T1'!E41 -> 15.81 | E88: ='Planilha Global'!N23 -> 943.02 | F88: =ROUND(D88,2)*ROUND(E88,2) -> 14909.15 | H88: 703.2
A89: 4.3 | B89: ='Planilha Global'!B24 -> Piso podotátil de alerta ou direcional, de concreto, assentado sobre argamassa | C89: =F43 -> m² | D89: =E43 -> 46.49 | E89: ='Planilha Global'!N24 -> 167.6 | F89: =ROUND(D89,2)*ROUND(E89,2) -> 7791.72 | H89: 109.78
A91: 5.0 | B91: Rampas de Acessibilidade | F91: =SUM(F92:F95) -> 3246.79
A92: 5.1 | B92: ='Planilha Global'!B27 -> Concreto Fck = 15mpa, traço 1:3,4:3,5 (em massa seca de cimento/ areia média/ brita 1), preparo mecânico com betoneira 400 L | C92: =F46 -> m³ | D92: =E46 -> 2.1 | E92: ='Planilha Global'!N27 -> 553.16 | F92: =ROUND(D92,2)*ROUND(E92,2) -> 1161.64 | H92: 410.85
A93: 5.2 | B93: ='Planilha Global'!B28 -> Lançamento com uso de baldes, adensamento e acabamento de concreto em estruturas | C93: =F48 -> m³ | D93: =E48 -> 2.1 | E93: ='Planilha Global'!N28 -> 324.95 | F93: =ROUND(D93,2)*ROUND(E93,2) -> 682.4 | H93: 223.25
A94: 5.3 | B94: ='Planilha Global'!B29 -> Piso podotátil de alerta ou direcional, de concreto, assentado sobre argamassa | C94: =F50 -> m² | D94: =E50 -> 3.12 | E94: ='Planilha Global'!N29 -> 167.6 | F94: =ROUND(D94,2)*ROUND(E94,2) -> 522.91 | H94: 109.78
A95: 5.4 | B95: ='Planilha Global'!B30 -> Pintura de piso com tinta acrílica, aplicação manual, 2 demãos, incluso fundo preparador | C95: =F52 -> m² | D95: =E52 -> 36 | E95: ='Planilha Global'!N30 -> 24.44 | F95: =ROUND(D95,2)*ROUND(E95,2) -> 879.84 | H95: 14.87
A97: 6.0 | B97: Sinalização | F97: =SUM(F98:F99) -> 928.9
A98: 6.1 | B98: ='Planilha Global'!B33 -> Fornecimento e instalação de suporte de madeira para placas de sinalização, em solo, com h= de 2,0 m e seção de 7,5 x 7,5 cm | C98: unid | D98: =E55 -> 2 | E98: ='Planilha Global'!N33 -> 120.58 | F98: =ROUND(D98*E98,2) -> 241.16
A99: 6.2 | B99: ='Planilha Global'!B34 -> Placa de advertência em aço, lado de 0,60 m - película retrorrefletiva tipo I + SI - fornecimento e implantação | C99: unid | D99: =E57 -> 2 | E99: ='Planilha Global'!N34 -> 343.87 | F99: =ROUND(D99*E99,2) -> 687.74 | H99: 349.41
A101: 7.0 | B101: Serviços Complementares | F101: =SUM(F102:F104) -> 432.32
A102: 7.1 | B102: ='Planilha Global'!B37 -> Pintura de meio-fio com tinta branca a base de cal (caiação) | C102: =F60 -> m² | D102: =E60 -> 73.49 | E102: ='Planilha Global'!N37 -> 1.78 | F102: =ROUND(D102,2)*ROUND(E102,2) -> 130.81
A103: 7.2 | B103: ='Planilha Global'!B38 -> Placa esmaltada para identificação de nome de rua, dimensões 45x20cm | C103: =F62 -> unid | D103: =E62 -> 1 | E103: ='Planilha Global'!N38 -> 180.93 | F103: =ROUND(D103,2)*ROUND(E103,2) -> 180.93
A104: 7.3 | B104: ='Planilha Global'!B39 -> Fornecimento e instalação de suporte de madeira para placas de identificação de rua, em solo, com h= de 2,0 m e seção de 7,5 x 7,5 cm | C104: unid | D104: =E64 -> 1 | E104: ='Planilha Global'!N39 -> 120.58 | F104: =ROUND(D104*E104,2) -> 120.58
A106: T O T A L . . . . . . . . | F106: =F74+F78+F81+F86+F91+F97+F101 -> 136769.73
A108: Obs: Encargos Sociais Desonerados de 91,01% (h) contidos nos insumos, conforme informa a tabela de referência citada. | G108: =175162.63/D83 -> 220.96964
A109: ='Composição Custos Unit'!G37 -> Referência: SINAPI PB Fevereiro/25; DER PB Jan-Mar/25 | C109: ='Planilha Global'!A43 -> BDI: 28,99%
G111: =F106/D76 -> 1042.2933
F112: =F106/D79 -> 172.54

Sheet Maria Livramento - T2
A1: ESTADO DA PARAIBA
A2: ='[2]Planilha Global'!A2 -> PREFEITURA MUNICIPAL DE MAMANGUAPE | G2: Extensão da rua | H2: 108.51
A4: Memória de Cálculos - Pavimentação | H4: largura | I4: comprimento | J4: área | K4: meio-fio | L4: descidas drenagem | M4: rampas | N4: largura rampa
A6: Rua Maria Livramento P. Lima (Trecho 02) | H6: =(7.33+6.17)/2 -> 6.75 | I6: 27.08 | J6: =H6*I6 -> 182.79
A7: Cálculo da área de pavimentação: | H7: =(6.17+5.47)/2 -> 5.82 | I7: 12.27 | J7: =H7*I7 -> 71.41
A8: Trecho 01 - E0 à E1+7,08 (trapézio) | C8: Trecho 02 - E1+7,08 à E1+19,35 (trapézio) | H8: =(5.47+6.01)/2 -> 5.74 | I8: 10.97 | J8: =H8*I8 -> 62.97 | K8: =20.57+26.99+9+10.1+9.94+8.02+23.94+23.67+7.66+9.02+7.69+2.12+3.82+3.27+2.68+10.1+3.16+13.88+13.69 -> 209.32 | L8: =5.68+4.08+6.31+26.94+12.7+10.5+13.15+2.22+7.65+20.38+25.33+25.4+36.7+29.26+18.73+19.08+9.01+14.58+11.42+7.25+4.36+26.66+12.33+10.58+14.04+3.07+7.89+20.45+25.67+25.67+37.03+29.56+19.1+18.96+8.89+14.81+11.96 -> 597.4 | M8: 4 | N8: 1.2
A9: Comprimento: 27,08m | C9: Comprimento: 12,27m | H9: =(6.01+5.6)/2 -> 5.805 | I9: 23.26 | J9: =H9*I9 -> 135.02 | L9: =2.43+3.39+2.31+2.97+2.01+3.07 -> 16.18
A10: Largura inicial: 7,33m / largura final: 6,17m | C10: Largura inicial: 6,17m / largura final: 5,47m | H10: =(5.6+5.07)/2 -> 5.335 | I10: 8.61 | J10: =H10*I10 -> 45.93
A11: A = (7,33 + 6,17) x 27,08 / 2 = 182,79m² | C11: A = (7,33 + 6,17) x 12,27 / 2 = 71,41m² | H11: =(5.07+5)/2 -> 5.035 | I11: 12.54 | J11: =H11*I11 -> 63.14
H12: 5 | I12: 13.78 | J12: =H12*I12 -> 68.9
A13: Trecho 03 - E1+19,35 à E2+10,32 (trapézio) | C13: Trecho 04 - E2+10,32 à E3+13,58 (trapézio) | J13: 29.86 | L13: =5.68+4.08+6.31+26.94+12.7+10.5+13.15+2.22+7.65+20.38+25.33+25.4+36.7+29.26+18.73+19.08+9.01+14.58+11.42+7.25+4.36+26.66+12.33+10.58+14.04+3.07+7.89+20.45+25.67+25.67+37.03+29.56+19.1+18.96+8.89+14.81+11.96 -> 597.4 | M13: 4 | N13: 1.2
A14: Comprimento: 10,97m | C14: Comprimento: 23,26m | J14: =SUM(J6:J13) -> 660.02 | L14: =2.43+3.39+2.31+2.97+2.01+3.07 -> 16.18
A15: Largura inicial: 5,47m / largura final: 6,01m | C15: Largura inicial: 6,01m / largura final: 5,60m
A16: A = (5,47 + 6,01) x 10,97 / 2 = 62,97m² | C16: A = (6,01 + 5,60) x 23,26 / 2 = 135,02m²
A18: Trecho 05 - E3+13,58 à E4+2,19 (trapézio) | C18: Trecho 06 - E4+2,19 à E4+14,73 (trapézio) | L18: =5.68+4.08+6.31+26.94+12.7+10.5+13.15+2.22+7.65+20.38+25.33+25.4+36.7+29.26+18.73+19.08+9.01+14.58+11.42+7.25+4.36+26.66+12.33+10.58+14.04+3.07+7.89+20.45+25.67+25.67+37.03+29.56+19.1+18.96+8.89+14.81+11.96 -> 597.4 | M18: 4 | N18: 1.2
A19: Comprimento: 8,61m | C19: Comprimento: 12,54m | L19: =2.43+3.39+2.31+2.97+2.01+3.07 -> 16.18
A20: Largura inicial: 5,60m / largura final: 5,07m | C20: Largura inicial: 5,07m / largura final: 5,00m
A21: A = (5,60 + 5,07) x 8,61 / 2 = 45,93m² | C21: A = (5,07 + 5,00) x 12,54 / 2 = 63,14m²
A23: Trecho 07 - E4+14,73 à E5+8,51 (retângulo) | C23: Boca de Rua
A24: Comprimento: 13,78m | C24: Área indicada em planta, extraída do comando
A25: Largura: 5,00m | C25: do AutoCad:
A26: A = 13,78 x 5,00 = 68,90m² | C26: A = 29,86m²
A28: 1.0 > Serviços Preliminares:
A29: 1.2 | B29: > Locação de pavimentação Estaqueamento (E0 à E5+8,51) : 108,51m | E29: =H2 -> 108.51 | F29: m
A31: > Movimento de Terra:
A32: 2.1 | B32: > Regularização e compactação de sub-leito até 20cm de espessura A = 182,79 + 71,41 + 62,97 + 135,02 + 45,93 + 63,14 + 68,90 + 29,86 = 660,02m² | E32: =J14 -> 660.02 | F32: m²
A34: > Pavimentação:
A35: 3.1 | B35: > Assentamento de guia (meio-fio) em trecho reto, confeccionada em concreto pré-fabricado, dimensões 100x15x13x30 cm (comprimento x base inferior x base superior x altura), para vias urbanas (uso viário) Comprimento de meio-fio: C = 20,57 + 26,99 + 9,00 + 10,10 + 9,94 + 8,02 + 23,94 + 23,67 + 7,66 + 9,02 + 7,69 + 2,12 + 3,82 + 3,27 + 2,68 + 10,10 + 3,16 + 13,88 + 13,69 = 209,32m | E35: =K8 -> 209.32 | F35: m
A37: 3.2 | B37: > Execução de pavimento em paralelepípedo inclusive colchão de areia rejuntado no traço 1:3 (Cimento e areia) A = 182,79 + 71,41 + 62,97 + 135,02 + 45,93 + 63,14 + 68,90 + 29,86 = 660,02m² | E37: =E32 -> 660.02 | F37: m²
A39: 3.3 | B39: > Assentamento de guia (meio-fio) para cordão de travamento do pavimento, em pedra granítica Para travamento do início e fim do pavimento: C = 7,33 + 5,74 + 5,00 = 18,07m | E39: =7.33+5.74+5 -> 18.07 | F39: m
A41: > Passeios (calçadas)
A42: 4.1 | B42: > Alvenaria de blocos cerâmicos furados na horizontal de 9x19x19 cm (espessura 9 cm) e argamassa de assentamento com preparo manual (para contenção das calçadas) A = (1,20 + 1,20 + 26,96 + 10,09 + 8,00 + 23,95 + 7,66 + 8,67 + 3,73 + 1,20 + 7,69 + 10,06 + 1,20 + 3,34 + 13,92 + 13,65 + 1,20 + 1,20) x 0,20 = 144,92m x 0,20m = 28,98m² | E42: =H42 -> 28.98 | F42: m² | G42: =1.2+1.2+26.96+10.09+8+23.95+7.66+8.67+3.73+1.2+7.69+10.06+1.2+3.34+13.92+13.65+1.2+1.2 -> 144.92 | H42: =G42*0.2 -> 28.98
A44: 4.2 | B44: > Execução de passeio (calçada) em concreto moldado in loco, feito em obra, acabamento convencional, não armado, espessura 6 cm Obs.: excluindo-se área de rampas, espessuras do meio-fio e volume do piso tátil V = (20,57 + 26,99 + 9,00 + 10,10 + 9,94 + 8,02 + 23,94 + 23,67 + 7,66 + 9,02 + 7,69 + 2,12 + 3,82 + 3,27 + 2,68 + 10,10 + 3,16 + 13,88 + 13,69) x 1,20 = 251,18m² - 36,00m² = 215,18m² x 0,06m = 12,91m³ Desconto do volume do piso tátil nas calçadas: V = (5,51 + 5,99 + 7,09 + 13,97 + 9,01 + 10,05 + 10,09 + 8,00 + 23,95 + 23,75 + 7,66 + 9,00 + 7,67 + 1,38 + 3,64 + 3,72 + 1,33 + 10,07 + 3,11 + 3,74 + 3,54 + 2,63 + 2,66) x 0,20 x 0,02 = 177,56 x 0,20 x 0,02 = 0,71m³ Total: V = 12,91 - 0,71 = 12,20m³ | E44: =M44 -> 12.2 | F44: m³ | G44: =(20.57+26.99+9+10.1+9.94+8.02+23.94+23.67+7.66+9.02+7.69+2.12+3.82+3.27+2.68+10.1+3.16+13.88+13.69)*1.2 -> 251.18 | H44: =G44-E55 -> 215.18 | J44: =H44*0.06 -> 12.91 | K44: =5.51+5.99+7.09+13.97+9.01+10.05+10.09+8+23.95+23.75+7.66+9+7.67+1.38+3.64+3.72+1.33+10.07+3.11+3.74+3.54+2.63+2.66 -> 177.56 | L44: =K44*0.2*0.02 -> 0.71 | M44: =J44-L44 -> 12.2
A46: 4.3 | B46: > Piso tátil direcional e/ou alerta, de concreto, na cor natural, para deficientes visuais, dimensões 20x20cm, aplicado com argamassa industrializada ac-ii Será a área referente ao desconto do piso tátil das calçadas, cujo somatório do comprimento foi calculado no item anterior: A = 177,56 x 0,20 = 35,51m² | E46: =G46 -> 35.51 | F46: m² | G46: =K44*0.2 -> 35.51
A48: > Rampas de Acessibilidade
A49: 5.1 | B49: > Concreto Fck = 15MPa, traço 1:3,4:3,5 (em massa seca de cimento/ areia média/ brita 1) - preparo mecânico com betoneira 400 L V = (7,50 x 1,20) x 4 = 36,00m² x 0,06m = 2,16m³ Desconto do volume do piso tátil nas rampas: V = [(1,20 x 2 + 1,50 x 1) x 4] x 0,20 x 0,02 = 0,06m³ Total: V = 2,16 - 0,06 = 2,10m³ | E49: =K49 -> 2.1 | F49: m³ | G49: =7.5*N8*M8*0.06 -> 2.16 | H49: =(1.2*2+1.5)*M8 -> 15.6 | J49: =H49*0.2*0.02 -> 0.06 | K49: =G49-J49 -> 2.1 | N49: =(7.5*1.2)*7+5.75+6.31+5.25+6.11+5.71+5.24+5.25+7.18+7.07+5.2+5.25+5.15 -> 132.47 | O49: =N49*0.06 -> 7.95 | P49: =(1.2*3*7+1.05+2.42+1.05+4.76+1.42/2+2+1.05+3+1.05+2.66+1.05+2.01+1.05+3+1.05+1.05+1.05+1.05+1.05+1.05+1.05+2+1.05+2+1.05+2+0.99) -> 68.5 | Q49: =P49*0.2*0.02 -> 0.27 | R49: =P49*0.2 -> 13.7
A51: 5.2 | B51: > Lançamento com uso de baldes, adensamento e acabamento de concreto em estruturas V = (7,50 x 1,20) x 4 = 36,00m² x 0,06m = 2,16m³ Desconto do volume do piso tátil nas rampas: V = [(1,20 x 2 + 1,50 x 1) x 4] x 0,20 x 0,02 = 0,06m³ Total: V = 2,16 - 0,06 = 2,10m³ | E51: =E49 -> 2.1 | F51: m³
A53: 5.3 | B53: > Piso tátil direcional e/ou alerta, de concreto, na cor natural, para deficientes visuais, dimensões 20x20cm, aplicado com argamassa industrializada ac-ii Rampas: A = [(1,20 x 2 + 1,50 x 1) x 4] x 0,20 = 3,12m² | E53: =G53 -> 3.12 | F53: m² | G53: =(N8*2+1.5)*M8*0.2 -> 3.12
A55: 5.4 | B55: > Pintura de piso com tinta acrílica, aplicação manual, 2 demãos, incluso fundo preparador A = (7,50 x 1,20) x 4 = 36,00m² | E55: =G55 -> 36 | F55: m² | G55: =7.5*N8*M8:M8 -> 36
A57: > Sinalização
A58: 6.1 | B58: > Fornecimento e instalação de suporte de madeira para placas de sinalização, em solo, com h= de 2,0 m e seção de 7,5 x 7,5 cm Quantidade = 1 und | E58: 1 | F58: unid
A60: 6.2 | B60: > Placa de advertência em aço, lado de 0,60 m - película retrorrefletiva tipo I + SI, para sinalização vertical - fornecimento e implantação Quantidade = 1 und | E60: 1 | F60: unid
A62: > Serviços Complementares
A63: 7.1 | B63: > Pintura de meio-fio com tinta branca a base de cal A = 209,32 x (0,15 + 0,13) = 58,61m² | E63: =E35*(0.15+0.13) -> 58.61 | F63: m² | H63: =#REF!*0.28 -> #REF!
A65: 7.2 | B65: > Placa esmaltada para identificação do nome da rua (45,00 x 20,00 cm): Q = 1 und | E65: 1 | F65: unid | H65: 3.9 | I65: 216
A67: 7.3 | B67: > Fornecimento e instalação de suporte de madeira para placas de identificação de rua, em solo, com h= de 2,0 m e seção de 7,5 x 7,5 cm Quantidade = 1 und | E67: 1 | F67: unid
A69: ESTADO DA PARAIBA
A70: =A2 -> PREFEITURA MUNICIPAL DE MAMANGUAPE
A72: Planilha Orçamentária Individual - Pavimentação
A73: =A6 -> Rua Maria Livramento P. Lima (Trecho 02)
A75: Item | B75: Discriminação dos Serviços | C75: Unid. | D75: Quant. | E75: Preço
E76: Unitário | F76: Total
A77: 1.0 | B77: Serviços Preliminares | F77: =F78 -> 61.85
A78: 1.2 | B78: ='Planilha Global'!B11 -> Execução de linhas de referência em gabarito ou cavalete (locação de pavimentação) | C78: =F29 -> m | D78: =E29 -> 108.51 | E78: ='Planilha Global'!N11 -> 0.57 | F78: =ROUND(D78,2)*ROUND(E78,2) -> 61.85
A80: 2.0 | B80: Movimento de Terra | F80: =SUM(F81:F81) -> 1650.05
A81: 2.1 | B81: ='Planilha Global'!B14 -> Regularização e compactação do subleito até 20 cm de espessura | C81: =F32 -> m² | D81: =E32 -> 660.02 | E81: ='Planilha Global'!N14 -> 2.5 | F81: =ROUND(D81,2)*ROUND(E81,2) -> 1650.05
A83: 3.0 | B83: Pavimentação | F83: =SUM(F84:F86) -> 82649.96
A84: 3.1 | B84: ='Planilha Global'!B17 -> Assentamento de guia (meio-fio) em trecho reto, confeccionada em concreto pré-fabricado, dimensões 100x15x13x30 cm (comprimento x base inferior x base superior x altura), para vias urbanas (uso viário) | C84: =F35 -> m | D84: =E35 -> 209.32 | E84: ='Planilha Global'!N17 -> 49.53 | F84: =ROUND(D84,2)*ROUND(E84,2) -> 10367.62
A85: 3.2 | B85: ='Planilha Global'!B18 -> Execução de pavimento em paralelepípedos, rejuntamento com argamassa traço 1:3 (cimento e areia) | C85: =F37 -> m² | D85: =E37 -> 660.02 | E85: ='Planilha Global'!N18 -> 107.81 | F85: =ROUND(D85,2)*ROUND(E85,2) -> 71156.76
A86: 3.3 | B86: ='Planilha Global'!B19 -> Assentamento de guia (meio-fio) para cordão de travamento do pavimento, em pedra granítica | C86: =F39 -> m | D86: =E39 -> 18.07 | E86: ='Planilha Global'!N19 -> 62.29 | F86: =ROUND(D86,2)*ROUND(E86,2) -> 1125.58
A88: 4.0 | B88: Passeios (calçadas) | F88: =SUM(F89:F91) -> 20564.14
A89: 4.1 | B89: ='Planilha Global'!B22 -> Alvenaria de blocos cerâmicos furados na horizontal de 9x19x19 cm (espessura 9 cm) e argamassa de assentamento com preparo manual (para contenção das calçadas) | C89: =F42 -> m² | D89: =E42 -> 28.98 | E89: ='Planilha Global'!N22 -> 107.24 | F89: =ROUND(D89,2)*ROUND(E89,2) -> 3107.82 | H89: 73.06
A90: 4.2 | B90: ='Planilha Global'!B23 -> Execução de passeio (calçada) ou piso de concreto com concreto moldado in loco, feito em obra, acabamento convencional, não armado | C90: =F44 -> m³ | D90: ='Maria Livramento - T2'!E44 -> 12.2 | E90: ='Planilha Global'!N23 -> 943.02 | F90: =ROUND(D90,2)*ROUND(E90,2) -> 11504.84 | H90: 703.2
A91: 4.3 | B91: ='Planilha Global'!B24 -> Piso podotátil de alerta ou direcional, de concreto, assentado sobre argamassa | C91: =F46 -> m² | D91: =E46 -> 35.51 | E91: ='Planilha Global'!N24 -> 167.6 | F91: =ROUND(D91,2)*ROUND(E91,2) -> 5951.48 | H91: 109.78
A93: 5.0 | B93: Rampas de Acessibilidade | F93: =SUM(F94:F97) -> 3246.79
A94: 5.1 | B94: ='Planilha Global'!B27 -> Concreto Fck = 15mpa, traço 1:3,4:3,5 (em massa seca de cimento/ areia média/ brita 1), preparo mecânico com betoneira 400 L | C94: =F49 -> m³ | D94: =E49 -> 2.1 | E94: ='Planilha Global'!N27 -> 553.16 | F94: =ROUND(D94,2)*ROUND(E94,2) -> 1161.64 | H94: 410.85
A95: 5.2 | B95: ='Planilha Global'!B28 -> Lançamento com uso de baldes, adensamento e acabamento de concreto em estruturas | C95: =F51 -> m³ | D95: =E51 -> 2.1 | E95: ='Planilha Global'!N28 -> 324.95 | F95: =ROUND(D95,2)*ROUND(E95,2) -> 682.4 | H95: 223.25
A96: 5.3 | B96: ='Planilha Global'!B29 -> Piso podotátil de alerta ou direcional, de concreto, assentado sobre argamassa | C96: =F53 -> m² | D96: =E53 -> 3.12 | E96: ='Planilha Global'!N29 -> 167.6 | F96: =ROUND(D96,2)*ROUND(E96,2) -> 522.91 | H96: 109.78
A97: 5.4 | B97: ='Planilha Global'!B30 -> Pintura de piso com tinta acrílica, aplicação manual, 2 demãos, incluso fundo preparador | C97: =F55 -> m² | D97: =E55 -> 36 | E97: ='Planilha Global'!N30 -> 24.44 | F97: =ROUND(D97,2)*ROUND(E97,2) -> 879.84 | H97: 14.87
A99: 6.0 | B99: Sinalização | F99: =SUM(F100:F101) -> 464.45
A100: 6.1 | B100: ='Planilha Global'!B33 -> Fornecimento e instalação de suporte de madeira para placas de sinalização, em solo, com h= de 2,0 m e seção de 7,5 x 7,5 cm | C100: unid | D100: =E58 -> 1 | E100: ='Planilha Global'!N33 -> 120.58 | F100: =ROUND(D100*E100,2) -> 120.58
A101: 6.2 | B101: ='Planilha Global'!B34 -> Placa de advertência em aço, lado de 0,60 m - película retrorrefletiva tipo I + SI - fornecimento e implantação | C101: unid | D101: =E60 -> 1 | E101: ='Planilha Global'!N34 -> 343.87 | F101: =ROUND(D101*E101,2) -> 343.87 | H101: 349.41
A103: 7.0 | B103: Serviços Complementares | F103: =SUM(F104:F106) -> 405.84
A104: 7.1 | B104: ='Planilha Global'!B37 -> Pintura de meio-fio com tinta branca a base de cal (caiação) | C104: =F63 -> m² | D104: =E63 -> 58.61 | E104: ='Planilha Global'!N37 -> 1.78 | F104: =ROUND(D104,2)*ROUND(E104,2) -> 104.33
A105: 7.2 | B105: ='Planilha Global'!B38 -> Placa esmaltada para identificação de nome de rua, dimensões 45x20cm | C105: =F65 -> unid | D105: =E65 -> 1 | E105: ='Planilha Global'!N38 -> 180.93 | F105: =ROUND(D105,2)*ROUND(E105,2) -> 180.93
A106: 7.3 | B106: ='Planilha Global'!B39 -> Fornecimento e instalação de suporte de madeira para placas de identificação de rua, em solo, com h= de 2,0 m e seção de 7,5 x 7,5 cm | C106: unid | D106: =E67 -> 1 | E106: ='Planilha Global'!N39 -> 120.58 | F106: =ROUND(D106*E106,2) -> 120.58
A108: T O T A L . . . . . . . . | F108: =F77+F80+F83+F88+F93+F99+F103 -> 109043.08
A110: Obs: Encargos Sociais Desonerados de 91,01% (h) contidos nos insumos, conforme informa a tabela de referência citada. | G110: =175162.63/D85 -> 265.38988
A111: ='Composição Custos Unit'!G37 -> Referência: SINAPI PB Fevereiro/25; DER PB Jan-Mar/25 | C111: ='Planilha Global'!A43 -> BDI: 28,99%
F112: ='Maria Livramento - T1'!F106+'Maria Livramento - T2'!F108 -> 245812.81
G113: =F108/D78 -> 1004.9127
F114: =F108/D81 -> 165.21

Sheet Fábio Vaz - T1
A1: ESTADO DA PARAIBA
A2: ='[2]Planilha Global'!A2 -> PREFEITURA MUNICIPAL DE MAMANGUAPE | G2: Extensão da rua | H2: 129.92
A4: Memória de Cálculos - Pavimentação | H4: largura | I4: comprimento | J4: área | K4: meio-fio | L4: descidas drenagem | M4: rampas | N4: largura rampa
A6: Rua Fábio Barbosa Vaz (Trecho 01) | H6: =(7.77+5.48)/2 -> 6.625 | I6: 10 | J6: =H6*I6 -> 66.25
A7: Cálculo da área de pavimentação: | H7: =(5.48+5.43)/2 -> 5.455 | I7: 17.78 | J7: =H7*I7 -> 96.99
A8: Trecho 01 - E0 à E0+10 (trapézio) | C8: Trecho 02 - E0+10 à E1+7,78 (trapézio) | H8: =(5.43+5.33)/2 -> 5.38 | I8: 12.22 | J8: =H8*I8 -> 65.74 | K8: =9.92+10.22+17.76+18.38+11.62+11.79+47.53+12.6+12.22+11.07+23.03+13.04+3.16+6.64+11.05+21.69+18.23 -> 259.95 | L8: =5.68+4.08+6.31+26.94+12.7+10.5+13.15+2.22+7.65+20.38+25.33+25.4+36.7+29.26+18.73+19.08+9.01+14.58+11.42+7.25+4.36+26.66+12.33+10.58+14.04+3.07+7.89+20.45+25.67+25.67+37.03+29.56+19.1+18.96+8.89+14.81+11.96 -> 597.4 | M8: 4 | N8: 1.2
A9: Comprimento: 10,00m | C9: Comprimento: 17,78m | H9: =(5.33+5.79)/2 -> 5.56 | I9: 24.41 | J9: =H9*I9 -> 135.72 | L9: =2.43+3.39+2.31+2.97+2.01+3.07 -> 16.18
A10: Largura inicial: 7,77m / largura final: 5,48m | C10: Largura inicial: 5,48m / largura final: 5,43m | H10: =(5.79+5.54)/2 -> 5.665 | I10: 10.98 | J10: =H10*I10 -> 62.2
A11: A = (7,77 + 5,48) x 10,00 / 2 = 66,25m² | C11: A = (5,48 + 5,43) x 17,78 / 2 = 96,99m² | H11: =(5.54+5.38)/2 -> 5.46 | I11: 12.25 | J11: =H11*I11 -> 66.89
H12: =(5.38+5.34)/2 -> 5.36 | I12: 13.92 | J12: =H12*I12 -> 74.61
A13: Trecho 03 - E1+7,78 à E2 (trapézio) | C13: Trecho 04 - E2 à E3+4,41 (trapézio) | H13: =(5.34+5)/2 -> 5.17 | I13: 6.63 | J13: =H13*I13 -> 34.28
A14: Comprimento: 12,22m | C14: Comprimento: 24,41m | H14: =(5+5.05)/2 -> 5.025 | I14: 3.59 | J14: =H14*I14 -> 18.04
A15: Largura inicial: 5,43m / largura final: 5,33m | C15: Largura inicial: 5,33m / largura final: 5,79m | H15: =(5.05+6.54)/2 -> 5.795 | I15: 18.14 | J15: =H15*I15 -> 105.12
A16: A = (5,43 + 5,33) x 12,22 / 2 = 65,74m² | C16: A = (5,33 + 5,79) x 24,41 / 2 = 135,72m² | J16: =SUM(J6:J15) -> 725.84
A18: Trecho 05 - E3+4,41 à E3+15,39 (trapézio) | C18: Trecho 06 - E3+15,39 à E4+7,64 (trapézio)
A19: Comprimento: 10,98m | C19: Comprimento: 12,25m
A20: Largura inicial: 5,79m / largura final: 5,54m | C20: Largura inicial: 5,54m / largura final: 5,38m
A21: A = (5,79 + 5,54) x 10,98 / 2 = 62,20m² | C21: A = (5,54 + 5,38) x 12,25 / 2 = 66,89m²
A23: Trecho 07 - E4+7,64 à E5+1,56 (trapézio) | C23: Trecho 08 - E5+1,56 à E5+8,19 (trapézio)
A24: Comprimento: 13,92m | C24: Comprimento: 6,63m
A25: Largura inicial: 5,38m / largura final: 5,34m | C25: Largura inicial: 5,34m / largura final: 5,00m
A26: A = (5,38 + 5,34) x 13,92 / 2 = 74,61m² | C26: A = (5,34 + 5,00) x 6,63 / 2 = 34,28m²
A28: Trecho 09 - E5+8,19 à E5+11,78 (trapézio) | C28: Trecho 10 - E5+11,78 à E6+9,92 (trapézio)
A29: Comprimento: 3,59m | C29: Comprimento: 18,14m
A30: Largura inicial: 5,00m / largura final: 5,05m | C30: Largura inicial: 5,05m / largura final: 6,54m
A31: A = (5,00 + 5,05) x 3,59 / 2 = 18,04m² | C31: A = (5,05 + 6,54) x 18,14 / 2 = 105,12m²
A33: 1.0 > Serviços Preliminares:
A34: 1.2 | B34: > Locação de pavimentação Estaqueamento (E0 à E6+9,92) : 129,92m | E34: =H2 -> 129.92 | F34: m
A36: > Movimento de Terra: | J36: =SUM(J8:J17) -> 1288.44
A37: 2.1 | B37: > Regularização e compactação de sub-leito até 20cm de espessura A = 66,25 + 96,99 + 65,74 + 135,72 + 62,20 + 66,89 + 74,61 + 34,28 + 18,04 + 105,12 = 725,84m² | E37: =J16 -> 725.84 | F37: m²
A39: > Pavimentação: | J39: =SUM(J11:J17) -> 1024.78
A40: 3.1 | B40: > Assentamento de guia (meio-fio) em trecho reto, confeccionada em concreto pré-fabricado, dimensões 100x15x13x30 cm (comprimento x base inferior x base superior x altura), para vias urbanas (uso viário) Comprimento de meio-fio: C = 9,92 + 10,22 + 17,76 + 18,38 + 11,62 + 11,79 + 47,53 + 12,60 + 12,22 + 11,07 + 23,03 + 13,04 + 3,16 + 6,64 + 11,05 + 21,69 + 18,23 = 259,95m | E40: =K8 -> 259.95 | F40: m
A42: 3.2 | B42: > Execução de pavimento em paralelepípedo inclusive colchão de areia rejuntado no traço 1:3 (Cimento e areia) A = 66,25 + 96,99 + 65,74 + 135,72 + 62,20 + 66,89 + 74,61 + 34,28 + 18,04 + 105,12 = 725,84m² | E42: =E37 -> 725.84 | F42: m²
A44: 3.3 | B44: > Assentamento de guia (meio-fio) para cordão de travamento do pavimento, em pedra granítica Para travamento do início e fim do pavimento: C = 7,77 + 6,54 = 14,31m | E44: =7.77+6.54 -> 14.31 | F44: m
A46: > Passeios (calçadas)
A47: 4.1 | B47: > Alvenaria de blocos cerâmicos furados na horizontal de 9x19x19 cm (espessura 9 cm) e argamassa de assentamento com preparo manual (para contenção das calçadas) A = (47,48 + 11,07 + 3,19 + 21,65 + 18,20 + 1,20 + 1,20) x 0,20 = 103,99m x 0,20m = 20,80m² | E47: =H47 -> 20.8 | F47: m² | G47: =47.48+11.07+3.19+21.65+18.2+1.2+1.2 -> 103.99 | H47: =G47*0.2 -> 20.8
A49: 4.2 | B49: > Execução de passeio (calçada) em concreto moldado in loco, feito em obra, acabamento convencional, não armado, espessura 6 cm Obs.: excluindo-se área de rampas, espessuras do meio-fio e volume do piso tátil V = (9,84 x 1,20) / 2 + (10,15 x 1,20) / 2 + (17,76 + 18,38 + 11,62 + 11,79 + 47,53 + 12,60 + 12,22 + 11,07 + 23,03 + 13,04 + 3,16 + 6,64 + 11,05 + 21,69 + 18,23) x 1,20 = 299,77m² - 36,00m² = 263,88m² x 0,06m = 15,83m³ Desconto do volume do piso tátil nas calçadas: V = (6,15 + 5,84 + 6,53 + 6,57 + 3,70 + 4,31 + 11,60 + 23,76 + 11,78 + 12,62 + 23,76 + 12,25 + 11,07 + 23,02 + 13,03 + 3,19 + 6,63 + 11,01 + 6,85 + 2,45 + 7,32 + 8,27) x 0,20 x 0,02 = 221,71 x 0,20 x 0,02 = 0,89m³ Total: V = 15,83 - 0,89 = 14,94m³ | E49: =M49 -> 14.94 | F49: m³ | G49: =(9.84*1.2)/2+(10.15*1.2)/2+(17.76+18.38+11.62+11.79+47.53+12.6+12.22+11.07+23.03+13.04+3.16+6.64+11.05+21.69+18.23)*1.2 -> 299.77 | H49: =G49-E60 -> 263.77 | J49: =H49*0.06 -> 15.83 | K49: =6.15+5.84+6.53+6.57+3.7+4.31+11.6+23.76+11.78+12.62+23.76+12.25+11.07+23.02+13.03+3.19+6.63+11.01+6.85+2.45+7.32+8.27 -> 221.71 | L49: =K49*0.2*0.02 -> 0.89 | M49: =J49-L49 -> 14.94
A51: 4.3 | B51: > Piso tátil direcional e/ou alerta, de concreto, na cor natural, para deficientes visuais, dimensões 20x20cm, aplicado com argamassa industrializada ac-ii Será a área referente ao desconto do piso tátil das calçadas, cujo somatório do comprimento foi calculado no item anterior: A = 221,71 x 0,20 = 44,34m² | E51: =G51 -> 44.34 | F51: m² | G51: =K49*0.2 -> 44.34
A53: > Rampas de Acessibilidade
A54: 5.1 | B54: > Concreto Fck = 15MPa, traço 1:3,4:3,5 (em massa seca de cimento/ areia média/ brita 1) - preparo mecânico com betoneira 400 L V = (7,50 x 1,20) x 4 = 36,00m² x 0,06m = 2,16m³ Desconto do volume do piso tátil nas rampas: V = [(1,20 x 2 + 1,50 x 1) x 4] x 0,20 x 0,02 = 0,06m³ Total: V = 2,16 - 0,06 = 2,10m³ | E54: =K54 -> 2.1 | F54: m³ | G54: =7.5*N8*M8*0.06 -> 2.16 | H54: =(1.2*2+1.5)*M8 -> 15.6 | J54: =H54*0.2*0.02 -> 0.06 | K54: =G54-J54 -> 2.1 | N54: =(7.5*1.2)*7+5.75+6.31+5.25+6.11+5.71+5.24+5.25+7.18+7.07+5.2+5.25+5.15 -> 132.47 | O54: =N54*0.06 -> 7.95 | P54: =(1.2*3*7+1.05+2.42+1.05+4.76+1.42/2+2+1.05+3+1.05+2.66+1.05+2.01+1.05+3+1.05+1.05+1.05+1.05+1.05+1.05+1.05+2+1.05+2+1.05+2+0.99) -> 68.5 | Q54: =P54*0.2*0.02 -> 0.27 | R54: =P54*0.2 -> 13.7
A56: 5.2 | B56: > Lançamento com uso de baldes, adensamento e acabamento de concreto em estruturas V = (7,50 x 1,20) x 4 = 36,00m² x 0,06m = 2,16m³ Desconto do volume do piso tátil nas rampas: V = [(1,20 x 2 + 1,50 x 1) x 4] x 0,20 x 0,02 = 0,06m³ Total: V = 2,16 - 0,06 = 2,10m³ | E56: =E54 -> 2.1 | F56: m³
A58: 5.3 | B58: > Piso tátil direcional e/ou alerta, de concreto, na cor natural, para deficientes visuais, dimensões 20x20cm, aplicado com argamassa industrializada ac-ii Rampas: A = [(1,20 x 2 + 1,50 x 1) x 4] x 0,20 = 3,12m² | E58: =G58 -> 3.12 | F58: m² | G58: =(N8*2+1.5)*M8*0.2 -> 3.12
A60: 5.4 | B60: > Pintura de piso com tinta acrílica, aplicação manual, 2 demãos, incluso fundo preparador A = (7,50 x 1,20) x 4 = 36,00m² | E60: =G60 -> 36 | F60: m² | G60: =7.5*N8*M8:M8 -> 36
A62: > Sinalização
A63: 6.1 | B63: > Fornecimento e instalação de suporte de madeira para placas de sinalização, em solo, com h= de 2,0 m e seção de 7,5 x 7,5 cm Quantidade = 2 und | E63: 2 | F63: unid
A65: 6.2 | B65: > Placa de advertência em aço, lado de 0,60 m - película retrorrefletiva tipo I + SI, para sinalização vertical - fornecimento e implantação Quantidade = 2 und | E65: 2 | F65: unid
A67: > Serviços Complementares
A68: 7.1 | B68: > Pintura de meio-fio com tinta branca a base de cal A = 259,95 x (0,15 + 0,13) = 72,79m² | E68: =E40*(0.15+0.13) -> 72.79 | F68: m² | H68: =#REF!*0.28 -> #REF!
A70: 7.2 | B70: > Placa esmaltada para identificação do nome da rua (45,00 x 20,00 cm): Q = 1 und | E70: 1 | F70: unid | H70: 3.9 | I70: 216
A72: 7.3 | B72: > Fornecimento e instalação de suporte de madeira para placas de identificação de rua, em solo, com h= de 2,0 m e seção de 7,5 x 7,5 cm Quantidade = 1 und | E72: 1 | F72: unid
A75: ESTADO DA PARAIBA
A76: =A2 -> PREFEITURA MUNICIPAL DE MAMANGUAPE
A78: Planilha Orçamentária Individual - Pavimentação
A79: =A6 -> Rua Fábio Barbosa Vaz (Trecho 01)
A81: Item | B81: Discriminação dos Serviços | C81: Unid. | D81: Quant. | E81: Preço
E82: Unitário | F82: Total
A83: 1.0 | B83: Serviços Preliminares | F83: =F84 -> 74.05
A84: 1.2 | B84: ='Planilha Global'!B11 -> Execução de linhas de referência em gabarito ou cavalete (locação de pavimentação) | C84: =F34 -> m | D84: =E34 -> 129.92 | E84: ='Planilha Global'!N11 -> 0.57 | F84: =ROUND(D84,2)*ROUND(E84,2) -> 74.05
A86: 2.0 | B86: Movimento de Terra | F86: =SUM(F87:F87) -> 1814.6
A87: 2.1 | B87: ='Planilha Global'!B14 -> Regularização e compactação do subleito até 20 cm de espessura | C87: =F37 -> m² | D87: =E37 -> 725.84 | E87: ='Planilha Global'!N14 -> 2.5 | F87: =ROUND(D87,2)*ROUND(E87,2) -> 1814.6
A89: 3.0 | B89: Pavimentação | F89: =SUM(F90:F92) -> 92019.5
A90: 3.1 | B90: ='Planilha Global'!B17 -> Assentamento de guia (meio-fio) em trecho reto, confeccionada em concreto pré-fabricado, dimensões 100x15x13x30 cm (comprimento x base inferior x base superior x altura), para vias urbanas (uso viário) | C90: =F40 -> m | D90: =E40 -> 259.95 | E90: ='Planilha Global'!N17 -> 49.53 | F90: =ROUND(D90,2)*ROUND(E90,2) -> 12875.32
A91: 3.2 | B91: ='Planilha Global'!B18 -> Execução de pavimento em paralelepípedos, rejuntamento com argamassa traço 1:3 (cimento e areia) | C91: =F42 -> m² | D91: =E42 -> 725.84 | E91: ='Planilha Global'!N18 -> 107.81 | F91: =ROUND(D91,2)*ROUND(E91,2) -> 78252.81
A92: 3.3 | B92: ='Planilha Global'!B19 -> Assentamento de guia (meio-fio) para cordão de travamento do pavimento, em pedra granítica | C92: =F44 -> m | D92: =E44 -> 14.31 | E92: ='Planilha Global'!N19 -> 62.29 | F92: =ROUND(D92,2)*ROUND(E92,2) -> 891.37
A94: 4.0 | B94: Passeios (calçadas) | F94: =SUM(F95:F97) -> 23750.69
A95: 4.1 | B95: Alvenaria de blocos cerâmicos furados na horizontal de 9x19x19 cm (espessura 9 cm) e argamassa de assentamento com preparo manual (para contenção das calçadas) | C95: =F47 -> m² | D95: =E47 -> 20.8 | E95: ='Planilha Global'!N22 -> 107.24 | F95: =ROUND(D95,2)*ROUND(E95,2) -> 2230.59 | H95: 73.06
A96: 4.2 | B96: Execução de passeio (calçada) ou piso de concreto com concreto moldado in loco, feito em obra, acabamento convencional, não armado | C96: =F49 -> m³ | D96: ='Fábio Vaz - T1'!E49 -> 14.94 | E96: ='Planilha Global'!N23 -> 943.02 | F96: =ROUND(D96,2)*ROUND(E96,2) -> 14088.72 | H96: 703.2
A97: 4.3 | B97: Piso tátil direcional e/ou alerta, de concreto, na cor natural, para deficientes visuais, dimensões 20x20cm, aplicado com argamassa industrializada ac-ii | C97: =F51 -> m² | D97: =E51 -> 44.34 | E97: ='Planilha Global'!N24 -> 167.6 | F97: =ROUND(D97,2)*ROUND(E97,2) -> 7431.38 | H97: 109.78
A99: 5.0 | B99: Rampas de Acessibilidade | F99: =SUM(F100:F103) -> 3246.79
A100: 5.1 | B100: Concreto Fck = 15MPa, traço 1:3,4:3,5 (em massa seca de cimento/ areia média/ brita 1) - preparo mecânico com betoneira 400 L | C100: =F54 -> m³ | D100: =E54 -> 2.1 | E100: ='Planilha Global'!N27 -> 553.16 | F100: =ROUND(D100,2)*ROUND(E100,2) -> 1161.64 | H100: 410.85
A101: 5.2 | B101: Lançamento com uso de baldes, adensamento e acabamento de concreto em estruturas | C101: =F56 -> m³ | D101: =E56 -> 2.1 | E101: ='Planilha Global'!N28 -> 324.95 | F101: =ROUND(D101,2)*ROUND(E101,2) -> 682.4 | H101: 223.25
A102: 5.3 | B102: Piso tátil direcional e/ou alerta, de concreto, na cor natural, para deficientes visuais, dimensões 20x20cm, aplicado com argamassa industrializada ac-ii | C102: =F58 -> m² | D102: =E58 -> 3.12 | E102: ='Planilha Global'!N29 -> 167.6 | F102: =ROUND(D102,2)*ROUND(E102,2) -> 522.91 | H102: 109.78
A103: 5.4 | B103: Pintura de piso com tinta acrílica, aplicação manual, 2 demãos, incluso fundo preparador | C103: =F60 -> m² | D103: =E60 -> 36 | E103: ='Planilha Global'!N30 -> 24.44 | F103: =ROUND(D103,2)*ROUND(E103,2) -> 879.84 | H103: 14.87
A105: 6.0 | B105: Sinalização | F105: =SUM(F106:F107) -> 928.9
A106: 6.1 | B106: ='Planilha Global'!B33 -> Fornecimento e instalação de suporte de madeira para placas de sinalização, em solo, com h= de 2,0 m e seção de 7,5 x 7,5 cm | C106: unid | D106: =E63 -> 2 | E106: ='Planilha Global'!N33 -> 120.58 | F106: =ROUND(D106*E106,2) -> 241.16
A107: 6.2 | B107: ='Planilha Global'!B34 -> Placa de advertência em aço, lado de 0,60 m - película retrorrefletiva tipo I + SI - fornecimento e implantação | C107: unid | D107: =E65 -> 2 | E107: ='Planilha Global'!N34 -> 343.87 | F107: =ROUND(D107*E107,2) -> 687.74 | H107: 349.41
A109: 7.0 | B109: Serviços Complementares | F109: =SUM(F110:F112) -> 431.08
A110: 7.1 | B110: Pintura de meio-fio com tinta branca a base de cal | C110: =F68 -> m² | D110: =E68 -> 72.79 | E110: ='Planilha Global'!N37 -> 1.78 | F110: =ROUND(D110,2)*ROUND(E110,2) -> 129.57
A111: 7.2 | B111: ='Planilha Global'!B38 -> Placa esmaltada para identificação de nome de rua, dimensões 45x20cm | C111: =F70 -> unid | D111: =E70 -> 1 | E111: ='Planilha Global'!N38 -> 180.93 | F111: =ROUND(D111,2)*ROUND(E111,2) -> 180.93
A112: 7.3 | B112: ='Planilha Global'!B39 -> Fornecimento e instalação de suporte de madeira para placas de identificação de rua, em solo, com h= de 2,0 m e seção de 7,5 x 7,5 cm | C112: unid | D112: =E72 -> 1 | E112: ='Planilha Global'!N39 -> 120.58 | F112: =ROUND(D112*E112,2) -> 120.58
A114: T O T A L . . . . . . . . | F114: =F83+F86+F89+F94+F99+F105+F109 -> 122265.61
A116: Obs: Encargos Sociais Desonerados de 91,01% (h) contidos nos insumos, conforme informa a tabela de referência citada. | G116: =175162.63/D91 -> 241.32402
A117: ='Composição Custos Unit'!G37 -> Referência: SINAPI PB Fevereiro/25; DER PB Jan-Mar/25 | C117: ='Planilha Global'!A43 -> BDI: 28,99%
G119: =F114/#REF! -> #REF!
F120: =F114/D87 -> 168.45

Sheet Fábio Vaz - T2
A1: ESTADO DA PARAIBA
A2: ='[2]Planilha Global'!A2 -> PREFEITURA MUNICIPAL DE MAMANGUAPE | G2: Extensão da rua | H2: 128.16
A4: Memória de Cálculos - Pavimentação | H4: largura | I4: comprimento | J4: área | K4: meio-fio | L4: descidas drenagem | M4: rampas | N4: largura rampa
A6: Rua Fábio Barbosa Vaz (Trecho 02) | H6: 5 | I6: 53.94 | J6: =H6*I6 -> 269.7
A7: Cálculo da área de pavimentação: | J7: 36.58
A8: Trecho 01 - E0 à E2+13,94 (retângulo) | C8: Trecho 02 - 2+13,94 à E3+1,28 | H8: 5 | I8: 66.88 | J8: =H8*I8 -> 334.4 | K8: =5.1+5.14+13.42+13.59+9.57+9.78+17.75+17.91+6.25+1.21+6.79+6.19+2.23+2.22+4.56+64.93+65.86+2.18+2.53 -> 257.21 | L8: =5.68+4.08+6.31+26.94+12.7+10.5+13.15+2.22+7.65+20.38+25.33+25.4+36.7+29.26+18.73+19.08+9.01+14.58+11.42+7.25+4.36+26.66+12.33+10.58+14.04+3.07+7.89+20.45+25.67+25.67+37.03+29.56+19.1+18.96+8.89+14.81+11.96 -> 597.4 | M8: 6 | N8: 1.2
A9: Comprimento: 53,94m | C9: Área determinada através do Cad, informada em | J9: 2.93 | L9: =2.43+3.39+2.31+2.97+2.01+3.07 -> 16.18
A10: Largura: 5,00m | C10: planta: | J10: 1.74
A11: A = 53,94 x 5,00 = 269,70m² | C11: A1 = 36,58m² | J11: 0.37
J12: 0.62
A13: Trecho 03 - E3+1,28 à E6+8,16 (retângulo) | C13: Demais áreas de pavimentação determinadas | J13: =H13*I13 -> 0
A14: Comprimento: 66,88m | C14: através de cad e indicadas em planta: | J14: =H14*I14 -> 0
A15: Largura: 5,00m | C15: A2 = 2,93m² | E15: A4 = 0,37m² | J15: =H15*I15 -> 0
A16: A = 66,88 x 5,00 = 334,40m² | C16: A3 = 1,74m² | E16: A5 = 0,62m² | J16: =SUM(J6:J15) -> 646.34
C17: Atotal = 2,93 + 1,74 + 0,37 + 0,62 = 5,66m²
A19: 1.0 > Serviços Preliminares:
A20: 1.2 | B20: > Locação de pavimentação Estaqueamento (E0 à E6+8,16) = 128,16m | E20: =H2 -> 128.16 | F20: m
A22: 2.0 > Movimento de Terra: | J22: =SUM(J8:J17) -> 986.4
A23: 2.1 | B23: > Regularização e compactação de sub-leito até 20cm de espessura A = 269,70 + 36,58 + 334,40 + 5,66 = 646,34m² | E23: =J16 -> 646.34 | F23: m²
A25: 3.0 > Pavimentação: | J25: =SUM(J11:J17) -> 647.33
A26: 3.1 | B26: > Assentamento de guia (meio-fio) em trecho reto, confeccionada em concreto pré-fabricado, dimensões 100x15x13x30 cm (comprimento x base inferior x base superior x altura), para vias urbanas (uso viário) Comprimento de meio-fio: C = 2,48 + 2,62 + 5,14 + 13,42 + 13,59 + 9,57 + 9,78 + 17,75 + 17,91 + 6,25 + 1,21 + 6,79 + 6,19 + 2,23 + 2,22 + 4,56 + 64,93 + 65,86 + 2,18 + 2,53 = 257,21m | E26: =K8 -> 257.21 | F26: m
A28: 3.2 | B28: > Execução de pavimento em paralelepípedo inclusive colchão de areia rejuntado no traço 1:3 (Cimento e areia) A = 269,70 + 36,58 + 334,40 + 5,66 = 646,34m² | E28: =E23 -> 646.34 | F28: m²
A30: 3.3 | B30: > Assentamento de guia (meio-fio) para cordão de travamento do pavimento, em pedra granítica Para travamento do início e fim do pavimento: C = 6,86 + 8,04 = 14,90m | E30: =6.86+8.04 -> 14.9 | F30: m
A32: 4.0 > Passeios (calçadas)
A33: 4.1 | B33: > Alvenaria de blocos cerâmicos furados na horizontal de 9x19x19 cm (espessura 9 cm) e argamassa de assentamento com preparo manual (para contenção das calçadas) A = (0,72 + 2,53 + 13,29 + 9,52 + 17,97 + 17,71 + 6,13 + 1,24 + 8,90 + 66,13 + 72,26) x 0,20 = 216,40m x 0,20m = 43,28m² | E33: =H33 -> 43.28 | F33: m² | G33: =0.72+2.53+13.29+9.52+17.97+17.71+6.13+1.24+8.9+66.13+72.26 -> 216.4 | H33: =G33*0.2 -> 43.28
A35: 4.2 | B35: > Execução de passeio (calçada) em concreto moldado in loco, feito em obra, acabamento convencional, não armado, espessura 6 cm Obs.: excluindo-se área de rampas, espessuras do meio-fio e volume do piso tátil V = 5,14 x 1,20 / 2 + (0,72 + 1,20) x 2,48 / 2 + (2,62 + 13,42 + 13,59 + 9,57 + 9,78 + 17,75 + 17,91 + 6,25 + 6,79 + 1,21 + 6,19) x 1,20 + (1,20 x 1,20) / 2 + (1,20 x 1,20) / 2 + (4,56 + 64,93 + 65,86) x 1,20 + (1,20 x 1,20) / 2 + (1,20 x 1,20) / 2 = 296,86m² - 54,00m² = 242,72m² x 0,06m = 14,57m³ Desconto do volume do piso tátil nas calçadas: V = (5,12 + 2,58 + 1,59 + 1,67 + 4,26 + 4,39 + 9,54 + 9,76 + 17,73 + 17,98 + 6,82 + 6,19 + 1,27 + 1,22 + 5,92 + 1,94 + 1,35 + 12,10 + 7,04 + 37,02 + 37,22 + 6,67 + 5,89) x 0,20 x 0,02 = 205,27 x 0,20 x 0,02 = 0,82m³ Total: V = 14,57 - 0,82 = 13,75m³ | E35: =M35 -> 13.75 | F35: m³ | G35: =5.14*1.2/2+(0.72+1.2)*2.48/2+(2.62+13.42+13.59+9.57+9.78+17.75+17.91+6.25+6.79+1.21+6.19)*1.2+(1.2*1.2)/2+(1.2*1.2)/2+(4.56+64.93+65.86)*1.2+(1.2*1.2)/2+(1.2*1.2)/2 -> 296.86 | H35: =G35-E46 -> 242.86 | J35: =H35*0.06 -> 14.57 | K35: =5.12+2.58+1.59+1.67+4.26+4.39+9.54+9.76+17.73+17.98+6.82+6.19+1.27+1.22+5.92+1.94+1.35+12.1+7.04+37.02+37.22+6.67+5.89 -> 205.27 | L35: =K35*0.2*0.02 -> 0.82 | M35: =J35-L35 -> 13.75
A37: 4.3 | B37: > Piso tátil direcional e/ou alerta, de concreto, na cor natural, para deficientes visuais, dimensões 20x20cm, aplicado com argamassa industrializada ac-ii Será a área referente ao desconto do piso tátil das calçadas, cujo somatório do comprimento foi calculado no item anterior: A = 205,27 x 0,20 = 41,05m² | E37: =G37 -> 41.05 | F37: m² | G37: =K35*0.2 -> 41.05
A39: 5.0 > Rampas de Acessibilidade
A40: 5.1 | B40: > Concreto Fck = 15MPa, traço 1:3,4:3,5 (em massa seca de cimento/ areia média/ brita 1) - preparo mecânico com betoneira 400 L V = (7,50 x 1,20) x 6 = 54,00m² x 0,06m = 3,24m³ Desconto do volume do piso tátil nas rampas: V = [(1,20 x 2 + 1,50 x 1) x 6] x 0,20 x 0,02 = 0,09m³ Total: V = 3,24 - 0,09 = 3,15m³ | E40: =K40 -> 3.15 | F40: m³ | G40: =7.5*N8*M8*0.06 -> 3.24 | H40: =(1.2*2+1.5)*M8 -> 23.4 | J40: =H40*0.2*0.02 -> 0.09 | K40: =G40-J40 -> 3.15 | N40: =(7.5*1.2)*7+5.75+6.31+5.25+6.11+5.71+5.24+5.25+7.18+7.07+5.2+5.25+5.15 -> 132.47 | O40: =N40*0.06 -> 7.95 | P40: =(1.2*3*7+1.05+2.42+1.05+4.76+1.42/2+2+1.05+3+1.05+2.66+1.05+2.01+1.05+3+1.05+1.05+1.05+1.05+1.05+1.05+1.05+2+1.05+2+1.05+2+0.99) -> 68.5 | Q40: =P40*0.2*0.02 -> 0.27 | R40: =P40*0.2 -> 13.7
A42: 5.2 | B42: > Lançamento com uso de baldes, adensamento e acabamento de concreto em estruturas V = (7,50 x 1,20) x 6 = 54,00m² x 0,06m = 3,24m³ Desconto do volume do piso tátil nas rampas: V = [(1,20 x 2 + 1,50 x 1) x 6] x 0,20 x 0,02 = 0,09m³ Total: V = 3,24 - 0,09 = 3,15m³ | E42: =E40 -> 3.15 | F42: m³
A44: 5.3 | B44: > Piso tátil direcional e/ou alerta, de concreto, na cor natural, para deficientes visuais, dimensões 20x20cm, aplicado com argamassa industrializada ac-ii Rampas: A = [(1,20 x 2 + 1,50 x 1) x 6] x 0,20 = 4,68m² | E44: =G44 -> 4.68 | F44: m² | G44: =(N8*2+1.5)*M8*0.2 -> 4.68
A46: 5.4 | B46: > Pintura de piso com tinta acrílica, aplicação manual, 2 demãos, incluso fundo preparador A = (7,50 x 1,20) x 6 = 54,00m² | E46: =G46 -> 54 | F46: m² | G46: =7.5*N8*M8:M8 -> 54
A48: 6.0 > Sinalização
A49: 6.1 | B49: > Fornecimento e instalação de suporte de madeira para placas de sinalização, em solo, com h= de 2,0 m e seção de 7,5 x 7,5 cm Quantidade = 2 und | E49: 2 | F49: unid
A51: 6.2 | B51: > Placa de advertência em aço, lado de 0,60 m - película retrorrefletiva tipo I + SI, para sinalização vertical - fornecimento e implantação Quantidade = 2 und | E51: 2 | F51: unid
A53: 7.0 > Serviços Complementares
A54: 7.1 | B54: > Pintura de meio-fio com tinta branca a base de cal A = 257,21 x (0,15 + 0,13) = 72,02m² | E54: =E26*(0.15+0.13) -> 72.02 | F54: m² | H54: =#REF!*0.28 -> #REF!
A56: 7.2 | B56: > Placa esmaltada para identificação do nome da rua (45,00 x 20,00 cm): Q = 1 und | E56: 1 | F56: unid | H56: 3.9 | I56: 216
A58: 7.3 | B58: > Fornecimento e instalação de suporte de madeira para placas de identificação de rua, em solo, com h= de 2,0 m e seção de 7,5 x 7,5 cm Q = 1 und | E58: 1 | F58: unid
A60: ESTADO DA PARAIBA
A61: =A2 -> PREFEITURA MUNICIPAL DE MAMANGUAPE
A63: Planilha Orçamentária Individual - Pavimentação
A64: =A6 -> Rua Fábio Barbosa Vaz (Trecho 02)
A66: Item | B66: Discriminação dos Serviços | C66: Unid. | D66: Quant. | E66: Preço
E67: Unitário | F67: Total
A68: 1.0 | B68: Serviços Preliminares | F68: =F69 -> 73.05
A69: 1.2 | B69: ='Planilha Global'!B11 -> Execução de linhas de referência em gabarito ou cavalete (locação de pavimentação) | C69: =F20 -> m | D69: =E20 -> 128.16 | E69: ='Planilha Global'!N11 -> 0.57 | F69: =ROUND(D69,2)*ROUND(E69,2) -> 73.05
A71: 2.0 | B71: Movimento de Terra | F71: =SUM(F72:F72) -> 1615.85
A72: 2.1 | B72: ='Planilha Global'!B14 -> Regularização e compactação do subleito até 20 cm de espessura | C72: =F23 -> m² | D72: =E23 -> 646.34 | E72: ='Planilha Global'!N14 -> 2.5 | F72: =ROUND(D72,2)*ROUND(E72,2) -> 1615.85
A74: 3.0 | B74: Pavimentação | F74: =SUM(F75:F77) -> 83349.65
A75: 3.1 | B75: ='Planilha Global'!B17 -> Assentamento de guia (meio-fio) em trecho reto, confeccionada em concreto pré-fabricado, dimensões 100x15x13x30 cm (comprimento x base inferior x base superior x altura), para vias urbanas (uso viário) | C75: =F26 -> m | D75: =E26 -> 257.21 | E75: ='Planilha Global'!N17 -> 49.53 | F75: =ROUND(D75,2)*ROUND(E75,2) -> 12739.61
A76: 3.2 | B76: ='Planilha Global'!B18 -> Execução de pavimento em paralelepípedos, rejuntamento com argamassa traço 1:3 (cimento e areia) | C76: =F28 -> m² | D76: =E28 -> 646.34 | E76: ='Planilha Global'!N18 -> 107.81 | F76: =ROUND(D76,2)*ROUND(E76,2) -> 69681.92
A77: 3.3 | B77: ='Planilha Global'!B19 -> Assentamento de guia (meio-fio) para cordão de travamento do pavimento, em pedra granítica | C77: =F30 -> m | D77: =E30 -> 14.9 | E77: ='Planilha Global'!N19 -> 62.29 | F77: =ROUND(D77,2)*ROUND(E77,2) -> 928.12
A79: 4.0 | B79: Passeios (calçadas) | F79: =SUM(F80:F82) -> 24487.86
A80: 4.1 | B80: ='Planilha Global'!B22 -> Alvenaria de blocos cerâmicos furados na horizontal de 9x19x19 cm (espessura 9 cm) e argamassa de assentamento com preparo manual (para contenção das calçadas) | C80: =F33 -> m² | D80: =E33 -> 43.28 | E80: ='Planilha Global'!N22 -> 107.24 | F80: =ROUND(D80,2)*ROUND(E80,2) -> 4641.35 | H80: 73.06
A81: 4.2 | B81: ='Planilha Global'!B23 -> Execução de passeio (calçada) ou piso de concreto com concreto moldado in loco, feito em obra, acabamento convencional, não armado | C81: =F35 -> m³ | D81: ='Fábio Vaz - T2'!E35 -> 13.75 | E81: ='Planilha Global'!N23 -> 943.02 | F81: =ROUND(D81,2)*ROUND(E81,2) -> 12966.53 | H81: 703.2
A82: 4.3 | B82: ='Planilha Global'!B24 -> Piso podotátil de alerta ou direcional, de concreto, assentado sobre argamassa | C82: =F37 -> m² | D82: =E37 -> 41.05 | E82: ='Planilha Global'!N24 -> 167.6 | F82: =ROUND(D82,2)*ROUND(E82,2) -> 6879.98 | H82: 109.78
A84: 5.0 | B84: Rampas de Acessibilidade | F84: =SUM(F85:F88) -> 4870.17
A85: 5.1 | B85: ='Planilha Global'!B27 -> Concreto Fck = 15mpa, traço 1:3,4:3,5 (em massa seca de cimento/ areia média/ brita 1), preparo mecânico com betoneira 400 L | C85: =F40 -> m³ | D85: =E40 -> 3.15 | E85: ='Planilha Global'!N27 -> 553.16 | F85: =ROUND(D85,2)*ROUND(E85,2) -> 1742.45 | H85: 410.85
A86: 5.2 | B86: ='Planilha Global'!B28 -> Lançamento com uso de baldes, adensamento e acabamento de concreto em estruturas | C86: =F42 -> m³ | D86: =E42 -> 3.15 | E86: ='Planilha Global'!N28 -> 324.95 | F86: =ROUND(D86,2)*ROUND(E86,2) -> 1023.59 | H86: 223.25
A87: 5.3 | B87: ='Planilha Global'!B29 -> Piso podotátil de alerta ou direcional, de concreto, assentado sobre argamassa | C87: =F44 -> m² | D87: =E44 -> 4.68 | E87: ='Planilha Global'!N29 -> 167.6 | F87: =ROUND(D87,2)*ROUND(E87,2) -> 784.37 | H87: 109.78
A88: 5.4 | B88: ='Planilha Global'!B30 -> Pintura de piso com tinta acrílica, aplicação manual, 2 demãos, incluso fundo preparador | C88: =F46 -> m² | D88: =E46 -> 54 | E88: ='Planilha Global'!N30 -> 24.44 | F88: =ROUND(D88,2)*ROUND(E88,2) -> 1319.76 | H88: 14.87
A90: 6.0 | B90: Sinalização | F90: =SUM(F91:F92) -> 928.9
A91: 6.1 | B91: ='Planilha Global'!B33 -> Fornecimento e instalação de suporte de madeira para placas de sinalização, em solo, com h= de 2,0 m e seção de 7,5 x 7,5 cm | C91: =F49 -> unid | D91: =E49 -> 2 | E91: ='Planilha Global'!N33 -> 120.58 | F91: =ROUND(D91*E91,2) -> 241.16
A92: 6.2 | B92: ='Planilha Global'!B34 -> Placa de advertência em aço, lado de 0,60 m - película retrorrefletiva tipo I + SI - fornecimento e implantação | C92: =F51 -> unid | D92: =E51 -> 2 | E92: ='Planilha Global'!N34 -> 343.87 | F92: =ROUND(D92*E92,2) -> 687.74 | H92: 349.41
A94: 7.0 | B94: Serviços Complementares | F94: =SUM(F95:F97) -> 429.71
A95: 7.1 | B95: ='Planilha Global'!B37 -> Pintura de meio-fio com tinta branca a base de cal (caiação) | C95: =F54 -> m² | D95: =E54 -> 72.02 | E95: ='Planilha Global'!N37 -> 1.78 | F95: =ROUND(D95,2)*ROUND(E95,2) -> 128.2
A96: 7.2 | B96: ='Planilha Global'!B38 -> Placa esmaltada para identificação de nome de rua, dimensões 45x20cm | C96: =F56 -> unid | D96: =E56 -> 1 | E96: ='Planilha Global'!N38 -> 180.93 | F96: =ROUND(D96,2)*ROUND(E96,2) -> 180.93
A97: 7.3 | B97: ='Planilha Global'!B39 -> Fornecimento e instalação de suporte de madeira para placas de identificação de rua, em solo, com h= de 2,0 m e seção de 7,5 x 7,5 cm | C97: =F58 -> unid | D97: =E58 -> 1 | E97: ='Planilha Global'!N39 -> 120.58 | F97: =ROUND(D97*E97,2) -> 120.58
A99: T O T A L . . . . . . . . | F99: =F68+F71+F74+F79+F84+F90+F94 -> 115755.19
A101: Obs: Encargos Sociais Desonerados de 91,01% (h) contidos nos insumos, conforme informa a tabela de referência citada. | G101: =175162.63/D76 -> 271.00695
A102: ='Composição Custos Unit'!G37 -> Referência: SINAPI PB Fevereiro/25; DER PB Jan-Mar/25 | C102: ='Planilha Global'!A43 -> BDI: 28,99%
G104: =F99/D69 -> 903.20841
F105: =F99/D72 -> 179.09
F107: ='Maria Livramento - T1'!F106+'Maria Livramento - T2'!F108+'Fábio Vaz - T1'!F114+'Fábio Vaz - T2'!F99 -> 483833.61

Sheet José Vieira - T1
A1: ESTADO DA PARAIBA
A2: ='[2]Planilha Global'!A2 -> PREFEITURA MUNICIPAL DE MAMANGUAPE | G2: Extensão da rua | H2: 112.1
A4: Memória de Cálculos - Pavimentação | H4: largura | I4: comprimento | J4: área | K4: meio-fio | L4: descidas drenagem | M4: rampas | N4: largura rampa
A6: Rua José Vieira (Trecho 01) | H6: =(5.37+5.26)/2 -> 5.315 | I6: 63.93 | J6: =H6*I6 -> 339.79
A7: Cálculo da área de pavimentação: | J7: 0.53
A8: E0 à E3+3,93 (trapézio) | C8: Áreas de curva de meio-fio indicadas em planta | J8: 0.49 | K8: =2.21+2.21+23.16+32.4+37.45+28.88+2.27+2.45 -> 131.03 | L8: =5.68+4.08+6.31+26.94+12.7+10.5+13.15+2.22+7.65+20.38+25.33+25.4+36.7+29.26+18.73+19.08+9.01+14.58+11.42+7.25+4.36+26.66+12.33+10.58+14.04+3.07+7.89+20.45+25.67+25.67+37.03+29.56+19.1+18.96+8.89+14.81+11.96 -> 597.4 | M8: 4 | N8: 1.2
A9: Comprimento: 63,93m | C9: A1 = 0,53m² | E9: A4 = 0,53m² | J9: 0.42 | L9: =2.43+3.39+2.31+2.97+2.01+3.07 -> 16.18
A10: Largura inicio: 5,37m / largura fim: 5,26m | C10: A2 = 0,49m² | J10: 0.53
A11: A = (5,37 + 5,26) x 63,93 / 2 = 339,79m² | C11: A3 = 0,42m² | E11: Atotal = 1,97m² | J11: =SUM(J6:J10) -> 341.76
A13: 1.0 > Serviços Preliminares:
A14: 1.2 | B14: > Locação de pavimentação Estaqueamento (E0 à E3+3,93) = 63,93m | E14: 63.93 | F14: m
A16: 2.0 > Movimento de Terra:
A17: 2.1 | B17: > Regularização e compactação de sub-leito até 20cm de espessura A = 339,79 + 1,97 = 341,76m² | E17: =J11 -> 341.76 | F17: m²
A19: 3.0 > Pavimentação: | J19: =SUM(J11:J12) -> 341.76
A20: 3.1 | B20: > Assentamento de guia (meio-fio) em trecho reto, confeccionada em concreto pré-fabricado, dimensões 100x15x13x30 cm (comprimento x base inferior x base superior x altura), para vias urbanas (uso viário) Comprimento de meio-fio: C = 2,21 + 2,21 + 23,16 + 32,40 + 37,45 + 28,88 + 2,27 + 2,45 = 131,03m | E20: =K8 -> 131.03 | F20: m
A22: 3.2 | B22: > Execução de pavimento em paralelepípedo inclusive colchão de areia rejuntado no traço 1:3 (Cimento e areia) A = 339,79 + 1,97 = 341,76m² | E22: =E17 -> 341.76 | F22: m²
A24: 3.3 | B24: > Assentamento de guia (meio-fio) para cordão de travamento do pavimento, em pedra granítica Para travamento do início e fim do pavimento: C = 5,26m | E24: 5.26 | F24: m
A26: 4.0 > Passeios (calçadas)
A27: 4.1 | B27: > Alvenaria de blocos cerâmicos furados na horizontal de 9x19x19 cm (espessura 9 cm) e argamassa de assentamento com preparo manual (para contenção das calçadas) A = (1,67 + 1,22 + 8,35 + 1,12) x 0,20 = 12,36m x 0,20m = 2,47m² | E27: =H27 -> 2.47 | F27: m² | G27: =1.67+1.22+8.35+1.12 -> 12.36 | H27: =G27*0.2 -> 2.47
A29: 4.2 | B29: > Execução de passeio (calçada) em concreto moldado in loco, feito em obra, acabamento convencional, não armado, espessura 6 cm Obs.: excluindo-se área de rampas, espessuras do meio-fio e volume do piso tátil V = 1,20 x 1,20 / 2 + 1,20 x 1,20 / 2 + (23,16 + 32,40 + 37,45 + 28,88) x 1,20 + 1,20 x 1,20 / 2 + 1,20 x 1,20 / 2 = 149,15m² - 36,00m² = 113,15m² x 0,06m = 6,79m³ Desconto do volume do piso tátil nas calçadas: V = (1,21 + 1,26 + 5,52 + 5,79 + 10,10 + 19,16 + 26,11 + 17,01 + 3,89 + 4,36 + 1,65 + 1,45 + 1,86) x 0,20 x 0,02 = 99,37 x 0,20 x 0,02 = 0,40m³ Total: V = 6,79 - 0,40 = 6,39m³ | E29: =M29 -> 6.39 | F29: m³ | G29: =1.2*1.2/2+1.2*1.2/2+(23.16+32.4+37.45+28.88)*1.2+1.2*1.2/2+1.2*1.2/2 -> 149.15 | H29: =G29-E40 -> 113.15 | J29: =H29*0.06 -> 6.79 | K29: =1.21+1.26+5.52+5.79+10.1+19.16+26.11+17.01+3.89+4.36+1.65+1.45+1.86 -> 99.37 | L29: =K29*0.2*0.02 -> 0.4 | M29: =J29-L29 -> 6.39
A31: 4.3 | B31: > Piso tátil direcional e/ou alerta, de concreto, na cor natural, para deficientes visuais, dimensões 20x20cm, aplicado com argamassa industrializada ac-ii Será a área referente ao desconto do piso tátil das calçadas, cujo somatório do comprimento foi calculado no item anterior: A = 227,24 x 0,20 = 36,57m² | E31: =G31 -> 19.87 | F31: m² | G31: =K29*0.2 -> 19.87
A33: 5.0 > Rampas de Acessibilidade
A34: 5.1 | B34: > Concreto Fck = 15MPa, traço 1:3,4:3,5 (em massa seca de cimento/ areia média/ brita 1) - preparo mecânico com betoneira 400 L V = (7,50 x 1,20) x 4 = 36,00m² x 0,06m = 2,16m³ Desconto do volume do piso tátil nas rampas: V = [(1,20 x 2 + 1,50 x 1) x 4] x 0,20 x 0,02 = 0,06m³ Total: V = 2,16 - 0,06 = 2,10m³ | E34: =K34 -> 2.1 | F34: m³ | G34: =7.5*N8*M8*0.06 -> 2.16 | H34: =(1.2*2+1.5)*M8 -> 15.6 | J34: =H34*0.2*0.02 -> 0.06 | K34: =G34-J34 -> 2.1 | N34: =(7.5*1.2)*7+5.75+6.31+5.25+6.11+5.71+5.24+5.25+7.18+7.07+5.2+5.25+5.15 -> 132.47 | O34: =N34*0.06 -> 7.95 | P34: =(1.2*3*7+1.05+2.42+1.05+4.76+1.42/2+2+1.05+3+1.05+2.66+1.05+2.01+1.05+3+1.05+1.05+1.05+1.05+1.05+1.05+1.05+2+1.05+2+1.05+2+0.99) -> 68.5 | Q34: =P34*0.2*0.02 -> 0.27 | R34: =P34*0.2 -> 13.7
A36: 5.2 | B36: > Lançamento com uso de baldes, adensamento e acabamento de concreto em estruturas V = (7,50 x 1,20) x 4 = 36,00m² x 0,06m = 2,16m³ Desconto do volume do piso tátil nas rampas: V = [(1,20 x 2 + 1,50 x 1) x 4] x 0,20 x 0,02 = 0,06m³ Total: V = 2,16 - 0,06 = 2,10m³ | E36: =E34 -> 2.1 | F36: m³
A38: 5.3 | B38: > Piso tátil direcional e/ou alerta, de concreto, na cor natural, para deficientes visuais, dimensões 20x20cm, aplicado com argamassa industrializada ac-ii Rampas: A = [(1,20 x 2 + 1,50 x 1) x 4] x 0,20 = 3,12m² | E38: =G38 -> 3.12 | F38: m² | G38: =(N8*2+1.5)*M8*0.2 -> 3.12
A40: 5.4 | B40: > Pintura de piso com tinta acrílica, aplicação manual, 2 demãos, incluso fundo preparador A = (7,50 x 1,20) x 4 = 36,00m² | E40: =G40 -> 36 | F40: m² | G40: =7.5*N8*M8:M8 -> 36
A42: 6.0 > Sinalização
A43: 6.1 | B43: > Fornecimento e instalação de suporte de madeira para placas de sinalização, em solo, com h= de 2,0 m e seção de 7,5 x 7,5 cm Quantidade = 2 und | E43: 2 | F43: unid
A45: 6.2 | B45: > Placa de advertência em aço, lado de 0,60 m - película retrorrefletiva tipo I + SI, para sinalização vertical - fornecimento e implantação Quantidade = 2 und | E45: 2 | F45: unid
A47: 7.0 > Serviços Complementares
A48: 7.1 | B48: > Pintura de meio-fio com tinta branca a base de cal A = 131,03 x (0,15 + 0,13) = 36,69m² | E48: =E20*(0.15+0.13) -> 36.69 | F48: m² | H48: =#REF!*0.28 -> #REF!
A50: 7.2 | B50: > Placa esmaltada para identificação do nome da rua (45,00 x 20,00 cm): Q = 1 und | E50: 1 | F50: unid | H50: 3.9 | I50: 216
A52: 7.3 | B52: > Fornecimento e instalação de suporte de madeira para placas de identificação de rua, em solo, com h= de 2,0 m e seção de 7,5 x 7,5 cm Q = 1 und | E52: 1 | F52: unid
A54: ESTADO DA PARAIBA
A55: =A2 -> PREFEITURA MUNICIPAL DE MAMANGUAPE
A57: Planilha Orçamentária Individual - Pavimentação
A58: =A6 -> Rua José Vieira (Trecho 01)
A60: Item | B60: Discriminação dos Serviços | C60: Unid. | D60: Quant. | E60: Preço
E61: Unitário | F61: Total
A62: 1.0 | B62: Serviços Preliminares | F62: =F63 -> 36.44
A63: 1.2 | B63: ='Planilha Global'!B11 -> Execução de linhas de referência em gabarito ou cavalete (locação de pavimentação) | C63: =F14 -> m | D63: =E14 -> 63.93 | E63: ='Planilha Global'!N11 -> 0.57 | F63: =ROUND(D63,2)*ROUND(E63,2) -> 36.44
A65: 2.0 | B65: Movimento de Terra | F65: =SUM(F66:F66) -> 854.4
A66: 2.1 | B66: ='Planilha Global'!B14 -> Regularização e compactação do subleito até 20 cm de espessura | C66: =F17 -> m² | D66: =E17 -> 341.76 | E66: ='Planilha Global'!N14 -> 2.5 | F66: =ROUND(D66,2)*ROUND(E66,2) -> 854.4
A68: 3.0 | B68: Pavimentação | F68: =SUM(F69:F71) -> 43662.72
A69: 3.2 | B69: ='Planilha Global'!B17 -> Assentamento de guia (meio-fio) em trecho reto, confeccionada em concreto pré-fabricado, dimensões 100x15x13x30 cm (comprimento x base inferior x base superior x altura), para vias urbanas (uso viário) | C69: =F20 -> m | D69: =E20 -> 131.03 | E69: ='Planilha Global'!N17 -> 49.53 | F69: =ROUND(D69,2)*ROUND(E69,2) -> 6489.92
A70: 3.3 | B70: ='Planilha Global'!B18 -> Execução de pavimento em paralelepípedos, rejuntamento com argamassa traço 1:3 (cimento e areia) | C70: =F22 -> m² | D70: =E22 -> 341.76 | E70: ='Planilha Global'!N18 -> 107.81 | F70: =ROUND(D70,2)*ROUND(E70,2) -> 36845.15
A71: 3.4 | B71: ='Planilha Global'!B19 -> Assentamento de guia (meio-fio) para cordão de travamento do pavimento, em pedra granítica | C71: =F24 -> m | D71: =E24 -> 5.26 | E71: ='Planilha Global'!N19 -> 62.29 | F71: =ROUND(D71,2)*ROUND(E71,2) -> 327.65
A73: 4.0 | B73: Passeios (calçadas) | F73: =SUM(F74:F76) -> 9620.99
A74: 4.1 | B74: ='Planilha Global'!B22 -> Alvenaria de blocos cerâmicos furados na horizontal de 9x19x19 cm (espessura 9 cm) e argamassa de assentamento com preparo manual (para contenção das calçadas) | C74: =F27 -> m² | D74: =E27 -> 2.47 | E74: ='Planilha Global'!N22 -> 107.24 | F74: =ROUND(D74,2)*ROUND(E74,2) -> 264.88 | H74: 73.06
A75: 4.2 | B75: ='Planilha Global'!B23 -> Execução de passeio (calçada) ou piso de concreto com concreto moldado in loco, feito em obra, acabamento convencional, não armado | C75: =F29 -> m³ | D75: ='José Vieira - T1'!E29 -> 6.39 | E75: ='Planilha Global'!N23 -> 943.02 | F75: =ROUND(D75,2)*ROUND(E75,2) -> 6025.9 | H75: 703.2
A76: 4.3 | B76: ='Planilha Global'!B24 -> Piso podotátil de alerta ou direcional, de concreto, assentado sobre argamassa | C76: =F31 -> m² | D76: =E31 -> 19.87 | E76: ='Planilha Global'!N24 -> 167.6 | F76: =ROUND(D76,2)*ROUND(E76,2) -> 3330.21 | H76: 109.78
A78: 5.0 | B78: Rampas de Acessibilidade | F78: =SUM(F79:F82) -> 3246.79
A79: 5.1 | B79: ='Planilha Global'!B27 -> Concreto Fck = 15mpa, traço 1:3,4:3,5 (em massa seca de cimento/ areia média/ brita 1), preparo mecânico com betoneira 400 L | C79: =F34 -> m³ | D79: =E34 -> 2.1 | E79: ='Planilha Global'!N27 -> 553.16 | F79: =ROUND(D79,2)*ROUND(E79,2) -> 1161.64 | H79: 410.85
A80: 5.2 | B80: ='Planilha Global'!B28 -> Lançamento com uso de baldes, adensamento e acabamento de concreto em estruturas | C80: =F36 -> m³ | D80: =E36 -> 2.1 | E80: ='Planilha Global'!N28 -> 324.95 | F80: =ROUND(D80,2)*ROUND(E80,2) -> 682.4 | H80: 223.25
A81: 5.3 | B81: ='Planilha Global'!B29 -> Piso podotátil de alerta ou direcional, de concreto, assentado sobre argamassa | C81: =F38 -> m² | D81: =E38 -> 3.12 | E81: ='Planilha Global'!N29 -> 167.6 | F81: =ROUND(D81,2)*ROUND(E81,2) -> 522.91 | H81: 109.78
A82: 5.4 | B82: ='Planilha Global'!B30 -> Pintura de piso com tinta acrílica, aplicação manual, 2 demãos, incluso fundo preparador | C82: =F40 -> m² | D82: =E40 -> 36 | E82: ='Planilha Global'!N30 -> 24.44 | F82: =ROUND(D82,2)*ROUND(E82,2) -> 879.84 | H82: 14.87
A84: 6.0 | B84: Sinalização | F84: =SUM(F85:F86) -> 928.9
A85: 6.1 | B85: ='Planilha Global'!B33 -> Fornecimento e instalação de suporte de madeira para placas de sinalização, em solo, com h= de 2,0 m e seção de 7,5 x 7,5 cm | C85: =F43 -> unid | D85: =E43 -> 2 | E85: ='Planilha Global'!N33 -> 120.58 | F85: =ROUND(D85*E85,2) -> 241.16
A86: 6.2 | B86: ='Planilha Global'!B34 -> Placa de advertência em aço, lado de 0,60 m - película retrorrefletiva tipo I + SI - fornecimento e implantação | C86: =F45 -> unid | D86: =E45 -> 2 | E86: ='Planilha Global'!N34 -> 343.87 | F86: =ROUND(D86*E86,2) -> 687.74 | H86: 349.41
A88: 7.0 | B88: Serviços Complementares | F88: =SUM(F89:F91) -> 366.82
A89: 7.1 | B89: ='Planilha Global'!B37 -> Pintura de meio-fio com tinta branca a base de cal (caiação) | C89: =F48 -> m² | D89: =E48 -> 36.69 | E89: ='Planilha Global'!N37 -> 1.78 | F89: =ROUND(D89,2)*ROUND(E89,2) -> 65.31
A90: 7.2 | B90: ='Planilha Global'!B38 -> Placa esmaltada para identificação de nome de rua, dimensões 45x20cm | C90: =F50 -> unid | D90: =E50 -> 1 | E90: ='Planilha Global'!N38 -> 180.93 | F90: =ROUND(D90,2)*ROUND(E90,2) -> 180.93
A91: 7.3 | B91: ='Planilha Global'!B39 -> Fornecimento e instalação de suporte de madeira para placas de identificação de rua, em solo, com h= de 2,0 m e seção de 7,5 x 7,5 cm | C91: =F52 -> unid | D91: =E52 -> 1 | E91: ='Planilha Global'!N39 -> 120.58 | F91: =ROUND(D91*E91,2) -> 120.58
A93: T O T A L . . . . . . . . | F93: =F62+F65+F68+F73+F78+F84+F88 -> 58717.06
A95: Obs: Encargos Sociais Desonerados de 91,01% (h) contidos nos insumos, conforme informa a tabela de referência citada. | G95: =175162.63/D70 -> 512.5311
A96: ='Composição Custos Unit'!G37 -> Referência: SINAPI PB Fevereiro/25; DER PB Jan-Mar/25 | C96: ='Planilha Global'!A43 -> BDI: 28,99%
F98: =F93+'José Vieira - T2'!F108+'José Vieira - T3'!F92 -> 221623.05 | G98: =F93/#REF! -> #REF!
F99: =F93/D66 -> 171.81
F101: ='Maria Livramento - T1'!F106+'Maria Livramento - T2'!F108+'Fábio Vaz - T1'!F114+'José Vieira - T1'!F93 -> 426795.48

Sheet José Vieira - T2
A1: ESTADO DA PARAIBA
A2: ='[2]Planilha Global'!A2 -> PREFEITURA MUNICIPAL DE MAMANGUAPE | G2: Extensão da rua | H2: 112.1
A4: Memória de Cálculos - Pavimentação | H4: largura | I4: comprimento | J4: área | K4: meio-fio | L4: descidas drenagem | M4: rampas | N4: largura rampa
A6: Rua José Vieira (Trecho 02) | H6: =(7.65+5.46)/2 -> 6.555 | I6: 10 | J6: =H6*I6 -> 65.55
A7: Cálculo da área de pavimentação: | H7: =(5.46+5.94)/2 -> 5.7 | I7: 19.26 | J7: =H7*I7 -> 109.78
A8: Trecho 01 - E0 à E0+10,00 (trapézio) | C8: Trecho 02 - E0+10,00 à E1+9,26 (trapézio) | H8: =(5.94+5.92)/2 -> 5.93 | I8: 14.86 | J8: =H8*I8 -> 88.12 | K8: =10+10.13+19.2+20.35+13.83+13.85+12.47+12.47+11.96+24.44+12.69+4.89+31.74+24.76+2.22+2.24 -> 227.24 | L8: =5.68+4.08+6.31+26.94+12.7+10.5+13.15+2.22+7.65+20.38+25.33+25.4+36.7+29.26+18.73+19.08+9.01+14.58+11.42+7.25+4.36+26.66+12.33+10.58+14.04+3.07+7.89+20.45+25.67+25.67+37.03+29.56+19.1+18.96+8.89+14.81+11.96 -> 597.4 | M8: 4 | N8: 1.2
A9: Comprimento: 10,00m | C9: Comprimento: 19,26m | H9: =(5.92+5.69)/2 -> 5.805 | I9: 12.52 | J9: =H9*I9 -> 72.68 | L9: =2.43+3.39+2.31+2.97+2.01+3.07 -> 16.18
A10: Largura inicio: 7,65m / largura fim: 5,46m | C10: Largura inicio: 5,46m / largura fim: 5,94m | H10: =(5.69+5.57)/2 -> 5.63 | I10: 24.41 | J10: =H10*I10 -> 137.43
A11: A = (7,65 + 5,46) x 10,00 / 2 = 65,55m² | C11: A = (5,46 + 5,94) x 19,26 / 2 = 109,78m² | H11: =(5.57+6.88)/2 -> 6.225 | I11: 4.76 | J11: =H11*I11 -> 29.63
H12: =(6.88+6.64)/2 -> 6.76 | I12: 26.29 | J12: =H12*I12 -> 177.72
A13: Trecho 03 - E1+9,26 à E2+4,12 (trapézio) | C13: Trecho 04 - E2+4,12 à E2+16,64 (trapézio) | J13: 0.95
A14: Comprimento: 14,86m | C14: Comprimento: 12,52m | J14: =SUM(J6:J13) -> 681.86
A15: Largura inicio: 5,94m / largura fim: 5,92m | C15: Largura inicio: 5,92m / largura fim: 5,69m
A16: A = (5,94 + 5,92) x 14,86 / 2 = 88,12m² | C16: A = (5,92+ 5,69) x 12,52 / 2 = 72,68m²
A18: Trecho 05 - E2+16,64 à E4+1,05 (trapézio) | C18: Trecho 06 - E4+1,05 à E4+5,81 (retângulo)
A19: Comprimento: 24,41m | C19: Comprimento: 4,76m
A20: Largura inicio: 5,69m / largura fim: 5,57m | C20: Largura inicio: 5,57m / largura fim: 6,88m
A21: A = (5,69 + 5,57) x 24,41 / 2 = 137,43m² | C21: A = (5,57 + 6,88) x 4,76 / 2 = 29,63m² | J21: =SUM(J6:J20) -> 1363.72
A23: Trecho 07 - E4+5,81 à E5+12,10 (trapézio) | C23: Áreas de curva de meio-fio indicadas em planta
A24: Comprimento: 26,29m | C24: A1 = 0,47m²
A25: Largura inicio: 6,88m / largura fim: 6,64m | C25: A2 = 0,48m² | E25: Atotal = 0,95m²
A26: A = (6,88 + 6,64) x 26,29 / 2 = 177,72m² | J26: =SUM(J11:J25) -> 2253.88
A28: 1.0 > Serviços Preliminares:
A29: 1.2 | B29: > Locação de pavimentação Estaqueamento (E0 à E5+12,10) = 112,10m | E29: =H2 -> 112.1 | F29: m
A31: 2.0 > Movimento de Terra: | J31: =SUM(J8:J22) -> 2552.11
A32: 2.1 | B32: > Regularização e compactação de sub-leito até 20cm de espessura A = 65,55 + 109,78 + 88,12 + 72,68 + 137,43 + 29,63 + 177,72 + 0,95 = 681,86m² | E32: =J14 -> 681.86 | F32: m²
A34: 3.0 > Pavimentação: | J34: =SUM(J11:J22) -> 2253.88
A35: 3.1 | B35: > Assentamento de guia (meio-fio) em trecho reto, confeccionada em concreto pré-fabricado, dimensões 100x15x13x30 cm (comprimento x base inferior x base superior x altura), para vias urbanas (uso viário) Comprimento de meio-fio: C = 10,00 + 10,13 + 19,20 + 20,35 + 13,83 + 13,85 + 12,47 + 12,47 + 11,96 + 24,44 + 12,69 + 4,89 + 31,74 + 24,76 + 2,22 + 2,24 = 227,24m | E35: =K8 -> 227.24 | F35: m
A37: 3.2 | B37: > Execução de pavimento em paralelepípedo inclusive colchão de areia rejuntado no traço 1:3 (Cimento e areia) A = 65,55 + 109,78 + 88,12 + 72,68 + 137,43 + 29,63 + 177,72 + 0,95 = 681,86m² | E37: =E32 -> 681.86 | F37: m²
A39: 3.3 | B39: > Assentamento de guia (meio-fio) para cordão de travamento do pavimento, em pedra granítica Para travamento do início e fim do pavimento: C = 6,64m | E39: 6.64 | F39: m
A41: 4.0 > Passeios (calçadas)
A42: 4.1 | B42: > Alvenaria de blocos cerâmicos furados na horizontal de 9x19x19 cm (espessura 9 cm) e argamassa de assentamento com preparo manual (para contenção das calçadas) A = (27,88 + 4,89 + 26,45 + 1,86) x 0,20 = 61,08m x 0,20m = 12,22m² | E42: =H42 -> 12.22 | F42: m² | G42: =27.88+4.89+26.45+1.86 -> 61.08 | H42: =G42*0.2 -> 12.22
A44: 4.2 | B44: > Execução de passeio (calçada) em concreto moldado in loco, feito em obra, acabamento convencional, não armado, espessura 6 cm Obs.: excluindo-se área de rampas, espessuras do meio-fio e volume do piso tátil V = 10,00 x 1,20 / 2 + 10,13 x 1,20 / 2 + (19,20 + 20,35 + 13,83 + 13,85 + 12,47 + 12,47 + 11,96 + 24,44 + 12,69 + 4,89 + 31,74 + 24,76) x 1,20 + 1,20 x 1,20 / 2 + 1,20 x 1,20 / 2 = 256,70m² - 36,00m² = 220,70m² x 0,06m = 13,24m³ Desconto do volume do piso tátil nas calçadas: V = (4,98 + 6,70 + 11,70 + 12,83 + 13,83 + 13,85 + 12,47 + 12,47 + 11,96 + 24,33 + 12,69 + 4,89 + 16,63 + 11,05 + 6,22 + 6,27) x 0,20 x 0,02 = 182,87 x 0,20 x 0,02 = 0,73m³ Total: V = 13,24 - 0,73 = 12,51m³ | E44: =M44 -> 12.51 | F44: m³ | G44: =10*1.2/2+10.13*1.2/2+(19.2+20.35+13.83+13.85+12.47+12.47+11.96+24.44+12.69+4.89+31.74+24.76)*1.2+1.2*1.2/2+1.2*1.2/2 -> 256.7 | H44: =G44-E55 -> 220.7 | J44: =H44*0.06 -> 13.24 | K44: =4.98+6.7+11.7+12.83+13.83+13.85+12.47+12.47+11.96+24.33+12.69+4.89+16.63+11.05+6.22+6.27 -> 182.87 | L44: =K44*0.2*0.02 -> 0.73 | M44: =J44-L44 -> 12.51
A46: 4.3 | B46: > Piso tátil direcional e/ou alerta, de concreto, na cor natural, para deficientes visuais, dimensões 20x20cm, aplicado com argamassa industrializada ac-ii Será a área referente ao desconto do piso tátil das calçadas, cujo somatório do comprimento foi calculado no item anterior: A = 227,24 x 0,20 = 36,57m² | E46: =G46 -> 36.57 | F46: m² | G46: =K44*0.2 -> 36.57
A48: 5.0 > Rampas de Acessibilidade
A49: 5.1 | B49: > Concreto Fck = 15MPa, traço 1:3,4:3,5 (em massa seca de cimento/ areia média/ brita 1) - preparo mecânico com betoneira 400 L V = (7,50 x 1,20) x 4 = 36,00m² x 0,06m = 2,16m³ Desconto do volume do piso tátil nas rampas: V = [(1,20 x 2 + 1,50 x 1) x 4] x 0,20 x 0,02 = 0,06m³ Total: V = 2,16 - 0,06 = 2,10m³ | E49: =K49 -> 2.1 | F49: m³ | G49: =7.5*N8*M8*0.06 -> 2.16 | H49: =(1.2*2+1.5)*M8 -> 15.6 | J49: =H49*0.2*0.02 -> 0.06 | K49: =G49-J49 -> 2.1 | N49: =(7.5*1.2)*7+5.75+6.31+5.25+6.11+5.71+5.24+5.25+7.18+7.07+5.2+5.25+5.15 -> 132.47 | O49: =N49*0.06 -> 7.95 | P49: =(1.2*3*7+1.05+2.42+1.05+4.76+1.42/2+2+1.05+3+1.05+2.66+1.05+2.01+1.05+3+1.05+1.05+1.05+1.05+1.05+1.05+1.05+2+1.05+2+1.05+2+0.99) -> 68.5 | Q49: =P49*0.2*0.02 -> 0.27 | R49: =P49*0.2 -> 13.7
A51: 5.2 | B51: > Lançamento com uso de baldes, adensamento e acabamento de concreto em estruturas V = (7,50 x 1,20) x 4 = 36,00m² x 0,06m = 2,16m³ Desconto do volume do piso tátil nas rampas: V = [(1,20 x 2 + 1,50 x 1) x 4] x 0,20 x 0,02 = 0,06m³ Total: V = 2,16 - 0,06 = 2,10m³ | E51: =E49 -> 2.1 | F51: m³
A53: 5.3 | B53: > Piso tátil direcional e/ou alerta, de concreto, na cor natural, para deficientes visuais, dimensões 20x20cm, aplicado com argamassa industrializada ac-ii Rampas: A = [(1,20 x 2 + 1,50 x 1) x 4] x 0,20 = 3,12m² | E53: =G53 -> 3.12 | F53: m² | G53: =(N8*2+1.5)*M8*0.2 -> 3.12
A55: 5.4 | B55: > Pintura de piso com tinta acrílica, aplicação manual, 2 demãos, incluso fundo preparador A = (7,50 x 1,20) x 4 = 36,00m² | E55: =G55 -> 36 | F55: m² | G55: =7.5*N8*M8:M8 -> 36
A57: 6.0 > Sinalização
A58: 6.1 | B58: > Fornecimento e instalação de suporte de madeira para placas de sinalização, em solo, com h= de 2,0 m e seção de 7,5 x 7,5 cm Quantidade = 2 und | E58: 2 | F58: unid
A60: 6.2 | B60: > Placa de advertência em aço, lado de 0,60 m - película retrorrefletiva tipo I + SI, para sinalização vertical - fornecimento e implantação Quantidade = 2 und | E60: 2 | F60: unid
A62: 7.0 > Serviços Complementares
A63: 7.1 | B63: > Pintura de meio-fio com tinta branca a base de cal A = 227,24 x (0,15 + 0,13) = 63,63m² | E63: =E35*(0.15+0.13) -> 63.63 | F63: m² | H63: =#REF!*0.28 -> #REF!
A65: 7.2 | B65: > Placa esmaltada para identificação do nome da rua (45,00 x 20,00 cm): Q = 1 und | E65: 1 | F65: unid | H65: 3.9 | I65: 216
A67: 7.3 | B67: > Fornecimento e instalação de suporte de madeira para placas de identificação de rua, em solo, com h= de 2,0 m e seção de 7,5 x 7,5 cm Q = 1 und | E67: 1 | F67: unid
A69: ESTADO DA PARAIBA
A70: =A2 -> PREFEITURA MUNICIPAL DE MAMANGUAPE
A72: Planilha Orçamentária Individual - Pavimentação
A73: =A6 -> Rua José Vieira (Trecho 02)
A75: Item | B75: Discriminação dos Serviços | C75: Unid. | D75: Quant. | E75: Preço
E76: Unitário | F76: Total
A77: 1.0 | B77: Serviços Preliminares | F77: =SUM(F78) -> 63.9
A78: 1.2 | B78: ='Planilha Global'!B11 -> Execução de linhas de referência em gabarito ou cavalete (locação de pavimentação) | C78: =F29 -> m | D78: =E29 -> 112.1 | E78: ='Planilha Global'!N11 -> 0.57 | F78: =ROUND(D78,2)*ROUND(E78,2) -> 63.9
A80: 2.0 | B80: Movimento de Terra | F80: =SUM(F81:F81) -> 1704.65
A81: 2.1 | B81: ='Planilha Global'!B14 -> Regularização e compactação do subleito até 20 cm de espessura | C81: =F32 -> m² | D81: =E32 -> 681.86 | E81: ='Planilha Global'!N14 -> 2.5 | F81: =ROUND(D81,2)*ROUND(E81,2) -> 1704.65
A83: 3.0 | B83: Pavimentação | F83: =SUM(F84:F86) -> 85180.14
A84: 3.1 | B84: ='Planilha Global'!B17 -> Assentamento de guia (meio-fio) em trecho reto, confeccionada em concreto pré-fabricado, dimensões 100x15x13x30 cm (comprimento x base inferior x base superior x altura), para vias urbanas (uso viário) | C84: =F35 -> m | D84: =E35 -> 227.24 | E84: ='Planilha Global'!N17 -> 49.53 | F84: =ROUND(D84,2)*ROUND(E84,2) -> 11255.2
A85: 3.2 | B85: ='Planilha Global'!B18 -> Execução de pavimento em paralelepípedos, rejuntamento com argamassa traço 1:3 (cimento e areia) | C85: =F37 -> m² | D85: =E37 -> 681.86 | E85: ='Planilha Global'!N18 -> 107.81 | F85: =ROUND(D85,2)*ROUND(E85,2) -> 73511.33
A86: 3.3 | B86: ='Planilha Global'!B19 -> Assentamento de guia (meio-fio) para cordão de travamento do pavimento, em pedra granítica | C86: =F39 -> m | D86: =E39 -> 6.64 | E86: ='Planilha Global'!N19 -> 62.29 | F86: =ROUND(D86,2)*ROUND(E86,2) -> 413.61
A88: 4.0 | B88: Passeios (calçadas) | F88: =SUM(F89:F91) -> 19236.78
A89: 4.1 | B89: ='Planilha Global'!B22 -> Alvenaria de blocos cerâmicos furados na horizontal de 9x19x19 cm (espessura 9 cm) e argamassa de assentamento com preparo manual (para contenção das calçadas) | C89: =F42 -> m² | D89: =E42 -> 12.22 | E89: ='Planilha Global'!N22 -> 107.24 | F89: =ROUND(D89,2)*ROUND(E89,2) -> 1310.47 | H89: 73.06
A90: 4.2 | B90: ='Planilha Global'!B23 -> Execução de passeio (calçada) ou piso de concreto com concreto moldado in loco, feito em obra, acabamento convencional, não armado | C90: =F44 -> m³ | D90: ='José Vieira - T2'!E44 -> 12.51 | E90: ='Planilha Global'!N23 -> 943.02 | F90: =ROUND(D90,2)*ROUND(E90,2) -> 11797.18 | H90: 703.2
A91: 4.3 | B91: ='Planilha Global'!B24 -> Piso podotátil de alerta ou direcional, de concreto, assentado sobre argamassa | C91: =F46 -> m² | D91: =E46 -> 36.57 | E91: ='Planilha Global'!N24 -> 167.6 | F91: =ROUND(D91,2)*ROUND(E91,2) -> 6129.13 | H91: 109.78
A93: 5.0 | B93: Rampas de Acessibilidade | F93: =SUM(F94:F97) -> 3246.79
A94: 5.1 | B94: ='Planilha Global'!B27 -> Concreto Fck = 15mpa, traço 1:3,4:3,5 (em massa seca de cimento/ areia média/ brita 1), preparo mecânico com betoneira 400 L | C94: =F49 -> m³ | D94: =E49 -> 2.1 | E94: ='Planilha Global'!N27 -> 553.16 | F94: =ROUND(D94,2)*ROUND(E94,2) -> 1161.64 | H94: 410.85
A95: 5.2 | B95: ='Planilha Global'!B28 -> Lançamento com uso de baldes, adensamento e acabamento de concreto em estruturas | C95: =F51 -> m³ | D95: =E51 -> 2.1 | E95: ='Planilha Global'!N28 -> 324.95 | F95: =ROUND(D95,2)*ROUND(E95,2) -> 682.4 | H95: 223.25
A96: 5.3 | B96: ='Planilha Global'!B29 -> Piso podotátil de alerta ou direcional, de concreto, assentado sobre argamassa | C96: =F53 -> m² | D96: =E53 -> 3.12 | E96: ='Planilha Global'!N29 -> 167.6 | F96: =ROUND(D96,2)*ROUND(E96,2) -> 522.91 | H96: 109.78
A97: 5.4 | B97: ='Planilha Global'!B30 -> Pintura de piso com tinta acrílica, aplicação manual, 2 demãos, incluso fundo preparador | C97: =F55 -> m² | D97: =E55 -> 36 | E97: ='Planilha Global'!N30 -> 24.44 | F97: =ROUND(D97,2)*ROUND(E97,2) -> 879.84 | H97: 14.87
A99: 6.0 | B99: Sinalização | F99: =SUM(F100:F101) -> 928.9
A100: 6.1 | B100: ='Planilha Global'!B33 -> Fornecimento e instalação de suporte de madeira para placas de sinalização, em solo, com h= de 2,0 m e seção de 7,5 x 7,5 cm | C100: =F58 -> unid | D100: =E58 -> 2 | E100: ='Planilha Global'!N33 -> 120.58 | F100: =ROUND(D100*E100,2) -> 241.16
A101: 6.2 | B101: ='Planilha Global'!B34 -> Placa de advertência em aço, lado de 0,60 m - película retrorrefletiva tipo I + SI - fornecimento e implantação | C101: =F60 -> unid | D101: =E60 -> 2 | E101: ='Planilha Global'!N34 -> 343.87 | F101: =ROUND(D101*E101,2) -> 687.74 | H101: 349.41
A103: 7.0 | B103: Serviços Complementares | F103: =SUM(F104:F106) -> 414.77
A104: 7.1 | B104: ='Planilha Global'!B37 -> Pintura de meio-fio com tinta branca a base de cal (caiação) | C104: =F63 -> m² | D104: =E63 -> 63.63 | E104: ='Planilha Global'!N37 -> 1.78 | F104: =ROUND(D104,2)*ROUND(E104,2) -> 113.26
A105: 7.2 | B105: ='Planilha Global'!B38 -> Placa esmaltada para identificação de nome de rua, dimensões 45x20cm | C105: =F65 -> unid | D105: =E65 -> 1 | E105: ='Planilha Global'!N38 -> 180.93 | F105: =ROUND(D105,2)*ROUND(E105,2) -> 180.93
A106: 7.3 | B106: ='Planilha Global'!B39 -> Fornecimento e instalação de suporte de madeira para placas de identificação de rua, em solo, com h= de 2,0 m e seção de 7,5 x 7,5 cm | C106: =F67 -> unid | D106: =E67 -> 1 | E106: ='Planilha Global'!N39 -> 120.58 | F106: =ROUND(D106*E106,2) -> 120.58
A108: T O T A L . . . . . . . . | F108: =F77+F80+F83+F88+F93+F99+F103 -> 110775.93
A110: Obs: Encargos Sociais Desonerados de 91,01% (h) contidos nos insumos, conforme informa a tabela de referência citada. | G110: =175162.63/D85 -> 256.88943
A111: ='Composição Custos Unit'!G37 -> Referência: SINAPI PB Fevereiro/25; DER PB Jan-Mar/25 | C111: ='Planilha Global'!A43 -> BDI: 28,99%
G113: =F108/#REF! -> #REF!
F114: =F108/D81 -> 162.46
F116: ='Maria Livramento - T1'!F106+'Maria Livramento - T2'!F108+'Fábio Vaz - T1'!F114+'José Vieira - T2'!F108 -> 478854.35

Sheet José Vieira - T3
A1: ESTADO DA PARAIBA
A2: ='[2]Planilha Global'!A2 -> PREFEITURA MUNICIPAL DE MAMANGUAPE | G2: Extensão da rua | H2: 128.16
A4: Memória de Cálculos - Pavimentação | H4: largura | I4: comprimento | J4: área | K4: meio-fio | L4: descidas drenagem | M4: rampas | N4: largura rampa
A6: Rua José Vieira (Trecho 03) | H6: =(8+5.35)/2 -> 6.675 | I6: 10.15 | J6: =H6*I6 -> 67.75
A7: Cálculo da área de pavimentação: | H7: 5.35 | I7: 35.85 | J7: =I7*H7 -> 191.8
A8: Trecho 01 - E0 à E0+10,15 (trapézio) | C8: Trecho 02 - E0+10,15 à E2+6,00 (retângulo) | H8: =(8+5.35)/2 -> 6.675 | I8: 10.12 | J8: =H8*I8 -> 67.55 | K8: =10.09+10.38+16.97+17.02+18.83+18.87+10.11+10.32 -> 112.59 | L8: =5.68+4.08+6.31+26.94+12.7+10.5+13.15+2.22+7.65+20.38+25.33+25.4+36.7+29.26+18.73+19.08+9.01+14.58+11.42+7.25+4.36+26.66+12.33+10.58+14.04+3.07+7.89+20.45+25.67+25.67+37.03+29.56+19.1+18.96+8.89+14.81+11.96 -> 597.4 | M8: 2 | N8: 1.2
A9: Comprimento: 10,15m | C9: Comprimento: 35,85m | L9: =2.43+3.39+2.31+2.97+2.01+3.07 -> 16.18
A10: Largura inicio: 8,00m / largura fim: 5,35m | C10: Largura: 5,35m
A11: A = (8,00 + 5,35) x 10,15 / 2 = 67,75m² | C11: A = 35,85 x 5,35 = 191,80m²
A13: Trecho 03 - E2+6,00 à E2+16,12 (trapézio)
A14: Comprimento: 10,12m
A15: Largura inicio: 5,35m / largura fim: 8,00m
A16: A = (5,35 + 8,00) x 10,12 / 2 = 67,55m² | J16: =SUM(J6:J15) -> 327.1
A18: 1.0 > Serviços Preliminares:
A19: 1.2 | B19: > Locação de pavimentação Estaqueamento (E0 à E2+16,12) = 56,12m | E19: 56.12 | F19: m
A21: 2.0 > Movimento de Terra: | J21: =SUM(J8:J17) -> 394.65
A22: 2.1 | B22: > Regularização e compactação de sub-leito até 20cm de espessura A = 67,75 + 191,80 + 67,55 = 327,10m² | E22: =J16 -> 327.1 | F22: m²
A24: 3.0 > Pavimentação: | J24: =SUM(J11:J17) -> 327.1
A25: 3.1 | B25: > Assentamento de guia (meio-fio) em trecho reto, confeccionada em concreto pré-fabricado, dimensões 100x15x13x30 cm (comprimento x base inferior x base superior x altura), para vias urbanas (uso viário) Comprimento de meio-fio: C = 10,09 + 10,38 + 16,97 + 17,02 + 18,83 + 18,87 + 10,11 + 10,32 = 112,59m | E25: =K8 -> 112.59 | F25: m
A27: 3.2 | B27: > Execução de pavimento em paralelepípedo inclusive colchão de areia rejuntado no traço 1:3 (Cimento e areia) A = 67,75 + 191,80 + 67,55 = 327,10m² | E27: =E22 -> 327.1 | F27: m²
A29: 4.0 > Passeios (calçadas)
A30: 4.2 | B30: > Execução de passeio (calçada) em concreto moldado in loco, feito em obra, acabamento convencional, não armado, espessura 6 cm Obs.: excluindo-se área de rampas, espessuras do meio-fio e volume do piso tátil V = 10,09 x 1,20 / 2 + 10,38 x 1,20 / 2 + (16,97 + 17,02 + 18,83 + 18,87) x 1,20 + 10,11 x 1,20 / 2 + 10,32 x 1,20 / 2 = 110,57m² - 18,00m² = 92,57m² x 0,06m = 5,55m³ Desconto do volume do piso tátil nas calçadas: V = (5,10 + 5,33 + 17,03 + 24,20 + 7,28 + 4,00 + 4,11 + 5,01 + 5,15) x 0,20 x 0,02 = 77,21 x 0,20 x 0,02 = 0,31m³ Total: V = 5,55 - 0,31 = 5,24m³ | E30: =M30 -> 5.24 | F30: m³ | G30: =10.09*1.2/2+10.38*1.2/2+(16.97+17.02+18.83+18.87)*1.2+10.11*1.2/2+10.32*1.2/2 -> 110.57 | H30: =G30-E41 -> 92.57 | J30: =H30*0.06 -> 5.55 | K30: =5.1+5.33+17.03+24.2+7.28+4+4.11+5.01+5.15 -> 77.21 | L30: =K30*0.2*0.02 -> 0.31 | M30: =J30-L30 -> 5.24
A32: 4.3 | B32: > Piso tátil direcional e/ou alerta, de concreto, na cor natural, para deficientes visuais, dimensões 20x20cm, aplicado com argamassa industrializada ac-ii Será a área referente ao desconto do piso tátil das calçadas, cujo somatório do comprimento foi calculado no item anterior: A = 77,21 x 0,20 = 15,44m² | E32: =G32 -> 15.44 | F32: m² | G32: =K30*0.2 -> 15.44
A34: 5.0 > Rampas de Acessibilidade
A35: 5.1 | B35: > Concreto Fck = 15MPa, traço 1:3,4:3,5 (em massa seca de cimento/ areia média/ brita 1) - preparo mecânico com betoneira 400 L V = (7,50 x 1,20) x 2 = 18,00m² x 0,06m = 1,08m³ Desconto do volume do piso tátil nas rampas: V = [(1,20 x 2 + 1,50 x 1) x 2] x 0,20 x 0,02 = 0,03m³ Total: V = 1,08 - 0,03 = 1,05m³ | E35: =K35 -> 1.05 | F35: m³ | G35: =7.5*N8*M8*0.06 -> 1.08 | H35: =(1.2*2+1.5)*M8 -> 7.8 | J35: =H35*0.2*0.02 -> 0.03 | K35: =G35-J35 -> 1.05 | N35: =(7.5*1.2)*7+5.75+6.31+5.25+6.11+5.71+5.24+5.25+7.18+7.07+5.2+5.25+5.15 -> 132.47 | O35: =N35*0.06 -> 7.95 | P35: =(1.2*3*7+1.05+2.42+1.05+4.76+1.42/2+2+1.05+3+1.05+2.66+1.05+2.01+1.05+3+1.05+1.05+1.05+1.05+1.05+1.05+1.05+2+1.05+2+1.05+2+0.99) -> 68.5 | Q35: =P35*0.2*0.02 -> 0.27 | R35: =P35*0.2 -> 13.7
A37: 5.2 | B37: > Lançamento com uso de baldes, adensamento e acabamento de concreto em estruturas V = (7,50 x 1,20) x 2 = 18,00m² x 0,06m = 1,08m³ Desconto do volume do piso tátil nas rampas: V = [(1,20 x 2 + 1,50 x 1) x 2] x 0,20 x 0,02 = 0,03m³ Total: V = 1,08 - 0,03 = 1,05m³ | E37: =E35 -> 1.05 | F37: m³
A39: 5.3 | B39: > Piso tátil direcional e/ou alerta, de concreto, na cor natural, para deficientes visuais, dimensões 20x20cm, aplicado com argamassa industrializada ac-ii Rampas: A = [(1,20 x 2 + 1,50 x 1) x 2] x 0,20 = 1,56m² | E39: =G39 -> 1.56 | F39: m² | G39: =(N8*2+1.5)*M8*0.2 -> 1.56
A41: 5.4 | B41: > Pintura de piso com tinta acrílica, aplicação manual, 2 demãos, incluso fundo preparador A = (7,50 x 1,20) x 2 = 18,00m² | E41: =G41 -> 18 | F41: m² | G41: =7.5*N8*M8:M8 -> 18
A43: 6.0 > Sinalização
A44: 6.1 | B44: > Fornecimento e instalação de suporte de madeira para placas de sinalização, em solo, com h= de 2,0 m e seção de 7,5 x 7,5 cm Quantidade = 2 und | E44: 2 | F44: unid
A46: 6.2 | B46: > Placa de advertência em aço, lado de 0,60 m - película retrorrefletiva tipo I + SI, para sinalização vertical - fornecimento e implantação Quantidade = 2 und | E46: 2 | F46: unid
A48: 7.0 > Serviços Complementares
A49: 7.1 | B49: > Pintura de meio-fio com tinta branca a base de cal A = 112,59 x (0,15 + 0,13) = 31,53m² | E49: =E25*(0.15+0.13) -> 31.53 | F49: m² | H49: =#REF!*0.28 -> #REF!
A51: 7.2 | B51: > Placa esmaltada para identificação do nome da rua (45,00 x 20,00 cm): Q = 1 und | E51: 1 | F51: unid | H51: 3.9 | I51: 216
A53: 7.3 | B53: > Fornecimento e instalação de suporte de madeira para placas de identificação de rua, em solo, com h= de 2,0 m e seção de 7,5 x 7,5 cm Q = 1 und | E53: 1 | F53: unid
A55: ESTADO DA PARAIBA
A56: =A2 -> PREFEITURA MUNICIPAL DE MAMANGUAPE
A58: Planilha Orçamentária Individual - Pavimentação
A59: =A6 -> Rua José Vieira (Trecho 03)
A61: Item | B61: Discriminação dos Serviços | C61: Unid. | D61: Quant. | E61: Preço
E62: Unitário | F62: Total
A63: 1.0 | B63: Serviços Preliminares | F63: =SUM(F64) -> 31.99
A64: 1.2 | B64: ='Planilha Global'!B11 -> Execução de linhas de referência em gabarito ou cavalete (locação de pavimentação) | C64: =F19 -> m | D64: =E19 -> 56.12 | E64: ='Planilha Global'!N11 -> 0.57 | F64: =ROUND(D64,2)*ROUND(E64,2) -> 31.99
A66: 2.0 | B66: Movimento de Terra | F66: =SUM(F67:F67) -> 817.75
A67: 2.1 | B67: ='Planilha Global'!B14 -> Regularização e compactação do subleito até 20 cm de espessura | C67: =F22 -> m² | D67: =E22 -> 327.1 | E67: ='Planilha Global'!N14 -> 2.5 | F67: =ROUND(D67,2)*ROUND(E67,2) -> 817.75
A69: 3.0 | B69: Pavimentação | F69: =SUM(F70:F71) -> 40841.23
A70: 3.1 | B70: ='Planilha Global'!B17 -> Assentamento de guia (meio-fio) em trecho reto, confeccionada em concreto pré-fabricado, dimensões 100x15x13x30 cm (comprimento x base inferior x base superior x altura), para vias urbanas (uso viário) | C70: =F25 -> m | D70: =E25 -> 112.59 | E70: ='Planilha Global'!N17 -> 49.53 | F70: =ROUND(D70,2)*ROUND(E70,2) -> 5576.58
A71: 3.2 | B71: ='Planilha Global'!B18 -> Execução de pavimento em paralelepípedos, rejuntamento com argamassa traço 1:3 (cimento e areia) | C71: =F27 -> m² | D71: =E27 -> 327.1 | E71: ='Planilha Global'!N18 -> 107.81 | F71: =ROUND(D71,2)*ROUND(E71,2) -> 35264.65
A73: 4.0 | B73: Passeios (calçadas) | F73: =SUM(F74:F75) -> 7529.16
A74: 4.2 | B74: ='Planilha Global'!B23 -> Execução de passeio (calçada) ou piso de concreto com concreto moldado in loco, feito em obra, acabamento convencional, não armado | C74: =F30 -> m³ | D74: ='José Vieira - T3'!E30 -> 5.24 | E74: ='Planilha Global'!N23 -> 943.02 | F74: =ROUND(D74,2)*ROUND(E74,2) -> 4941.42 | H74: 703.2
A75: 4.3 | B75: ='Planilha Global'!B24 -> Piso podotátil de alerta ou direcional, de concreto, assentado sobre argamassa | C75: =F32 -> m² | D75: =E32 -> 15.44 | E75: ='Planilha Global'!N24 -> 167.6 | F75: =ROUND(D75,2)*ROUND(E75,2) -> 2587.74 | H75: 109.78
A77: 5.0 | B77: Rampas de Acessibilidade | F77: =SUM(F78:F81) -> 1623.4
A78: 5.1 | B78: ='Planilha Global'!B27 -> Concreto Fck = 15mpa, traço 1:3,4:3,5 (em massa seca de cimento/ areia média/ brita 1), preparo mecânico com betoneira 400 L | C78: =F35 -> m³ | D78: =E35 -> 1.05 | E78: ='Planilha Global'!N27 -> 553.16 | F78: =ROUND(D78,2)*ROUND(E78,2) -> 580.82 | H78: 410.85
A79: 5.2 | B79: ='Planilha Global'!B28 -> Lançamento com uso de baldes, adensamento e acabamento de concreto em estruturas | C79: =F37 -> m³ | D79: =E37 -> 1.05 | E79: ='Planilha Global'!N28 -> 324.95 | F79: =ROUND(D79,2)*ROUND(E79,2) -> 341.2 | H79: 223.25
A80: 5.3 | B80: ='Planilha Global'!B29 -> Piso podotátil de alerta ou direcional, de concreto, assentado sobre argamassa | C80: =F39 -> m² | D80: =E39 -> 1.56 | E80: ='Planilha Global'!N29 -> 167.6 | F80: =ROUND(D80,2)*ROUND(E80,2) -> 261.46 | H80: 109.78
A81: 5.4 | B81: ='Planilha Global'!B30 -> Pintura de piso com tinta acrílica, aplicação manual, 2 demãos, incluso fundo preparador | C81: =F41 -> m² | D81: =E41 -> 18 | E81: ='Planilha Global'!N30 -> 24.44 | F81: =ROUND(D81,2)*ROUND(E81,2) -> 439.92 | H81: 14.87
A83: 6.0 | B83: Sinalização | F83: =SUM(F84:F85) -> 928.9
A84: 6.1 | B84: ='Planilha Global'!B33 -> Fornecimento e instalação de suporte de madeira para placas de sinalização, em solo, com h= de 2,0 m e seção de 7,5 x 7,5 cm | C84: =F44 -> unid | D84: =E44 -> 2 | E84: ='Planilha Global'!N33 -> 120.58 | F84: =ROUND(D84*E84,2) -> 241.16
A85: 6.2 | B85: ='Planilha Global'!B34 -> Placa de advertência em aço, lado de 0,60 m - película retrorrefletiva tipo I + SI - fornecimento e implantação | C85: =F46 -> unid | D85: =E46 -> 2 | E85: ='Planilha Global'!N34 -> 343.87 | F85: =ROUND(D85*E85,2) -> 687.74 | H85: 349.41
A87: 7.0 | B87: Serviços Complementares | F87: =SUM(F88:F90) -> 357.63
A88: 7.1 | B88: ='Planilha Global'!B37 -> Pintura de meio-fio com tinta branca a base de cal (caiação) | C88: =F49 -> m² | D88: =E49 -> 31.53 | E88: ='Planilha Global'!N37 -> 1.78 | F88: =ROUND(D88,2)*ROUND(E88,2) -> 56.12
A89: 7.2 | B89: ='Planilha Global'!B38 -> Placa esmaltada para identificação de nome de rua, dimensões 45x20cm | C89: =F51 -> unid | D89: =E51 -> 1 | E89: ='Planilha Global'!N38 -> 180.93 | F89: =ROUND(D89,2)*ROUND(E89,2) -> 180.93
A90: 7.3 | B90: ='Planilha Global'!B39 -> Fornecimento e instalação de suporte de madeira para placas de identificação de rua, em solo, com h= de 2,0 m e seção de 7,5 x 7,5 cm | C90: =F53 -> unid | D90: =E53 -> 1 | E90: ='Planilha Global'!N39 -> 120.58 | F90: =ROUND(D90*E90,2) -> 120.58
A92: T O T A L . . . . . . . . | F92: =F63+F66+F69+F73+F77+F83+F87 -> 52130.06
A94: Obs: Encargos Sociais Desonerados de 91,01% (h) contidos nos insumos, conforme informa a tabela de referência citada. | G94: =175162.63/D71 -> 535.50177
A95: ='Composição Custos Unit'!G37 -> Referência: SINAPI PB Fevereiro/25; DER PB Jan-Mar/25 | C95: ='Planilha Global'!A43 -> BDI: 28,99%
G97: =F92/#REF! -> #REF!
F98: =F92/D67 -> 159.37
F100: ='Maria Livramento - T1'!F106+'Maria Livramento - T2'!F108+'Fábio Vaz - T1'!F114+'José Vieira - T3'!F92 -> 420208.48

Sheet Genésio Andrade - T1
A1: ESTADO DA PARAIBA
A2: ='[2]Planilha Global'!A2 -> PREFEITURA MUNICIPAL DE MAMANGUAPE | G2: Extensão da rua | H2: 128.16
A4: Memória de Cálculos - Pavimentação | H4: largura | I4: comprimento | J4: área | K4: meio-fio | L4: descidas drenagem | M4: rampas | N4: largura rampa
A6: Rua Genésio de Andrade (Trecho 01) | H6: =(8+6.65)/2 -> 7.325 | I6: 10.02 | J6: =H6*I6 -> 73.4
A7: Cálculo da área de pavimentação: | H7: 6.65 | I7: 108.63 | J7: =I7*H7 -> 722.39
A8: Trecho 01 - E0 à E0+10,02 (trapézio) | C8: Trecho 02 - E0+10,02 à E5+18,65 (retângulo) | H8: =(8+6.65)/2 -> 7.325 | I8: 9.98 | J8: =H8*I8 -> 73.1 | K8: =10.09+108.64+128.51+10.12 -> 257.36 | L8: =5.68+4.08+6.31+26.94+12.7+10.5+13.15+2.22+7.65+20.38+25.33+25.4+36.7+29.26+18.73+19.08+9.01+14.58+11.42+7.25+4.36+26.66+12.33+10.58+14.04+3.07+7.89+20.45+25.67+25.67+37.03+29.56+19.1+18.96+8.89+14.81+11.96 -> 597.4 | M8: 4 | N8: 1.2
A9: Comprimento: 10,02m | C9: Comprimento: 108,63m | J9: =SUM(J6:J8) -> 868.89 | L9: =2.43+3.39+2.31+2.97+2.01+3.07 -> 16.18
A10: Largura inicio: 8,00m / largura fim: 6,65m | C10: Largura: 6,65m
A11: A = (8,00 + 6,65) x 10,02 / 2 = 73,40m² | C11: A = 108,63 x 6,65 = 722,39m²
A13: Trecho 03 - E5+18,65 à E6+8,63 (trapézio)
A14: Comprimento: 9,98m
A15: Largura inicio: 6,65m / largura fim: 8,00m
A16: A = (6,65 + 8,00) x 9,98 / 2 = 73,10m²
A18: 1.0 > Serviços Preliminares:
A19: 1.2 | B19: > Locação de pavimentação Estaqueamento (E0 à E6+8,63) = 128,63m | E19: 128.63 | F19: m
A21: 2.0 > Movimento de Terra:
A22: 2.1 | B22: > Regularização e compactação de sub-leito até 20cm de espessura A = 73,40 + 722,39 + 73,10 = 868,89m² | E22: =J9 -> 868.89 | F22: m²
A24: 3.0 > Pavimentação:
A25: 3.1 | B25: > Assentamento de guia (meio-fio) em trecho reto, confeccionada em concreto pré-fabricado, dimensões 100x15x13x30 cm (comprimento x base inferior x base superior x altura), para vias urbanas (uso viário) Comprimento de meio-fio: C = 10,09 + 108,64 + 128,51 + 10,12 = 257,36m | E25: =K8 -> 257.36 | F25: m
A27: 3.2 | B27: > Execução de pavimento em paralelepípedo inclusive colchão de areia rejuntado no traço 1:3 (Cimento e areia) A = 73,40 + 722,39 + 73,10 = 868,89m² | E27: =E22 -> 868.89 | F27: m²
A29: 4.0 > Passeios (calçadas)
A30: 4.1 | B30: > Alvenaria de blocos cerâmicos furados na horizontal de 9x19x19 cm (espessura 9 cm) e argamassa de assentamento com preparo manual (para contenção das calçadas) A = (1,20 + 128,51) x 0,20 = 129,71m x 0,20m = 25,94m² | E30: =H30 -> 25.94 | F30: m² | G30: =1.2+128.51 -> 129.71 | H30: =G30*0.2 -> 25.94
A32: 4.2 | B32: > Execução de passeio (calçada) em concreto moldado in loco, feito em obra, acabamento convencional, não armado, espessura 6 cm Obs.: excluindo-se área de rampas, espessuras do meio-fio e volume do piso tátil V = 10,09 x 1,20 / 2 + (108,64 + 128,51) x 1,20 + 10,12 x 1,20 / 2 = 296,71m² - 36,00m² = 260,71m² x 0,06m = 15,64m³ Desconto do volume do piso tátil nas calçadas: V = (5,00 + 21,61 + 11,56 + 2,18 + 0,69 + 1,56 + 0,82 + 35,21 + 29,99 + 0,65 + 2,79 + 0,62 + 25,60 + 44,42 + 0,90 + 1,97 + 0,76 + 11,86 + 2,39 + 9,29 + 4,97 + 0,89 + 2,23) x 0,20 x 0,02 = 217,96 x 0,20 x 0,02 = 0,87m³ Total: V = 15,64 - 0,87 = 14,77m³ | E32: =M32 -> 14.77 | F32: m³ | G32: =10.09*1.2/2+(108.64+128.51)*1.2+10.12*1.2/2 -> 296.71 | H32: =G32-E43 -> 260.71 | J32: =H32*0.06 -> 15.64 | K32: =5+21.61+11.56+2.18+0.69+1.56+0.82+35.21+29.99+0.65+2.79+0.62+25.6+44.42+0.9+1.97+0.76+11.86+2.39+9.29+4.97+0.89+2.23 -> 217.96 | L32: =K32*0.2*0.02 -> 0.87 | M32: =J32-L32 -> 14.77
A34: 4.3 | B34: > Piso tátil direcional e/ou alerta, de concreto, na cor natural, para deficientes visuais, dimensões 20x20cm, aplicado com argamassa industrializada ac-ii Será a área referente ao desconto do piso tátil das calçadas, cujo somatório do comprimento foi calculado no item anterior: A = 217,96 x 0,20 = 43,59m² | E34: =G34 -> 43.59 | F34: m² | G34: =K32*0.2 -> 43.59
A36: 5.0 > Rampas de Acessibilidade
A37: 5.1 | B37: > Concreto Fck = 15MPa, traço 1:3,4:3,5 (em massa seca de cimento/ areia média/ brita 1) - preparo mecânico com betoneira 400 L V = (7,50 x 1,20) x 4 = 36,00m² x 0,06m = 2,16m³ Desconto do volume do piso tátil nas rampas: V = [(1,20 x 2 + 1,50 x 1) x 4] x 0,20 x 0,02 = 0,06m³ Total: V = 2,16 - 0,06 = 2,10m³ | E37: =K37 -> 2.1 | F37: m³ | G37: =7.5*N8*M8*0.06 -> 2.16 | H37: =(1.2*2+1.5)*M8 -> 15.6 | J37: =H37*0.2*0.02 -> 0.06 | K37: =G37-J37 -> 2.1 | N37: =(7.5*1.2)*7+5.75+6.31+5.25+6.11+5.71+5.24+5.25+7.18+7.07+5.2+5.25+5.15 -> 132.47 | O37: =N37*0.06 -> 7.95 | P37: =(1.2*3*7+1.05+2.42+1.05+4.76+1.42/2+2+1.05+3+1.05+2.66+1.05+2.01+1.05+3+1.05+1.05+1.05+1.05+1.05+1.05+1.05+2+1.05+2+1.05+2+0.99) -> 68.5 | Q37: =P37*0.2*0.02 -> 0.27 | R37: =P37*0.2 -> 13.7
A39: 5.2 | B39: > Lançamento com uso de baldes, adensamento e acabamento de concreto em estruturas V = (7,50 x 1,20) x 4 = 36,00m² x 0,06m = 2,16m³ Desconto do volume do piso tátil nas rampas: V = [(1,20 x 2 + 1,50 x 1) x 4] x 0,20 x 0,02 = 0,06m³ Total: V = 2,16 - 0,06 = 2,10m³ | E39: =E37 -> 2.1 | F39: m³
A41: 5.3 | B41: > Piso tátil direcional e/ou alerta, de concreto, na cor natural, para deficientes visuais, dimensões 20x20cm, aplicado com argamassa industrializada ac-ii Rampas: A = [(1,20 x 2 + 1,50 x 1) x 4] x 0,20 = 3,12m² | E41: =G41 -> 3.12 | F41: m² | G41: =(N8*2+1.5)*M8*0.2 -> 3.12
A43: 5.4 | B43: > Pintura de piso com tinta acrílica, aplicação manual, 2 demãos, incluso fundo preparador A = (7,50 x 1,20) x 4 = 36,00m² | E43: =G43 -> 36 | F43: m² | G43: =7.5*N8*M8:M8 -> 36
A45: 6.0 > Sinalização
A46: 6.1 | B46: > Fornecimento e instalação de suporte de madeira para placas de sinalização, em solo, com h= de 2,0 m e seção de 7,5 x 7,5 cm Quantidade = 2 und | E46: 2 | F46: unid
A48: 6.2 | B48: > Placa de advertência em aço, lado de 0,60 m - película retrorrefletiva tipo I + SI, para sinalização vertical - fornecimento e implantação Quantidade = 2 und | E48: 2 | F48: unid
A50: 7.0 > Serviços Complementares
A51: 7.1 | B51: > Pintura de meio-fio com tinta branca a base de cal A = 257,36 x (0,15 + 0,13) = 72,36m² | E51: =E25*(0.15+0.13) -> 72.06 | F51: m² | H51: =#REF!*0.28 -> #REF!
A53: 7.2 | B53: > Placa esmaltada para identificação do nome da rua (45,00 x 20,00 cm): Q = 1 und | E53: 1 | F53: unid | H53: 3.9 | I53: 216
A55: 7.3 | B55: > Fornecimento e instalação de suporte de madeira para placas de identificação de rua, em solo, com h= de 2,0 m e seção de 7,5 x 7,5 cm Q = 1 und | E55: 1 | F55: unid
A57: ESTADO DA PARAIBA
A58: =A2 -> PREFEITURA MUNICIPAL DE MAMANGUAPE
A60: Planilha Orçamentária Individual - Pavimentação
A61: =A6 -> Rua Genésio de Andrade (Trecho 01)
A63: Item | B63: Discriminação dos Serviços | C63: Unid. | D63: Quant. | E63: Preço
E64: Unitário | F64: Total
A65: 1.0 | B65: Serviços Preliminares | F65: =SUM(F66) -> 73.32
A66: 1.2 | B66: ='Planilha Global'!B11 -> Execução de linhas de referência em gabarito ou cavalete (locação de pavimentação) | C66: =F19 -> m | D66: =E19 -> 128.63 | E66: ='Planilha Global'!N11 -> 0.57 | F66: =ROUND(D66,2)*ROUND(E66,2) -> 73.32
A68: 2.0 | B68: Movimento de Terra | F68: =SUM(F69:F69) -> 2172.23
A69: 2.1 | B69: ='Planilha Global'!B14 -> Regularização e compactação do subleito até 20 cm de espessura | C69: =F22 -> m² | D69: =E22 -> 868.89 | E69: ='Planilha Global'!N14 -> 2.5 | F69: =ROUND(D69,2)*ROUND(E69,2) -> 2172.23
A71: 3.0 | B71: Pavimentação | F71: =SUM(F72:F73) -> 106422.07
A72: 3.2 | B72: ='Planilha Global'!B17 -> Assentamento de guia (meio-fio) em trecho reto, confeccionada em concreto pré-fabricado, dimensões 100x15x13x30 cm (comprimento x base inferior x base superior x altura), para vias urbanas (uso viário) | C72: =F25 -> m | D72: =E25 -> 257.36 | E72: ='Planilha Global'!N17 -> 49.53 | F72: =ROUND(D72,2)*ROUND(E72,2) -> 12747.04
A73: 3.3 | B73: ='Planilha Global'!B18 -> Execução de pavimento em paralelepípedos, rejuntamento com argamassa traço 1:3 (cimento e areia) | C73: =F27 -> m² | D73: =E27 -> 868.89 | E73: ='Planilha Global'!N18 -> 107.81 | F73: =ROUND(D73,2)*ROUND(E73,2) -> 93675.03
A75: 4.0 | B75: Passeios (calçadas) | F75: =SUM(F76:F78) -> 24015.9
A76: 4.1 | B76: ='Planilha Global'!B22 -> Alvenaria de blocos cerâmicos furados na horizontal de 9x19x19 cm (espessura 9 cm) e argamassa de assentamento com preparo manual (para contenção das calçadas) | C76: =F30 -> m² | D76: =E30 -> 25.94 | E76: ='Planilha Global'!N22 -> 107.24 | F76: =ROUND(D76,2)*ROUND(E76,2) -> 2781.81 | H76: 73.06
A77: 4.2 | B77: ='Planilha Global'!B23 -> Execução de passeio (calçada) ou piso de concreto com concreto moldado in loco, feito em obra, acabamento convencional, não armado | C77: =F32 -> m³ | D77: ='Genésio Andrade - T1'!E32 -> 14.77 | E77: ='Planilha Global'!N23 -> 943.02 | F77: =ROUND(D77,2)*ROUND(E77,2) -> 13928.41 | H77: 703.2
A78: 4.3 | B78: ='Planilha Global'!B24 -> Piso podotátil de alerta ou direcional, de concreto, assentado sobre argamassa | C78: =F34 -> m² | D78: =E34 -> 43.59 | E78: ='Planilha Global'!N24 -> 167.6 | F78: =ROUND(D78,2)*ROUND(E78,2) -> 7305.68 | H78: 109.78
A80: 5.0 | B80: Rampas de Acessibilidade | F80: =SUM(F81:F84) -> 3246.79
A81: 5.1 | B81: ='Planilha Global'!B27 -> Concreto Fck = 15mpa, traço 1:3,4:3,5 (em massa seca de cimento/ areia média/ brita 1), preparo mecânico com betoneira 400 L | C81: =F37 -> m³ | D81: =E37 -> 2.1 | E81: ='Planilha Global'!N27 -> 553.16 | F81: =ROUND(D81,2)*ROUND(E81,2) -> 1161.64 | H81: 410.85
A82: 5.2 | B82: ='Planilha Global'!B28 -> Lançamento com uso de baldes, adensamento e acabamento de concreto em estruturas | C82: =F39 -> m³ | D82: =E39 -> 2.1 | E82: ='Planilha Global'!N28 -> 324.95 | F82: =ROUND(D82,2)*ROUND(E82,2) -> 682.4 | H82: 223.25
A83: 5.3 | B83: ='Planilha Global'!B29 -> Piso podotátil de alerta ou direcional, de concreto, assentado sobre argamassa | C83: =F41 -> m² | D83: =E41 -> 3.12 | E83: ='Planilha Global'!N29 -> 167.6 | F83: =ROUND(D83,2)*ROUND(E83,2) -> 522.91 | H83: 109.78
A84: 5.4 | B84: ='Planilha Global'!B30 -> Pintura de piso com tinta acrílica, aplicação manual, 2 demãos, incluso fundo preparador | C84: =F43 -> m² | D84: =E43 -> 36 | E84: ='Planilha Global'!N30 -> 24.44 | F84: =ROUND(D84,2)*ROUND(E84,2) -> 879.84 | H84: 14.87
A86: 6.0 | B86: Sinalização | F86: =SUM(F87:F88) -> 928.9
A87: 6.1 | B87: ='Planilha Global'!B33 -> Fornecimento e instalação de suporte de madeira para placas de sinalização, em solo, com h= de 2,0 m e seção de 7,5 x 7,5 cm | C87: =F46 -> unid | D87: =E46 -> 2 | E87: ='Planilha Global'!N33 -> 120.58 | F87: =ROUND(D87*E87,2) -> 241.16
A88: 6.2 | B88: ='Planilha Global'!B34 -> Placa de advertência em aço, lado de 0,60 m - película retrorrefletiva tipo I + SI - fornecimento e implantação | C88: =F48 -> unid | D88: =E48 -> 2 | E88: ='Planilha Global'!N34 -> 343.87 | F88: =ROUND(D88*E88,2) -> 687.74 | H88: 349.41
A90: 7.0 | B90: Serviços Complementares | F90: =SUM(F91:F93) -> 429.78
A91: 7.1 | B91: ='Planilha Global'!B37 -> Pintura de meio-fio com tinta branca a base de cal (caiação) | C91: =F51 -> m² | D91: =E51 -> 72.06 | E91: ='Planilha Global'!N37 -> 1.78 | F91: =ROUND(D91,2)*ROUND(E91,2) -> 128.27
A92: 7.2 | B92: ='Planilha Global'!B38 -> Placa esmaltada para identificação de nome de rua, dimensões 45x20cm | C92: =F53 -> unid | D92: =E53 -> 1 | E92: ='Planilha Global'!N38 -> 180.93 | F92: =ROUND(D92,2)*ROUND(E92,2) -> 180.93
A93: 7.3 | B93: ='Planilha Global'!B39 -> Fornecimento e instalação de suporte de madeira para placas de identificação de rua, em solo, com h= de 2,0 m e seção de 7,5 x 7,5 cm | C93: =F55 -> unid | D93: =E55 -> 1 | E93: ='Planilha Global'!N39 -> 120.58 | F93: =ROUND(D93*E93,2) -> 120.58
A95: T O T A L . . . . . . . . | F95: =F65+F68+F71+F75+F80+F86+F90 -> 137288.99
A97: Obs: Encargos Sociais Desonerados de 91,01% (h) contidos nos insumos, conforme informa a tabela de referência citada. | G97: =175162.63/D73 -> 201.59356
A98: ='Composição Custos Unit'!G37 -> Referência: SINAPI PB Fevereiro/25; DER PB Jan-Mar/25 | C98: ='Planilha Global'!A43 -> BDI: 28,99%
G100: =F95/#REF! -> #REF!
F101: =F95/D69 -> 158.01
F103: ='Maria Livramento - T1'!F106+'Maria Livramento - T2'!F108+'Fábio Vaz - T1'!F114+'Genésio Andrade - T1'!F95 -> 505367.41

Sheet Genésio Andrade - T2
A1: ESTADO DA PARAIBA
A2: ='[2]Planilha Global'!A2 -> PREFEITURA MUNICIPAL DE MAMANGUAPE | G2: Extensão da rua | H2: 128.16
A4: Memória de Cálculos - Pavimentação | H4: largura | I4: comprimento | J4: área | K4: meio-fio | L4: descidas drenagem | M4: rampas | N4: largura rampa
A6: Rua Genésio de Andrade (Trecho 02) | H6: =(8.2+5.5)/2 -> 6.85 | I6: 10 | J6: =H6*I6 -> 68.5
A7: Cálculo da área de pavimentação: | H7: =(5.5+5.48)/2 -> 5.49 | I7: 46.67 | J7: =I7*H7 -> 256.22
A8: Trecho 01 - E0 à E0+10,00 (trapézio) | C8: Trecho 02 - E0+10,00 à E2+16,67 (trapézio) | H8: =(5.48+5.43)/2 -> 5.455 | I8: 16.57 | J8: =H8*I8 -> 90.39 | K8: =2.6+32.03+35.21+10.27+10.06 -> 90.17 | L8: =5.68+4.08+6.31+26.94+12.7+10.5+13.15+2.22+7.65+20.38+25.33+25.4+36.7+29.26+18.73+19.08+9.01+14.58+11.42+7.25+4.36+26.66+12.33+10.58+14.04+3.07+7.89+20.45+25.67+25.67+37.03+29.56+19.1+18.96+8.89+14.81+11.96 -> 597.4 | M8: 2 | N8: 1.2
A9: Comprimento: 10,00m | C9: Comprimento: 46,67m | H9: =(5.43+5.51)/2 -> 5.47 | I9: 32.03 | J9: =H9*I9 -> 175.2 | L9: =2.43+3.39+2.31+2.97+2.01+3.07 -> 16.18
A10: Largura inicio: 8,20m / largura fim: 5,50m | C10: Largura inicio: 5,50m / largura fim: 5,48m | H10: =(5.51+8.24)/2 -> 6.875 | I10: 10.08 | J10: =H10*I10 -> 69.3
A11: A = (8,20 + 5,50) x 10,00 / 2 = 68,50m² | C11: A = (5,50 + 5,48) x 46,67 / 2 = 256,22m² | J11: =SUM(J6:J10) -> 659.61
A13: Trecho 03 - E2+16,67 à E3+13,24 (trapézio) | C13: Trecho 04 - E3+13,24 à E5+5,27 (trapézio)
A14: Comprimento: 16,57m | C14: Comprimento: 32,03m
A15: Largura inicio: 5,48m / largura fim: 5,43m | C15: Largura inicio: 5,43m / largura fim: 5,51m
A16: A = (5,48 + 5,43) x 16,57 / 2 = 90,39m² | C16: A = (5,43 + 5,51) x 32,03 / 2 = 175,20m²
A18: Trecho 05 - E5+5,27 à E5+15,35 (trapézio)
A19: Comprimento: 10,08m
A20: Largura inicio: 5,51m / largura fim: 8,24m
A21: A = (5,51 + 8,24) x 10,08 / 2 = 69,30m²
A23: 1.0 > Serviços Preliminares:
A24: 1.2 | B24: > Locação de pavimentação Estaqueamento (E0 à E5+15,35) = 115,35m | E24: 115.35 | F24: m
A26: 2.0 > Movimento de Terra:
A27: 2.1 | B27: > Regularização e compactação de sub-leito até 20cm de espessura A = 68,50 + 256,22 + 90,39 + 175,20 + 69,30 = 659,61m² | E27: =J11 -> 659.61 | F27: m²
A29: 3.0 > Pavimentação:
A30: 3.1 | B30: > Assentamento de guia (meio-fio) em trecho reto, confeccionada em concreto pré-fabricado, dimensões 100x15x13x30 cm (comprimento x base inferior x base superior x altura), para vias urbanas (uso viário) Comprimento de meio-fio: C = 2,60 + 32,03 + 35,21 + 10,27 + 10,06 = 90,17m | E30: =K8 -> 90.17 | F30: m
A32: 3.2 | B32: > Execução de pavimento em paralelepípedo inclusive colchão de areia rejuntado no traço 1:3 (Cimento e areia) A = 68,50 + 256,22 + 90,39 + 175,20 + 69,30 = 659,61m² | E32: =E27 -> 659.61 | F32: m²
A34: 4.0 > Passeios (calçadas)
A35: 4.2 | B35: > Execução de passeio (calçada) em concreto moldado in loco, feito em obra, acabamento convencional, não armado, espessura 6 cm Obs.: excluindo-se área de rampas, espessuras do meio-fio e volume do piso tátil V = 2,60 x 1,20 / 2 + (32,03 + 35,21) x 1,20 + 10,27 x 1,20 / 2 + 10,06 x 1,20 / 2 = 94,45m² - 18,00m² = 76,45m² x 0,06m = 4,59m³ Desconto do volume do piso tátil nas calçadas: V = (5,00 + 5,00 + 32,99 + 33,01 + 6,13 + 8,19 + 13,72 + 10,51 + 14,01 + 13,96 + 4,98 + 5,05) x 0,20 x 0,02 = 152,55 x 0,20 x 0,02 = 0,61m³ Total: V = 4,59 - 0,61 = 3,98m³ | E35: =M35 -> 3.98 | F35: m³ | G35: =2.6*1.2/2+(32.03+35.21)*1.2+10.27*1.2/2+10.06*1.2/2 -> 94.45 | H35: =G35-E46 -> 76.45 | J35: =H35*0.06 -> 4.59 | K35: =5+5+32.99+33.01+6.13+8.19+13.72+10.51+14.01+13.96+4.98+5.05 -> 152.55 | L35: =K35*0.2*0.02 -> 0.61 | M35: =J35-L35 -> 3.98
A37: 4.3 | B37: > Piso tátil direcional e/ou alerta, de concreto, na cor natural, para deficientes visuais, dimensões 20x20cm, aplicado com argamassa industrializada ac-ii Será a área referente ao desconto do piso tátil das calçadas, cujo somatório do comprimento foi calculado no item anterior: A = 152,55 x 0,20 = 30,51m² | E37: =G37 -> 30.51 | F37: m² | G37: =K35*0.2 -> 30.51
A39: 5.0 > Rampas de Acessibilidade
A40: 5.1 | B40: > Concreto Fck = 15MPa, traço 1:3,4:3,5 (em massa seca de cimento/ areia média/ brita 1) - preparo mecânico com betoneira 400 L V = (7,50 x 1,20) x 2 = 18,00m² x 0,06m = 1,08m³ Desconto do volume do piso tátil nas rampas: V = [(1,20 x 2 + 1,50 x 1) x 2] x 0,20 x 0,02 = 0,03m³ Total: V = 1,08 - 0,03 = 1,05m³ | E40: =K40 -> 1.05 | F40: m³ | G40: =7.5*N8*M8*0.06 -> 1.08 | H40: =(1.2*2+1.5)*M8 -> 7.8 | J40: =H40*0.2*0.02 -> 0.03 | K40: =G40-J40 -> 1.05 | N40: =(7.5*1.2)*7+5.75+6.31+5.25+6.11+5.71+5.24+5.25+7.18+7.07+5.2+5.25+5.15 -> 132.47 | O40: =N40*0.06 -> 7.95 | P40: =(1.2*3*7+1.05+2.42+1.05+4.76+1.42/2+2+1.05+3+1.05+2.66+1.05+2.01+1.05+3+1.05+1.05+1.05+1.05+1.05+1.05+1.05+2+1.05+2+1.05+2+0.99) -> 68.5 | Q40: =P40*0.2*0.02 -> 0.27 | R40: =P40*0.2 -> 13.7
A42: 5.2 | B42: > Lançamento com uso de baldes, adensamento e acabamento de concreto em estruturas V = (7,50 x 1,20) x 2 = 18,00m² x 0,06m = 1,08m³ Desconto do volume do piso tátil nas rampas: V = [(1,20 x 2 + 1,50 x 1) x 2] x 0,20 x 0,02 = 0,03m³ Total: V = 1,08 - 0,03 = 1,05m³ | E42: =E40 -> 1.05 | F42: m³
A44: 5.3 | B44: > Piso tátil direcional e/ou alerta, de concreto, na cor natural, para deficientes visuais, dimensões 20x20cm, aplicado com argamassa industrializada ac-ii Rampas: A = [(1,20 x 2 + 1,50 x 1) x 2] x 0,20 = 1,56m² | E44: =G44 -> 1.56 | F44: m² | G44: =(N8*2+1.5)*M8*0.2 -> 1.56
A46: 5.4 | B46: > Pintura de piso com tinta acrílica, aplicação manual, 2 demãos, incluso fundo preparador A = (7,50 x 1,20) x 2 = 18,00m² | E46: =G46 -> 18 | F46: m² | G46: =7.5*N8*M8:M8 -> 18
A48: 6.0 > Sinalização
A49: 6.1 | B49: > Fornecimento e instalação de suporte de madeira para placas de sinalização, em solo, com h= de 2,0 m e seção de 7,5 x 7,5 cm Quantidade = 1 und | E49: 1 | F49: unid
A51: 6.2 | B51: > Placa de advertência em aço, lado de 0,60 m - película retrorrefletiva tipo I + SI, para sinalização vertical - fornecimento e implantação Quantidade = 1 und | E51: 1 | F51: unid
A53: 7.0 > Serviços Complementares
A54: 7.1 | B54: > Pintura de meio-fio com tinta branca a base de cal A = 90,17 x (0,15 + 0,13) = 25,25m² | E54: =E30*(0.15+0.13) -> 25.25 | F54: m² | H54: =#REF!*0.28 -> #REF!
A56: 7.2 | B56: > Placa esmaltada para identificação do nome da rua (45,00 x 20,00 cm): Q = 1 und | E56: 1 | F56: unid | H56: 3.9 | I56: 216
A58: 7.3 | B58: > Fornecimento e instalação de suporte de madeira para placas de identificação de rua, em solo, com h= de 2,0 m e seção de 7,5 x 7,5 cm Q = 1 und | E58: 1 | F58: unid
A60: ESTADO DA PARAIBA
A61: =A2 -> PREFEITURA MUNICIPAL DE MAMANGUAPE
A63: Planilha Orçamentária Individual - Pavimentação
A64: =A6 -> Rua Genésio de Andrade (Trecho 02)
A66: Item | B66: Discriminação dos Serviços | C66: Unid. | D66: Quant. | E66: Preço
E67: Unitário | F67: Total
A68: 1.0 | B68: Serviços Preliminares | F68: =SUM(F69) -> 65.75
A69: 1.2 | B69: ='Planilha Global'!B11 -> Execução de linhas de referência em gabarito ou cavalete (locação de pavimentação) | C69: =F24 -> m | D69: =E24 -> 115.35 | E69: ='Planilha Global'!N11 -> 0.57 | F69: =ROUND(D69,2)*ROUND(E69,2) -> 65.75
A71: 2.0 | B71: Movimento de Terra | F71: =SUM(F72:F72) -> 1649.03
A72: 2.1 | B72: ='Planilha Global'!B14 -> Regularização e compactação do subleito até 20 cm de espessura | C72: =F27 -> m² | D72: =E27 -> 659.61 | E72: ='Planilha Global'!N14 -> 2.5 | F72: =ROUND(D72,2)*ROUND(E72,2) -> 1649.03
A74: 3.0 | B74: Pavimentação | F74: =SUM(F75:F76) -> 75578.67
A75: 3.2 | B75: ='Planilha Global'!B17 -> Assentamento de guia (meio-fio) em trecho reto, confeccionada em concreto pré-fabricado, dimensões 100x15x13x30 cm (comprimento x base inferior x base superior x altura), para vias urbanas (uso viário) | C75: =F30 -> m | D75: =E30 -> 90.17 | E75: ='Planilha Global'!N17 -> 49.53 | F75: =ROUND(D75,2)*ROUND(E75,2) -> 4466.12
A76: 3.3 | B76: ='Planilha Global'!B18 -> Execução de pavimento em paralelepípedos, rejuntamento com argamassa traço 1:3 (cimento e areia) | C76: =F32 -> m² | D76: =E32 -> 659.61 | E76: ='Planilha Global'!N18 -> 107.81 | F76: =ROUND(D76,2)*ROUND(E76,2) -> 71112.55
A78: 4.0 | B78: Passeios (calçadas) | F78: =SUM(F79:F80) -> 8866.7
A79: 4.2 | B79: ='Planilha Global'!B23 -> Execução de passeio (calçada) ou piso de concreto com concreto moldado in loco, feito em obra, acabamento convencional, não armado | C79: =F35 -> m³ | D79: ='Genésio Andrade - T2'!E35 -> 3.98 | E79: ='Planilha Global'!N23 -> 943.02 | F79: =ROUND(D79,2)*ROUND(E79,2) -> 3753.22 | H79: 703.2
A80: 4.3 | B80: ='Planilha Global'!B24 -> Piso podotátil de alerta ou direcional, de concreto, assentado sobre argamassa | C80: =F37 -> m² | D80: =E37 -> 30.51 | E80: ='Planilha Global'!N24 -> 167.6 | F80: =ROUND(D80,2)*ROUND(E80,2) -> 5113.48 | H80: 109.78
A82: 5.0 | B82: Rampas de Acessibilidade | F82: =SUM(F83:F86) -> 1623.4
A83: 5.1 | B83: ='Planilha Global'!B27 -> Concreto Fck = 15mpa, traço 1:3,4:3,5 (em massa seca de cimento/ areia média/ brita 1), preparo mecânico com betoneira 400 L | C83: =F40 -> m³ | D83: =E40 -> 1.05 | E83: ='Planilha Global'!N27 -> 553.16 | F83: =ROUND(D83,2)*ROUND(E83,2) -> 580.82 | H83: 410.85
A84: 5.2 | B84: ='Planilha Global'!B28 -> Lançamento com uso de baldes, adensamento e acabamento de concreto em estruturas | C84: =F42 -> m³ | D84: =E42 -> 1.05 | E84: ='Planilha Global'!N28 -> 324.95 | F84: =ROUND(D84,2)*ROUND(E84,2) -> 341.2 | H84: 223.25
A85: 5.3 | B85: ='Planilha Global'!B29 -> Piso podotátil de alerta ou direcional, de concreto, assentado sobre argamassa | C85: =F44 -> m² | D85: =E44 -> 1.56 | E85: ='Planilha Global'!N29 -> 167.6 | F85: =ROUND(D85,2)*ROUND(E85,2) -> 261.46 | H85: 109.78
A86: 5.4 | B86: ='Planilha Global'!B30 -> Pintura de piso com tinta acrílica, aplicação manual, 2 demãos, incluso fundo preparador | C86: =F46 -> m² | D86: =E46 -> 18 | E86: ='Planilha Global'!N30 -> 24.44 | F86: =ROUND(D86,2)*ROUND(E86,2) -> 439.92 | H86: 14.87
A88: 6.0 | B88: Sinalização | F88: =SUM(F89:F90) -> 464.45
A89: 6.1 | B89: ='Planilha Global'!B33 -> Fornecimento e instalação de suporte de madeira para placas de sinalização, em solo, com h= de 2,0 m e seção de 7,5 x 7,5 cm | C89: =F49 -> unid | D89: =E49 -> 1 | E89: ='Planilha Global'!N33 -> 120.58 | F89: =ROUND(D89*E89,2) -> 120.58
A90: 6.2 | B90: ='Planilha Global'!B34 -> Placa de advertência em aço, lado de 0,60 m - película retrorrefletiva tipo I + SI - fornecimento e implantação | C90: =F51 -> unid | D90: =E51 -> 1 | E90: ='Planilha Global'!N34 -> 343.87 | F90: =ROUND(D90*E90,2) -> 343.87 | H90: 349.41
A92: 7.0 | B92: Serviços Complementares | F92: =SUM(F93:F95) -> 346.46
A93: 7.1 | B93: ='Planilha Global'!B37 -> Pintura de meio-fio com tinta branca a base de cal (caiação) | C93: =F54 -> m² | D93: =E54 -> 25.25 | E93: ='Planilha Global'!N37 -> 1.78 | F93: =ROUND(D93,2)*ROUND(E93,2) -> 44.95
A94: 7.2 | B94: ='Planilha Global'!B38 -> Placa esmaltada para identificação de nome de rua, dimensões 45x20cm | C94: =F56 -> unid | D94: =E56 -> 1 | E94: ='Planilha Global'!N38 -> 180.93 | F94: =ROUND(D94,2)*ROUND(E94,2) -> 180.93
A95: 7.3 | B95: ='Planilha Global'!B39 -> Fornecimento e instalação de suporte de madeira para placas de identificação de rua, em solo, com h= de 2,0 m e seção de 7,5 x 7,5 cm | C95: =F58 -> unid | D95: =E58 -> 1 | E95: ='Planilha Global'!N39 -> 120.58 | F95: =ROUND(D95*E95,2) -> 120.58
A97: T O T A L . . . . . . . . | F97: =F68+F71+F74+F78+F82+F88+F92 -> 88594.46
A99: Obs: Encargos Sociais Desonerados de 91,01% (h) contidos nos insumos, conforme informa a tabela de referência citada. | G99: =175162.63/D76 -> 265.55484
A100: ='Composição Custos Unit'!G37 -> Referência: SINAPI PB Fevereiro/25; DER PB Jan-Mar/25 | C100: ='Planilha Global'!A43 -> BDI: 28,99%
G102: =F97/#REF! -> #REF!
F103: =F97/D72 -> 134.31
F105: ='Maria Livramento - T1'!F106+'Maria Livramento - T2'!F108+'Fábio Vaz - T1'!F114+'Genésio Andrade - T2'!F97 -> 456672.88

Sheet Travessa Cunha
A1: ESTADO DA PARAIBA
A2: ='[2]Planilha Global'!A2 -> PREFEITURA MUNICIPAL DE MAMANGUAPE | G2: Extensão da rua | H2: 128.16
A4: Memória de Cálculos - Pavimentação | H4: largura | I4: comprimento | J4: área | K4: meio-fio | L4: descidas drenagem | M4: rampas | N4: largura rampa
A6: Travessa Cunha de Vasconcelos | H6: =(7.9+5.22)/2 -> 6.56 | I6: 10 | J6: =H6*I6 -> 65.6
A7: Cálculo da área de pavimentação: | H7: =(5.22+5.3)/2 -> 5.26 | I7: 48.31 | J7: =I7*H7 -> 254.11
A8: Trecho 01 - E0 à E0+10,00 (trapézio) | C8: Trecho 02 - E0+10,00 à E2+18,31 (trapézio) | H8: =(5.48+5.43)/2 -> 5.455 | I8: 16.57 | J8: 0.97 | K8: =10.09+10.13+46.74+46.86+2.21+2.19 -> 118.22 | L8: =5.68+4.08+6.31+26.94+12.7+10.5+13.15+2.22+7.65+20.38+25.33+25.4+36.7+29.26+18.73+19.08+9.01+14.58+11.42+7.25+4.36+26.66+12.33+10.58+14.04+3.07+7.89+20.45+25.67+25.67+37.03+29.56+19.1+18.96+8.89+14.81+11.96 -> 597.4 | M8: 2 | N8: 1.2
A9: Comprimento: 10,00m | C9: Comprimento: 48,31m | L9: =2.43+3.39+2.31+2.97+2.01+3.07 -> 16.18
A10: Largura inicio: 7,90m / largura fim: 5,22m | C10: Largura inicio: 5,22m / largura fim: 5,30m
A11: A = (7,90 + 5,22) x 10,00 / 2 = 65,60m² | C11: A = (5,22 + 5,30) x 48,31 / 2 = 254,11m² | J11: =SUM(J6:J10) -> 320.68
A13: Áreas de curva de meio-fio indicadas em planta
A14: A1 = 0,49m²
A15: A2 = 0,48m²
A16: Atotal = 0,97m²
A18: 1.0 > Serviços Preliminares:
A19: 1.2 | B19: > Locação de pavimentação Estaqueamento (E0 à E2+18,31) = 58,31m | E19: 58.31 | F19: m
A21: 2.0 > Movimento de Terra:
A22: 2.1 | B22: > Regularização e compactação de sub-leito até 20cm de espessura A = 65,60 + 254,11 + 0,97 = 320,68m² | E22: =J11 -> 320.68 | F22: m²
A24: 3.0 > Pavimentação:
A25: 3.1 | B25: > Assentamento de guia (meio-fio) em trecho reto, confeccionada em concreto pré-fabricado, dimensões 100x15x13x30 cm (comprimento x base inferior x base superior x altura), para vias urbanas (uso viário) Comprimento de meio-fio: C = 10,09 + 10,13 + 46,74 + 46,86 + 2,21 + 2,19 = 118,22m | E25: =K8 -> 118.22 | F25: m
A27: 3.2 | B27: > Execução de pavimento em paralelepípedo inclusive colchão de areia rejuntado no traço 1:3 (Cimento e areia) A = 65,60 + 254,11 + 0,97 = 320,68m² | E27: =E22 -> 320.68 | F27: m²
A29: 4.0 > Passeios (calçadas)
A30: 4.2 | B30: > Execução de passeio (calçada) em concreto moldado in loco, feito em obra, acabamento convencional, não armado, espessura 6 cm Obs.: excluindo-se áre de rampas, espessuras do meio-fio e volume do piso tátil V = 10,09 x 1,20 / 2 + 10,13 x 1,20 / 2 + (46,74 + 46,86) x 1,20 + 1,20 x 1,20 / 2 + 1,20 x 1,20 / 2 = 125,89m² - 18,00m² = 107,89m² x 0,06m = 6,47m³ Desconto do volume do piso tátil nas calçadas: V = (4,42 + 4,42 + 33,04 + 33,15 + 4,61 + 5,21 + 2,70 + 2,00 + 1,54 + 1,40) x 0,20 x 0,02 = 92,49 x 0,20 x 0,02 = 0,37m³ Total: V = 6,47 - 0,37 = 6,10m³ | E30: =M30 -> 6.1 | F30: m³ | G30: =10.09*1.2/2+10.13*1.2/2+(46.74+46.86)*1.2+1.2*1.2/2+1.2*1.2/2 -> 125.89 | H30: =G30-E41 -> 107.89 | J30: =H30*0.06 -> 6.47 | K30: =4.42+4.42+33.04+33.15+4.61+5.21+2.7+2+1.54+1.4 -> 92.49 | L30: =K30*0.2*0.02 -> 0.37 | M30: =J30-L30 -> 6.1
A32: 4.3 | B32: > Piso tátil direcional e/ou alerta, de concreto, na cor natural, para deficientes visuais, dimensões 20x20cm, aplicado com argamassa industrializada ac-ii Será a área referente ao desconto do piso tátil das calçadas, cujo somatório do comprimento foi calculado no item anterior: A = 92,49 x 0,20 = 18,50m² | E32: =G32 -> 18.5 | F32: m² | G32: =K30*0.2 -> 18.5
A34: 5.0 > Rampas de Acessibilidade
A35: 5.1 | B35: > Concreto Fck = 15MPa, traço 1:3,4:3,5 (em massa seca de cimento/ areia média/ brita 1) - preparo mecânico com betoneira 400 L V = (7,50 x 1,20) x 2 = 18,00m² x 0,06m = 1,08m³ Desconto do volume do piso tátil nas rampas: V = [(1,20 x 2 + 1,50 x 1) x 2] x 0,20 x 0,02 = 0,03m³ Total: V = 1,08 - 0,03 = 1,05m³ | E35: =K35 -> 1.05 | F35: m³ | G35: =7.5*N8*M8*0.06 -> 1.08 | H35: =(1.2*2+1.5)*M8 -> 7.8 | J35: =H35*0.2*0.02 -> 0.03 | K35: =G35-J35 -> 1.05 | N35: =(7.5*1.2)*7+5.75+6.31+5.25+6.11+5.71+5.24+5.25+7.18+7.07+5.2+5.25+5.15 -> 132.47 | O35: =N35*0.06 -> 7.95 | P35: =(1.2*3*7+1.05+2.42+1.05+4.76+1.42/2+2+1.05+3+1.05+2.66+1.05+2.01+1.05+3+1.05+1.05+1.05+1.05+1.05+1.05+1.05+2+1.05+2+1.05+2+0.99) -> 68.5 | Q35: =P35*0.2*0.02 -> 0.27 | R35: =P35*0.2 -> 13.7
A37: 5.2 | B37: > Lançamento com uso de baldes, adensamento e acabamento de concreto em estruturas V = (7,50 x 1,20) x 2 = 18,00m² x 0,06m = 1,08m³ Desconto do volume do piso tátil nas rampas: V = [(1,20 x 2 + 1,50 x 1) x 2] x 0,20 x 0,02 = 0,03m³ Total: V = 1,08 - 0,03 = 1,05m³ | E37: =E35 -> 1.05 | F37: m³
A39: 5.3 | B39: > Piso tátil direcional e/ou alerta, de concreto, na cor natural, para deficientes visuais, dimensões 20x20cm, aplicado com argamassa industrializada ac-ii Rampas: A = [(1,20 x 2 + 1,50 x 1) x 2] x 0,20 = 1,56m² | E39: =G39 -> 1.56 | F39: m² | G39: =(N8*2+1.5)*M8*0.2 -> 1.56
A41: 5.4 | B41: > Pintura de piso com tinta acrílica, aplicação manual, 2 demãos, incluso fundo preparador A = (7,50 x 1,20) x 2 = 18,00m² | E41: =G41 -> 18 | F41: m² | G41: =7.5*N8*M8:M8 -> 18
A43: 6.0 > Sinalização
A44: 6.1 | B44: > Fornecimento e instalação de suporte de madeira para placas de sinalização, em solo, com h= de 2,0 m e seção de 7,5 x 7,5 cm Quantidade = 1 und | E44: 1 | F44: unid
A46: 6.2 | B46: > Placa de advertência em aço, lado de 0,60 m - película retrorrefletiva tipo I + SI, para sinalização vertical - fornecimento e implantação Quantidade = 1 und | E46: 1 | F46: unid
A48: 7.0 > Serviços Complementares
A49: 7.1 | B49: > Pintura de meio-fio com tinta branca a base de cal A = 118,22 x (0,15 + 0,13) = 33,10m² | E49: =E25*(0.15+0.13) -> 33.1 | F49: m² | H49: =#REF!*0.28 -> #REF!
A51: 7.2 | B51: > Placa esmaltada para identificação do nome da rua (45,00 x 20,00 cm): Q = 1 und | E51: 1 | F51: unid | H51: 3.9 | I51: 216
A53: 7.3 | B53: > Fornecimento e instalação de suporte de madeira para placas de identificação de rua, em solo, com h= de 2,0 m e seção de 7,5 x 7,5 cm Q = 1 und | E53: 1 | F53: unid
A55: ESTADO DA PARAIBA
A56: =A2 -> PREFEITURA MUNICIPAL DE MAMANGUAPE
A58: Planilha Orçamentária Individual - Pavimentação
A59: =A6 -> Travessa Cunha de Vasconcelos
A61: Item | B61: Discriminação dos Serviços | C61: Unid. | D61: Quant. | E61: Preço
E62: Unitário | F62: Total
A63: 1.0 | B63: Serviços Preliminares | F63: =SUM(F64) -> 33.24
A64: 1.2 | B64: ='Planilha Global'!B11 -> Execução de linhas de referência em gabarito ou cavalete (locação de pavimentação) | C64: =F19 -> m | D64: =E19 -> 58.31 | E64: ='Planilha Global'!N11 -> 0.57 | F64: =ROUND(D64,2)*ROUND(E64,2) -> 33.24
A66: 2.0 | B66: Movimento de Terra | F66: =SUM(F67:F67) -> 801.7
A67: 2.1 | B67: ='Planilha Global'!B14 -> Regularização e compactação do subleito até 20 cm de espessura | C67: =F22 -> m² | D67: =E22 -> 320.68 | E67: ='Planilha Global'!N14 -> 2.5 | F67: =ROUND(D67,2)*ROUND(E67,2) -> 801.7
A69: 3.0 | B69: Pavimentação | F69: =SUM(F70:F71) -> 40427.95
A70: 3.2 | B70: ='Planilha Global'!B17 -> Assentamento de guia (meio-fio) em trecho reto, confeccionada em concreto pré-fabricado, dimensões 100x15x13x30 cm (comprimento x base inferior x base superior x altura), para vias urbanas (uso viário) | C70: =F25 -> m | D70: =E25 -> 118.22 | E70: ='Planilha Global'!N17 -> 49.53 | F70: =ROUND(D70,2)*ROUND(E70,2) -> 5855.44
A71: 3.3 | B71: ='Planilha Global'!B18 -> Execução de pavimento em paralelepípedos, rejuntamento com argamassa traço 1:3 (cimento e areia) | C71: =F27 -> m² | D71: =E27 -> 320.68 | E71: ='Planilha Global'!N18 -> 107.81 | F71: =ROUND(D71,2)*ROUND(E71,2) -> 34572.51
A73: 4.0 | B73: Passeios (calçadas) | F73: =SUM(F74:F75) -> 8853.02
A74: 4.2 | B74: ='Planilha Global'!B23 -> Execução de passeio (calçada) ou piso de concreto com concreto moldado in loco, feito em obra, acabamento convencional, não armado | C74: =F30 -> m³ | D74: ='Travessa Cunha'!E30 -> 6.1 | E74: ='Planilha Global'!N23 -> 943.02 | F74: =ROUND(D74,2)*ROUND(E74,2) -> 5752.42 | H74: 703.2
A75: 4.3 | B75: ='Planilha Global'!B24 -> Piso podotátil de alerta ou direcional, de concreto, assentado sobre argamassa | C75: =F32 -> m² | D75: =E32 -> 18.5 | E75: ='Planilha Global'!N24 -> 167.6 | F75: =ROUND(D75,2)*ROUND(E75,2) -> 3100.6 | H75: 109.78
A77: 5.0 | B77: Rampas de Acessibilidade | F77: =SUM(F78:F81) -> 1623.4
A78: 5.1 | B78: ='Planilha Global'!B27 -> Concreto Fck = 15mpa, traço 1:3,4:3,5 (em massa seca de cimento/ areia média/ brita 1), preparo mecânico com betoneira 400 L | C78: =F35 -> m³ | D78: =E35 -> 1.05 | E78: ='Planilha Global'!N27 -> 553.16 | F78: =ROUND(D78,2)*ROUND(E78,2) -> 580.82 | H78: 410.85
A79: 5.2 | B79: ='Planilha Global'!B28 -> Lançamento com uso de baldes, adensamento e acabamento de concreto em estruturas | C79: =F37 -> m³ | D79: =E37 -> 1.05 | E79: ='Planilha Global'!N28 -> 324.95 | F79: =ROUND(D79,2)*ROUND(E79,2) -> 341.2 | H79: 223.25
A80: 5.3 | B80: ='Planilha Global'!B29 -> Piso podotátil de alerta ou direcional, de concreto, assentado sobre argamassa | C80: =F39 -> m² | D80: =E39 -> 1.56 | E80: ='Planilha Global'!N29 -> 167.6 | F80: =ROUND(D80,2)*ROUND(E80,2) -> 261.46 | H80: 109.78
A81: 5.4 | B81: ='Planilha Global'!B30 -> Pintura de piso com tinta acrílica, aplicação manual, 2 demãos, incluso fundo preparador | C81: =F41 -> m² | D81: =E41 -> 18 | E81: ='Planilha Global'!N30 -> 24.44 | F81: =ROUND(D81,2)*ROUND(E81,2) -> 439.92 | H81: 14.87
A83: 6.0 | B83: Sinalização | F83: =SUM(F84:F85) -> 464.45
A84: 6.1 | B84: ='Planilha Global'!B33 -> Fornecimento e instalação de suporte de madeira para placas de sinalização, em solo, com h= de 2,0 m e seção de 7,5 x 7,5 cm | C84: =F44 -> unid | D84: =E44 -> 1 | E84: ='Planilha Global'!N33 -> 120.58 | F84: =ROUND(D84*E84,2) -> 120.58
A85: 6.2 | B85: ='Planilha Global'!B34 -> Placa de advertência em aço, lado de 0,60 m - película retrorrefletiva tipo I + SI - fornecimento e implantação | C85: =F46 -> unid | D85: =E46 -> 1 | E85: ='Planilha Global'!N34 -> 343.87 | F85: =ROUND(D85*E85,2) -> 343.87 | H85: 349.41
A87: 7.0 | B87: Serviços Complementares | F87: =SUM(F88:F90) -> 360.43
A88: 7.1 | B88: ='Planilha Global'!B37 -> Pintura de meio-fio com tinta branca a base de cal (caiação) | C88: =F49 -> m² | D88: =E49 -> 33.1 | E88: ='Planilha Global'!N37 -> 1.78 | F88: =ROUND(D88,2)*ROUND(E88,2) -> 58.92
A89: 7.2 | B89: ='Planilha Global'!B38 -> Placa esmaltada para identificação de nome de rua, dimensões 45x20cm | C89: =F51 -> unid | D89: =E51 -> 1 | E89: ='Planilha Global'!N38 -> 180.93 | F89: =ROUND(D89,2)*ROUND(E89,2) -> 180.93
A90: 7.3 | B90: ='Planilha Global'!B39 -> Fornecimento e instalação de suporte de madeira para placas de identificação de rua, em solo, com h= de 2,0 m e seção de 7,5 x 7,5 cm | C90: =F53 -> unid | D90: =E53 -> 1 | E90: ='Planilha Global'!N39 -> 120.58 | F90: =ROUND(D90*E90,2) -> 120.58
A92: T O T A L . . . . . . . . | F92: =F63+F66+F69+F73+F77+F83+F87 -> 52564.19
A94: Obs: Encargos Sociais Desonerados de 91,01% (h) contidos nos insumos, conforme informa a tabela de referência citada. | G94: =175162.63/D71 -> 546.2225
A95: ='Composição Custos Unit'!G37 -> Referência: SINAPI PB Fevereiro/25; DER PB Jan-Mar/25 | C95: ='Planilha Global'!A43 -> BDI: 28,99%
G97: =F92/#REF! -> #REF!
F98: =F92/D67 -> 163.91
F100: ='Maria Livramento - T1'!F106+'Maria Livramento - T2'!F108+'Fábio Vaz - T1'!F114+'Travessa Cunha'!F92 -> 420642.61

Sheet Planilha Global
A1: ESTADO DA PARAIBA
A2: PREFEITURA MUNICIPAL DE MAMANGUAPE
A4: PLANILHA ORÇAMENTÁRIA GLOBAL
A5: PAVIMENTAÇÃO EM RUAS DO MUNICÍPIO DE MAMANGUAPE-PB | Q5: =BDI!B16+1 -> 1.2899
A7: Item | B7: Discriminação dos Serviços | C7: Unid. | D7: Quant. Contratada CTEF 118/2020 | E7: Unitário Contratado CTEF 118/2020 (R$) | F7: Total Contratado CTEF 118/2020 (R$) | G7: Quant. Executado CTEF 118/2020 | H7: Total Executado CTEF 118/2020 (R$) | I7: Quant. a Executar | J7: Quant. Acrescida | K7: Quant. Suprimida | L7: Quantidade | M7: Preço (R$)
M8: Unitário | N8: Unitário com BDI 28,99% | O8: Código/ Fonte/ Data-base | P8: Total | R8: Ndeson | T8: BDI | U8: 0.2097
A9: 1.0 | B9: SERVIÇOS PRELIMINARES | F9: =SUM(F11:F11) -> 0 | H9: =SUM(H11:H11) -> 0 | P9: =SUM(P10:P11) -> 5327.19
A10: 1.1 | B10: Fornecimento e instalação de placa de obra com chapa galvanizada e estrutura de madeira | C10: m² | D10: 0 | E10: 0 | F10: 0 | G10: 0 | H10: 0 | I10: =D10-G10 -> 0 | J10: ='Vale Verde 1'!D71 -> 8 | K10: 0 | L10: ='Maria Livramento - T1'!D75 -> 8 | M10: 459.22 | N10: =M10*$Q$5 -> 592.35 | O10: 103689 SINAPI Fev/25 | P10: =L10*N10 -> 4738.8 | Q10: ='Maria Livramento - T1'!F75 -> 4738.8 | R10: 462.25
A11: 1.2 | B11: Execução de linhas de referência em gabarito ou cavalete (locação de pavimentação) | C11: m | D11: 0 | E11: 0 | F11: =D11*E11 -> 0 | G11: 0 | H11: 0 | I11: =D11-G11 -> 0 | J11: ='Vale Verde 1'!D72 -> 300 | K11: 0 | L11: ='Maria Livramento - T1'!D76+'Maria Livramento - T2'!D78+'Fábio Vaz - T1'!D84+'Fábio Vaz - T2'!D69+'José Vieira - T1'!D63+'José Vieira - T2'!D78+'José Vieira - T3'!D64+'Genésio Andrade - T1'!D66+'Genésio Andrade - T2'!D69+'Travessa Cunha'!D64 -> 1032.25 | M11: 0.44 | N11: =M11*$Q$5 -> 0.57 | O11: 105011 SINAPI Fev/25 | P11: =L11*N11+0.01 -> 588.39 | Q11: ='Maria Livramento - T1'!F76+'Maria Livramento - T2'!F78+'Fábio Vaz - T1'!F84+'Fábio Vaz - T2'!F69+'José Vieira - T1'!F63+'José Vieira - T2'!F78+'José Vieira - T3'!F64+'Genésio Andrade - T1'!F66+'Genésio Andrade - T2'!F69+'Travessa Cunha'!F64 -> 588.39 | R11: 0.47
A13: 2.0 | B13: MOVIMENTO DE TERRA | F13: =SUM(F14:F14) -> 0 | H13: =SUM(H14:H14) -> 0 | P13: =SUM(P14:P14) -> 15062.01 | T13: 1.2097
A14: 2.1 | B14: Regularização e compactação do subleito até 20 cm de espessura | C14: m² | D14: 0 | E14: 0 | F14: =D14*E14 -> 0 | G14: 0 | H14: 0 | I14: =D14-G14 -> 0 | J14: ='Vale Verde 1'!D75 -> 1739.21 | K14: 0 | L14: ='Maria Livramento - T1'!D79+'Maria Livramento - T2'!D81+'Fábio Vaz - T1'!D87+'Fábio Vaz - T2'!D72+'José Vieira - T1'!D66+'José Vieira - T2'!D81+'José Vieira - T3'!D67+'Genésio Andrade - T1'!D69+'Genésio Andrade - T2'!D72+'Travessa Cunha'!D67 -> 6024.8 | M14: 1.94 | N14: =M14*$Q$5 -> 2.5 | O14: 100576 SINAPI Fev/25 | P14: =L14*N14+0.01 -> 15062.01 | Q14: ='Maria Livramento - T1'!F79+'Maria Livramento - T2'!F81+'Fábio Vaz - T1'!F87+'Fábio Vaz - T2'!F72+'José Vieira - T1'!F66+'José Vieira - T2'!F81+'José Vieira - T3'!F67+'Genésio Andrade - T1'!F69+'Genésio Andrade - T2'!F72+'Travessa Cunha'!F67 -> 15062.01 | R14: 1.99
A16: 3.0 | B16: PAVIMENTAÇÃO | F16: =SUM(F17:F19) -> 0 | H16: =SUM(H17:H19) -> 0 | P16: =SUM(P17:P19) -> 749495.47
A17: 3.1 | B17: Assentamento de guia (meio-fio) em trecho reto, confeccionada em concreto pré-fabricado, dimensões 100x15x13x30 cm (comprimento x base inferior x base superior x altura), para vias urbanas (uso viário) | C17: m | D17: 0 | E17: 0 | F17: =D17*E17 -> 0 | G17: 0 | H17: 0 | I17: =D17-G17 -> 0 | J17: ='Vale Verde 1'!D78 -> 589.72 | K17: 0 | L17: ='Maria Livramento - T1'!D82+'Maria Livramento - T2'!D84+'Fábio Vaz - T1'!D90+'Fábio Vaz - T2'!D75+'José Vieira - T1'!D69+'José Vieira - T2'!D84+'José Vieira - T3'!D70+'Genésio Andrade - T1'!D72+'Genésio Andrade - T2'!D75+'Travessa Cunha'!D70 -> 1925.57 | M17: 38.4 | N17: =M17*$Q$5 -> 49.53 | O17: 94273 SINAPI Fev/25 | P17: =L17*N17 -> 95373.48 | Q17: ='Maria Livramento - T1'!F82+'Maria Livramento - T2'!F84+'Fábio Vaz - T1'!F90+'Fábio Vaz - T2'!F75+'José Vieira - T1'!F69+'José Vieira - T2'!F84+'José Vieira - T3'!F70+'Genésio Andrade - T1'!F72+'Genésio Andrade - T2'!F75+'Travessa Cunha'!F70 -> 95373.48 | R17: 39.28
A18: 3.2 | B18: Execução de pavimento em paralelepípedos, rejuntamento com argamassa traço 1:3 (cimento e areia) | C18: m² | D18: 0 | E18: 0 | F18: =D18*E18 -> 0 | G18: 0 | H18: 0 | I18: =D18-G18 -> 0 | J18: ='Vale Verde 1'!D79 -> 1739.21 | K18: 0 | L18: ='Maria Livramento - T1'!D83+'Maria Livramento - T2'!D85+'Fábio Vaz - T1'!D91+'Fábio Vaz - T2'!D76+'José Vieira - T1'!D70+'José Vieira - T2'!D85+'José Vieira - T3'!D71+'Genésio Andrade - T1'!D73+'Genésio Andrade - T2'!D76+'Travessa Cunha'!D71 -> 6024.8 | M18: 83.58 | N18: =M18*$Q$5 -> 107.81 | O18: 101169 SINAPI Fev/25 | P18: =L18*N18+0.01 -> 649533.7 | Q18: ='Maria Livramento - T1'!F83+'Maria Livramento - T2'!F85+'Fábio Vaz - T1'!F91+'Fábio Vaz - T2'!F76+'José Vieira - T1'!F70+'José Vieira - T2'!F85+'José Vieira - T3'!F71+'Genésio Andrade - T1'!F73+'Genésio Andrade - T2'!F76+'Travessa Cunha'!F71 -> 649533.7 | R18: 85.46
A19: 3.3 | B19: Assentamento de guia (meio-fio) para cordão de travamento do pavimento, em pedra granítica | C19: m | D19: 0 | E19: 0 | F19: =D19*E19 -> 0 | G19: 0 | H19: 0 | I19: =D19-G19 -> 0 | J19: ='Vale Verde 1'!D80 -> 47.07 | K19: 0 | L19: ='Maria Livramento - T1'!D84+'Maria Livramento - T2'!D86+'Fábio Vaz - T1'!D92+'Fábio Vaz - T2'!D77+'José Vieira - T1'!D71+'José Vieira - T2'!D86 -> 73.66 | M19: ='Composição Custos Unit'!G20 -> 48.29 | N19: =M19*$Q$5 -> 62.29 | O19: Composição 01 | P19: =L19*N19+0.01 -> 4588.29 | Q19: ='Maria Livramento - T1'!F84+'Maria Livramento - T2'!F86+'Fábio Vaz - T1'!F92+'Fábio Vaz - T2'!F77+'José Vieira - T1'!F71+'José Vieira - T2'!F86 -> 4588.29
A21: 4.0 | B21: PASSEIOS (CALÇADAS) | F21: =SUM(F23:F23) -> 0 | H21: =SUM(H23:H23) -> 0 | P21: =SUM(P22:P24) -> 172928.03
A22: 4.1 | B22: Alvenaria de blocos cerâmicos furados na horizontal de 9x19x19 cm (espessura 9 cm) e argamassa de assentamento com preparo manual (para contenção das calçadas) | C22: m² | D22: 0 | E22: 0 | F22: =D22*E22 -> 0 | G22: 0 | H22: 0 | I22: 0 | J22: ='Vale Verde 1'!D83 -> 108.16 | K22: 0 | L22: ='Maria Livramento - T1'!D87+'Maria Livramento - T2'!D89+'Fábio Vaz - T1'!D95+'Fábio Vaz - T2'!D80+'José Vieira - T1'!D74+'José Vieira - T2'!D89+'Genésio Andrade - T1'!D76 -> 164.48 | M22: 83.14 | N22: =M22*$Q$5 -> 107.24 | O22: 103329 SINAPI Fev/25 | P22: =L22*N22 -> 17638.84 | Q22: ='Maria Livramento - T1'!F87+'Maria Livramento - T2'!F89+'Fábio Vaz - T1'!F95+'Fábio Vaz - T2'!F80+'José Vieira - T1'!F74+'José Vieira - T2'!F89+'Genésio Andrade - T1'!F76 -> 17638.84 | R22: 87.98
A23: 4.2 | B23: Execução de passeio (calçada) ou piso de concreto com concreto moldado in loco, feito em obra, acabamento convencional, não armado | C23: m³ | D23: ='Planilha CT Original'!F111 -> 0 | E23: ='Planilha CT Original'!H111 -> 0 | F23: =D23*E23 -> 0 | G23: 0 | H23: =E23*G23 -> 0 | I23: =D23-G23 -> 0 | J23: ='Vale Verde 1'!D84 -> 34.92 | K23: 0 | L23: ='Maria Livramento - T1'!D88+'Maria Livramento - T2'!D90+'Fábio Vaz - T1'!D96+'Fábio Vaz - T2'!D81+'José Vieira - T1'!D75+'José Vieira - T2'!D90+'José Vieira - T3'!D74+'Genésio Andrade - T1'!D77+'Genésio Andrade - T2'!D79+'Travessa Cunha'!D74 -> 105.69 | M23: 731.08 | N23: =M23*$Q$5 -> 943.02 | O23: 94990 SINAPI Fev/25 | P23: =L23*N23+0.01 -> 99667.79 | Q23: ='Maria Livramento - T1'!F88+'Maria Livramento - T2'!F90+'Fábio Vaz - T1'!F96+'Fábio Vaz - T2'!F81+'José Vieira - T1'!F75+'José Vieira - T2'!F90+'José Vieira - T3'!F74+'Genésio Andrade - T1'!F77+'Genésio Andrade - T2'!F79+'Travessa Cunha'!F74 -> 99667.79 | R23: 749.93
A24: 4.3 | B24: Piso podotátil de alerta ou direcional, de concreto, assentado sobre argamassa | C24: m² | D24: 0 | E24: ='Planilha Global'!#REF! -> #REF! | F24: =D24*E24 -> #REF! | G24: 0 | H24: =E24*G24 -> #REF! | I24: =D24-G24 -> 0 | J24: ='Vale Verde 1'!D85 -> 105.48 | K24: 0 | L24: ='Maria Livramento - T1'!D89+'Maria Livramento - T2'!D91+'Fábio Vaz - T1'!D97+'Fábio Vaz - T2'!D82+'José Vieira - T1'!D76+'José Vieira - T2'!D91+'José Vieira - T3'!D75+'Genésio Andrade - T1'!D78+'Genésio Andrade - T2'!D80+'Travessa Cunha'!D75 -> 331.87 | M24: 129.93 | N24: =M24*$Q$5 -> 167.6 | O24: 104658 SINAPI Fev/25 | P24: =L24*N24-0.01 -> 55621.4 | Q24: ='Maria Livramento - T1'!F89+'Maria Livramento - T2'!F91+'Fábio Vaz - T1'!F97+'Fábio Vaz - T2'!F82+'José Vieira - T1'!F76+'José Vieira - T2'!F91+'José Vieira - T3'!F75+'Genésio Andrade - T1'!F78+'Genésio Andrade - T2'!F80+'Travessa Cunha'!F75 -> 55621.4 | R24: 133.32
A26: 5.0 | B26: RAMPAS DE ACESSIBILIDADE | F26: =SUM(F27:F29) -> #REF! | H26: =SUM(H27:H29) -> #REF! | P26: =SUM(P27:P30) -> 29221.11
A27: 5.1 | B27: Concreto Fck = 15mpa, traço 1:3,4:3,5 (em massa seca de cimento/ areia média/ brita 1), preparo mecânico com betoneira 400 L | C27: m³ | D27: ='Planilha CT Original'!F99 -> 0 | E27: ='Planilha Global'!#REF! -> #REF! | F27: =D27*E27 -> #REF! | G27: 0 | H27: =E27*G27 -> #REF! | I27: =D27-G27 -> 0 | J27: ='Vale Verde 1'!D88 -> 5.24 | K27: 0 | L27: ='Maria Livramento - T1'!D92+'Maria Livramento - T2'!D94+'Fábio Vaz - T1'!D100+'Fábio Vaz - T2'!D85+'José Vieira - T1'!D79+'José Vieira - T2'!D94+'José Vieira - T3'!D78+'Genésio Andrade - T1'!D81+'Genésio Andrade - T2'!D83+'Travessa Cunha'!D78 -> 18.9 | M27: 428.84 | N27: =M27*$Q$5 -> 553.16 | O27: 94963 SINAPI Fev/25 | P27: =L27*N27+0.03 -> 10454.75 | Q27: ='Maria Livramento - T1'!F92+'Maria Livramento - T2'!F94+'Fábio Vaz - T1'!F100+'Fábio Vaz - T2'!F85+'José Vieira - T1'!F79+'José Vieira - T2'!F94+'José Vieira - T3'!F78+'Genésio Andrade - T1'!F81+'Genésio Andrade - T2'!F83+'Travessa Cunha'!F78 -> 10454.75 | R27: 434.52
A28: 5.2 | B28: Lançamento com uso de baldes, adensamento e acabamento de concreto em estruturas | C28: m³ | D28: ='Planilha CT Original'!F100 -> 0 | E28: ='Planilha Global'!#REF! -> #REF! | F28: =D28*E28 -> #REF! | G28: 0 | H28: =E28*G28 -> #REF! | I28: =D28-G28 -> 0 | J28: ='Vale Verde 1'!D89 -> 5.24 | K28: 0 | L28: ='Maria Livramento - T1'!D93+'Maria Livramento - T2'!D95+'Fábio Vaz - T1'!D101+'Fábio Vaz - T2'!D86+'José Vieira - T1'!D80+'José Vieira - T2'!D95+'José Vieira - T3'!D79+'Genésio Andrade - T1'!D82+'Genésio Andrade - T2'!D84+'Travessa Cunha'!D79 -> 18.9 | M28: 251.92 | N28: =M28*$Q$5 -> 324.95 | O28: 103670 SINAPI Fev/25 | P28: =L28*N28+0.03 -> 6141.59 | Q28: ='Maria Livramento - T1'!F93+'Maria Livramento - T2'!F95+'Fábio Vaz - T1'!F101+'Fábio Vaz - T2'!F86+'José Vieira - T1'!F80+'José Vieira - T2'!F95+'José Vieira - T3'!F79+'Genésio Andrade - T1'!F82+'Genésio Andrade - T2'!F84+'Travessa Cunha'!F79 -> 6141.59 | R28: 274.01
A29: 5.3 | B29: Piso podotátil de alerta ou direcional, de concreto, assentado sobre argamassa | C29: m² | D29: ='Planilha CT Original'!F101 -> 0 | E29: ='Planilha Global'!#REF! -> #REF! | F29: =D29*E29 -> #REF! | G29: 0 | H29: =E29*G29 -> #REF! | I29: =D29-G29 -> 0 | J29: ='Vale Verde 1'!D90 -> 7.8 | K29: 0 | L29: ='Maria Livramento - T1'!D94+'Maria Livramento - T2'!D96+'Fábio Vaz - T1'!D102+'Fábio Vaz - T2'!D87+'José Vieira - T1'!D81+'José Vieira - T2'!D96+'José Vieira - T3'!D80+'Genésio Andrade - T1'!D83+'Genésio Andrade - T2'!D85+'Travessa Cunha'!D80 -> 28.08 | M29: =M24 -> 129.93 | N29: =M29*$Q$5 -> 167.6 | O29: 104658 SINAPI - Fev/25 | P29: =L29*N29 -> 4706.21 | Q29: ='Maria Livramento - T1'!F94+'Maria Livramento - T2'!F96+'Fábio Vaz - T1'!F102+'Fábio Vaz - T2'!F87+'José Vieira - T1'!F81+'José Vieira - T2'!F96+'José Vieira - T3'!F80+'Genésio Andrade - T1'!F83+'Genésio Andrade - T2'!F85+'Travessa Cunha'!F80 -> 4706.21 | R29: =R24 -> 133.32
A30: 5.4 | B30: Pintura de piso com tinta acrílica, aplicação manual, 2 demãos, incluso fundo preparador | C30: m² | D30: 0 | E30: 0 | F30: 0 | G30: 0 | H30: 0 | I30: 0 | J30: ='Vale Verde 1'!D91 -> 90 | K30: 0 | L30: ='Maria Livramento - T1'!D95+'Maria Livramento - T2'!D97+'Fábio Vaz - T1'!D103+'Fábio Vaz - T2'!D88+'José Vieira - T1'!D82+'José Vieira - T2'!D97+'José Vieira - T3'!D81+'Genésio Andrade - T1'!D84+'Genésio Andrade - T2'!D86+'Travessa Cunha'!D81 -> 324 | M30: 18.95 | N30: =M30*$Q$5 -> 24.44 | O30: 102491 SINAPI Fev/25 | P30: =L30*N30 -> 7918.56 | Q30: ='Maria Livramento - T1'!F95+'Maria Livramento - T2'!F97+'Fábio Vaz - T1'!F103+'Fábio Vaz - T2'!F88+'José Vieira - T1'!F82+'José Vieira - T2'!F97+'José Vieira - T3'!F81+'Genésio Andrade - T1'!F84+'Genésio Andrade - T2'!F86+'Travessa Cunha'!F81 -> 7918.56 | R30: 19.71
A32: 6.0 | B32: SINALIZAÇÃO | F32: =SUM(F33:F33) -> 0 | H32: =SUM(H33:H33) -> 0 | P32: =SUM(P33:P34) -> 7895.65
A33: 6.1 | B33: Fornecimento e instalação de suporte de madeira para placas de sinalização, em solo, com h= de 2,0 m e seção de 7,5 x 7,5 cm | C33: unid | D33: 0 | E33: ='Planilha CT Original'!H113 -> 0 | F33: =D33*E33 -> 0 | G33: 0 | H33: 0 | I33: =D33-G33 -> 0 | J33: ='Vale Verde 1'!D90 -> 7.8 | K33: 0 | L33: ='Maria Livramento - T1'!D98+'Maria Livramento - T2'!D100+'Fábio Vaz - T1'!D106+'Fábio Vaz - T2'!D91+'José Vieira - T1'!D85+'José Vieira - T2'!D100+'José Vieira - T3'!D84+'Genésio Andrade - T1'!D87+'Genésio Andrade - T2'!D89+'Travessa Cunha'!D84 -> 17 | M33: 93.48 | N33: =M33*$Q$5 -> 120.58 | O33: 103695 SINAPI Fev/25 | P33: =L33*N33 -> 2049.86 | Q33: ='Maria Livramento - T1'!F98+'Maria Livramento - T2'!F100+'Fábio Vaz - T1'!F106+'Fábio Vaz - T2'!F91+'José Vieira - T1'!F85+'José Vieira - T2'!F100+'José Vieira - T3'!F84+'Genésio Andrade - T1'!F87+'Genésio Andrade - T2'!F89+'Travessa Cunha'!F84 -> 2049.86 | R33: 96.29
A34: 6.2 | B34: Placa de advertência em aço, lado de 0,60 m - película retrorrefletiva tipo I + SI - fornecimento e implantação | C34: unid | L34: ='Maria Livramento - T1'!D99+'Maria Livramento - T2'!D101+'Fábio Vaz - T1'!D107+'Fábio Vaz - T2'!D92+'José Vieira - T1'!D86+'José Vieira - T2'!D101+'José Vieira - T3'!D85+'Genésio Andrade - T1'!D88+'Genésio Andrade - T2'!D90+'Travessa Cunha'!D85 -> 17 | M34: 266.59 | N34: =M34*$Q$5 -> 343.87 | O34: 5213464 SICRO Jan/25 | P34: =L34*N34 -> 5845.79 | Q34: ='Maria Livramento - T1'!F99+'Maria Livramento - T2'!F101+'Fábio Vaz - T1'!F107+'Fábio Vaz - T2'!F92+'José Vieira - T1'!F86+'José Vieira - T2'!F101+'José Vieira - T3'!F85+'Genésio Andrade - T1'!F88+'Genésio Andrade - T2'!F90+'Travessa Cunha'!F85 -> 5845.79
A36: 7.0 | B36: SERVIÇOS COMPLEMENTARES | F36: =SUM(#REF!) -> #REF! | H36: =SUM(#REF!) -> #REF! | P36: =SUM(P37:P39) -> 3974.84
A37: 7.1 | B37: Pintura de meio-fio com tinta branca a base de cal (caiação) | C37: m² | D37: 0 | E37: ='Planilha CT Original'!H119 -> 0 | F37: =D37*E37 -> 0 | G37: 0 | H37: 0 | I37: =D37-G37 -> 0 | J37: ='Vale Verde 1'!D94 -> 165.12 | K37: 0 | L37: ='Maria Livramento - T1'!D102+'Maria Livramento - T2'!D104+'Fábio Vaz - T1'!D110+'Fábio Vaz - T2'!D95+'José Vieira - T1'!D89+'José Vieira - T2'!D104+'José Vieira - T3'!D88+'Genésio Andrade - T1'!D91+'Genésio Andrade - T2'!D93+'Travessa Cunha'!D88 -> 539.17 | M37: 1.38 | N37: =M37*$Q$5 -> 1.78 | O37: 102498 SINAPI Fev/25 | P37: =L37*N37+0.02 -> 959.74 | Q37: ='Maria Livramento - T1'!F102+'Maria Livramento - T2'!F104+'Fábio Vaz - T1'!F110+'Fábio Vaz - T2'!F95+'José Vieira - T1'!F89+'José Vieira - T2'!F104+'José Vieira - T3'!F88+'Genésio Andrade - T1'!F91+'Genésio Andrade - T2'!F93+'Travessa Cunha'!F88 -> 959.74 | R37: 1.49
A38: 7.2 | B38: Placa esmaltada para identificação de nome de rua, dimensões 45x20cm | C38: unid | D38: 0 | E38: ='Planilha CT Original'!H115 -> 0 | F38: =D38*E38 -> 0 | G38: 0 | H38: 0 | I38: =D38-G38 -> 0 | J38: ='Vale Verde 1'!D91 -> 90 | K38: 0 | L38: ='Maria Livramento - T1'!D103+'Maria Livramento - T2'!D105+'Fábio Vaz - T1'!D111+'Fábio Vaz - T2'!D96+'José Vieira - T1'!D90+'José Vieira - T2'!D105+'José Vieira - T3'!D89+'Genésio Andrade - T1'!D92+'Genésio Andrade - T2'!D94+'Travessa Cunha'!D89 -> 10 | M38: ='Composição Custos Unit'!G35 -> 140.27 | N38: =M38*$Q$5 -> 180.93 | O38: Composição 02 | P38: =L38*N38 -> 1809.3 | Q38: ='Maria Livramento - T1'!F103+'Maria Livramento - T2'!F105+'Fábio Vaz - T1'!F111+'Fábio Vaz - T2'!F96+'José Vieira - T1'!F90+'José Vieira - T2'!F105+'José Vieira - T3'!F89+'Genésio Andrade - T1'!F92+'Genésio Andrade - T2'!F94+'Travessa Cunha'!F89 -> 1809.3
A39: 7.3 | B39: Fornecimento e instalação de suporte de madeira para placas de identificação de rua, em solo, com h= de 2,0 m e seção de 7,5 x 7,5 cm | C39: unid | D39: 0 | E39: ='Planilha CT Original'!H119 -> 0 | F39: =D39*E39 -> 0 | G39: 0 | H39: 0 | I39: =D39-G39 -> 0 | J39: ='Vale Verde 1'!D96 -> 2 | K39: 0 | L39: ='Maria Livramento - T1'!D104+'Maria Livramento - T2'!D106+'Fábio Vaz - T1'!D112+'Fábio Vaz - T2'!D97+'José Vieira - T1'!D91+'José Vieira - T2'!D106+'José Vieira - T3'!D90+'Genésio Andrade - T1'!D93+'Genésio Andrade - T2'!D95+'Travessa Cunha'!D90 -> 10 | M39: =M33 -> 93.48 | N39: =M39*$Q$5 -> 120.58 | O39: 103695 SINAPI Fev/25 | P39: =L39*N39 -> 1205.8 | Q39: ='Maria Livramento - T1'!F104+'Maria Livramento - T2'!F106+'Fábio Vaz - T1'!F112+'Fábio Vaz - T2'!F97+'José Vieira - T1'!F91+'José Vieira - T2'!F106+'José Vieira - T3'!F90+'Genésio Andrade - T1'!F93+'Genésio Andrade - T2'!F95+'Travessa Cunha'!F90 -> 1205.8 | R39: 96.29
A41: TOTAL GERAL . . . . . . . . R$ | P41: =P9+P13+P16+P21+P26+P32+P36 -> 983904.3 | R41: =P41/L14 -> 163.30904
A43: BDI: 28,99%
A44: Encargos Sociais Desonerados de 91,01% (h)
A45: Obs.: Data-base dos preços unitários - SINAPI PB: Fevereiro/2025, SICRO Janeiro/25 e DER-PB: Jan-Mar/2025
P46: 887645.87
P47: =P46-#REF! -> #REF!
I48: 7977.41 | P48: =P47-#REF! -> #REF!
I50: 2825.2 | P50: ='Maria Livramento - T1'!F106+'Maria Livramento - T2'!F108+'Fábio Vaz - T1'!F114+'Fábio Vaz - T2'!F99+'José Vieira - T1'!F93+'José Vieira - T2'!F108+'José Vieira - T3'!F92+'Genésio Andrade - T1'!F95+'Genésio Andrade - T2'!F97+'Travessa Cunha'!F92 -> 983904.3 | Q50: 960019 | R50: =P50-Q50 -> 23885.3
L51: 102.9

Sheet Composição Custos Unit
A1: ESTADO DA PARAÍBA
A2: ='[2]Planilha Global'!A2 -> PREFEITURA MUNICIPAL DE MAMANGUAPE
A4: COMPOSIÇÃO DE CUSTOS
A5: ='Planilha Global'!A5 -> PAVIMENTAÇÃO EM RUAS DO MUNICÍPIO DE MAMANGUAPE-PB
A7: Composição 01: Assentamento de guia (meio-fio) para cordão de travamento do pavimento, em pedra granítica - m
B8: Base da Composição: 04960/ORSE
A9: Item | B9: Descrição | C9: Unidade | D9: Quantidade | E9: Preço Unitário | F9: Código SINAPI | G9: Preço Total
A10: 1 | B10: Pedreiro com encargos complementares | C10: h | D10: 0.18 | E10: 23.1 | F10: 88309 Composição | G10: =D10*E10 -> 4.16 | I10: 25.21 | J10: =D10*I10 -> 4.54
A11: 2 | B11: Servente com encargos complementares | C11: h | D11: 0.36 | E11: 18.67 | F11: 88316 Composição | G11: =D11*E11 -> 6.72 | I11: 20.27 | J11: =D11*I11 -> 7.3
J12: =D12*I12 -> 0
E13: SUBTOTAL (MÃO-DE-OBRA) | G13: =SUM(G10:G11) -> 10.88 | J13: =SUM(J10:J12) -> 11.84
A15: 3 | B15: Fornecimento e aplicação de meio-fio em pedra granítica | C15: m | D15: 1 | E15: 36.76 | F15: 04.910.02 DER/PB (Jan-Mar/25) | G15: =D15*E15 -> 36.76 | I15: 37.63 | J15: =D15*I15 -> 37.63
A16: 4 | B16: Argamassa traço 1:3 (em volume de cimento e areia média úmida), preparo manual | C16: m³ | D16: 0.001 | E16: 647.87 | F16: 88629 Composição | G16: =D16*E16 -> 0.65 | I16: 661.58 | J16: =D16*I16 -> 0.66
J17: =D17*I17 -> 0
E18: SUBTOTAL (MATERIAL) | G18: =TRUNC(SUM(G15:G16),2) -> 37.41 | J18: =SUM(J15:J17) -> 38.29
E20: TOTAL GERAL | G20: =G13+G18 -> 48.29 | J20: =J13+J18 -> 50.13
A23: Composição 02: Placa esmaltada para identificação de nome de rua, dimensões 45x20cm - unid
B24: Base da Composição: Sinapi 73916/2 - Jan/2020
A25: Item | B25: Descrição | C25: Unidade | D25: Quantidade | E25: Preço Unitário | F25: Código SINAPI | G25: Preço Total
A26: 1 | B26: Servente com encargos complementares | C26: h | D26: 0.4 | E26: =E11 -> 18.67 | F26: 88316 Compos | G26: =D26*E26 -> 7.47 | I26: =I11 -> 20.27 | J26: =D26*I26 -> 8.11
J27: =D27*I27 -> 0
E28: SUBTOTAL (MÃO-DE-OBRA) | G28: =SUM(G25:G26) -> 7.47 | J28: =SUM(J26:J27) -> 8.11
J29: =D29*I29 -> 0
A30: 2 | B30: Bucha de nylon sem aba s6, com parafuso de 4,20 x 40 mm em aço zincado com rosca soberba, cabeça chata e fenda | C30: unid | D30: 4 | E30: 0.2 | F30: 11950 Insumos | G30: =D30*E30 -> 0.8 | I30: 0.2 | J30: =D30*I30 -> 0.8
A31: 3 | B31: Placa de aço esmaltada para identificação de rua, 45 cm x 20 cm | C31: unid | D31: 1 | E31: 132 | F31: 13521 Insumos | G31: =E31*D31 -> 132 | H31: as | I31: 132 | J31: =D31*I31 -> 132
E33: SUBTOTAL (MATERIAL) | G33: =G30+G31 -> 132.8 | J33: =SUM(J29:J32) -> 132.8
E35: TOTAL GERAL | G35: =G28+G33 -> 140.27 | J35: =J28+J33 -> 140.91
G37: Referência: SINAPI PB Fevereiro/25; DER PB Jan-Mar/25
G38: Obs: Encargos Sociais Desonerados de 91,01% (h) contidos nos insumos, conforme informa a tabela de referência citada.

Sheet BDI
A3: CÁLCULO DE BDI (com desoneração) | C3: Construção e Reforma de quaisquer Edificações inclusive Unidades Habitacionais, Escolas, Hospitais, de uso Agropecuário, Estações p/Trens/Metrôs, Estádios e Quadras Esportivas Instalações p/Embarque/Desembarque de passageiros em Aeroportos, Rodoviárias, Portos, etc., Pórticos, Mirantes e outros Edifícios de finalidade turística | F3: Construção de Rodovias, Ferrovias, Pistas de Aeroportos, Pontes, Viadutos, Metrôs, Túneis, Barreiras Acústicas, Praças de Pedágio, Sinalização de Rodovias e Aeroportos, Placas de Sinalização de Tráfego e Semelhantes, Infra Viária Urbana, Estacionamento de Veículos, Praças, Calçadas p/Pedestres, Elevados, Passarelas, Ciclovias e VLT | I3: Abastecimento de Água, Coleta de Esgoto | L3: Fornecimento de materiais e equipamentos | O3: Construção e Manutenção de Estações e Redes de Distribuição de Energia Elétrica | R3: Portuárias, Marítimas e Fluviais
A4: Item componente do BDI | B4: % Informado | C4: 1ºQ | D4: Médio | E4: 3º Q | F4: 1ºQ | G4: Médio | H4: 3º Q | I4: 1ºQ | J4: Médio | K4: 3º Q | L4: 1ºQ | M4: Médio | N4: 3º Q | O4: 1ºQ | P4: Médio | Q4: 3º Q | R4: 1ºQ | S4: Médio | T4: 3º Q
A5: Administração Central ( AC ) | B5: 4.2 | C5: 3 | D5: 4 | E5: 5.5 | F5: 3.8 | G5: 4.01 | H5: 4.67 | I5: 3.43 | J5: 4.93 | K5: 6.71 | L5: 1.5 | M5: 3.45 | N5: 4.49 | O5: 5.29 | P5: 5.92 | Q5: 7.93 | R5: 4 | S5: 5.52 | T5: 7.85
A6: Seguro (S) e Garantia (G) | B6: 0.55 | C6: 0.8 | D6: 0.8 | E6: 1 | F6: 0.32 | G6: 0.4 | H6: 0.74 | I6: 0.28 | J6: 0.49 | K6: 0.75 | L6: 0.3 | M6: 0.48 | N6: 0.82 | O6: 0.25 | P6: 0.51 | Q6: 0.56 | R6: 0.81 | S6: 1.22 | T6: 1.99
A7: Risco (R) | B7: 0.8 | C7: 0.97 | D7: 1.27 | E7: 1.27 | F7: 0.5 | G7: 0.56 | H7: 0.97 | I7: 1 | J7: 1.39 | K7: 1.74 | L7: 0.56 | M7: 0.85 | N7: 0.89 | O7: 1 | P7: 1.48 | Q7: 1.97 | R7: 1.46 | S7: 2.32 | T7: 3.16
A8: Despesas Financeiras (DF) | B8: 1.15 | C8: 0.59 | D8: 1.23 | E8: 1.39 | F8: 1.02 | G8: 1.11 | H8: 1.21 | I8: 0.94 | J8: 0.99 | K8: 1.17 | L8: 0.85 | M8: 0.85 | N8: 1.11 | O8: 1.01 | P8: 1.07 | Q8: 1.11 | R8: 0.94 | S8: 1.02 | T8: 1.33
A9: Lucro (L) | B9: 7.95 | C9: 6.16 | D9: 7.4 | E9: 8.96 | F9: 6.64 | G9: 7.3 | H9: 8.69 | I9: 6.74 | J9: 8.04 | K9: 9.4 | L9: 3.5 | M9: 5.11 | N9: 6.22 | O9: 8 | P9: 8.31 | Q9: 9.51 | R9: 7.14 | S9: 8.4 | T9: 10.43
A10: Impostos (I) - PIS, COFINS, ISSQN | B10: =0.65+3+2.5+4.5 -> 10.65 | C10: Conforme Legislação Específica
A12: Observações | F12: VALORES DE BDI POR TIPO DE OBRA
A13: 1) Preencher apenas a coluna % Informado (Coluna B) | F13: Tipo de Obra | L13: 1ºQ | M13: Médio | N13: 3º Q
A14: 2) Os Tributos normalmente aplicáveis são: PIS (0,65%), COFINS (3,00%), ISS (2,5%) e CPRB (4,5%). | F14: Construção de Edifícios | L14: 20.34 | M14: 22.12 | N14: 25
A15: 3) O cálculo do BDI se baseia na fórmula abaixo utilizada pelo Acórdão 2622/13 do TCU, conforme CE GEPAD 354/2013 de 17/10/2013. | F15: Construção de Rodovias e Ferrovias | L15: 19.6 | M15: 20.97 | N15: 24.23
A16: B.D.I = | B16: =((1+(B5+B6+B7)/100)*((1+B8/100)*(1+B9/100))/(1-B10/100))-1 -> 0.2899 | F16: Rede de Abastecimento de Água, Coleta de Esgotos | L16: 20.76 | M16: 24.18 | N16: 26.44
A17: Fórmula Utilizada: | F17: Estações e Redes de Distribuição de Energia Elétrica | L17: 24 | M17: 25.84 | N17: 27.86
F18: Obras Portuárias, Marítimas e Fluviais | L18: 22.8 | M18: 27.48 | N18: 30.95
F19: Fornecimento de Materiais e Equipamentos | L19: 11.1 | M19: 14.02 | N19: 16.8

Sheet Encargos

Sheet Resumo
B3: ESTADO DA PARAÍBA
B4: PREFEITURA MUNICIPAL DE MAMANGUAPE
B5: PAVIMENTAÇÃO EM RUAS DO MUNICÍPIO DE MAMANGUAPE-PB
B7: RESUMO GERAL
B9: Item | E9: Descrição | F9: Comprimento (m) | G9: Largura (m) | H9: Área de Pavimentação (m²) | I9: Meio-fio (m) | J9: Área de Calçada (m²) | K9: Rampas (m²) | L9: Placas de sinalização (und) | M9: Total (R$)
B10: 1 | E10: ='Maria Livramento - T1'!A6 -> Rua Maria Livramento P. Lima (Trecho 01) | F10: ='Maria Livramento - T1'!H2 -> 131.22 | H10: ='Maria Livramento - T1'!E29 -> 792.7 | I10: ='Maria Livramento - T1'!E32 -> 262.48 | J10: ='Maria Livramento - T1'!G41 -> 314.98 | K10: ='Maria Livramento - T1'!E52 -> 36 | L10: ='Maria Livramento - T1'!D98 -> 2 | M10: ='Maria Livramento - T1'!F106 -> 136769.73
B11: 2 | E11: ='Maria Livramento - T2'!A6 -> Rua Maria Livramento P. Lima (Trecho 02) | F11: ='Maria Livramento - T2'!H2 -> 108.51 | G11: =#REF! -> #REF! | H11: ='Maria Livramento - T2'!E32 -> 660.02 | I11: ='Maria Livramento - T2'!E35 -> 209.32 | J11: ='Maria Livramento - T2'!G44 -> 251.18 | K11: ='Maria Livramento - T2'!E55 -> 36 | L11: ='Maria Livramento - T2'!D100 -> 1 | M11: ='Maria Livramento - T2'!F108 -> 109043.08
B12: 3 | E12: ='Fábio Vaz - T1'!A6 -> Rua Fábio Barbosa Vaz (Trecho 01) | F12: ='Fábio Vaz - T1'!H2 -> 129.92 | G12: =#REF! -> #REF! | H12: ='Fábio Vaz - T1'!E37 -> 725.84 | I12: ='Fábio Vaz - T1'!E40 -> 259.95 | J12: ='Fábio Vaz - T1'!G49 -> 299.77 | K12: ='Fábio Vaz - T1'!E60 -> 36 | L12: ='Fábio Vaz - T1'!D106 -> 2 | M12: ='Fábio Vaz - T1'!F114 -> 122265.61
B13: 4 | E13: ='Fábio Vaz - T2'!A6 -> Rua Fábio Barbosa Vaz (Trecho 02) | F13: ='Fábio Vaz - T2'!H2 -> 128.16 | G13: =#REF! -> #REF! | H13: ='Fábio Vaz - T2'!E23 -> 646.34 | I13: ='Fábio Vaz - T2'!E26 -> 257.21 | J13: ='Fábio Vaz - T2'!G35 -> 296.86 | K13: ='Fábio Vaz - T2'!E46 -> 54 | L13: ='Fábio Vaz - T2'!D91 -> 2 | M13: ='Fábio Vaz - T2'!F99 -> 115755.19
B14: 5 | E14: ='José Vieira - T1'!A6 -> Rua José Vieira (Trecho 01) | F14: ='José Vieira - T1'!E14 -> 63.93 | G14: =#REF! -> #REF! | H14: ='José Vieira - T1'!D66 -> 341.76 | I14: ='José Vieira - T1'!D69 -> 131.03 | J14: ='José Vieira - T1'!G29 -> 149.15 | K14: ='José Vieira - T1'!E40 -> 36 | L14: ='José Vieira - T1'!D85 -> 2 | M14: ='José Vieira - T1'!F93 -> 58717.06
B15: 6 | E15: ='José Vieira - T2'!A6 -> Rua José Vieira (Trecho 02) | F15: ='José Vieira - T2'!E29 -> 112.1 | G15: =#REF! -> #REF! | H15: ='José Vieira - T2'!D81 -> 681.86 | I15: ='José Vieira - T2'!D84 -> 227.24 | J15: ='José Vieira - T2'!G44 -> 256.7 | K15: ='José Vieira - T2'!E55 -> 36 | L15: ='José Vieira - T2'!E58 -> 2 | M15: ='José Vieira - T2'!F108 -> 110775.93
B16: 7 | E16: ='José Vieira - T3'!A6 -> Rua José Vieira (Trecho 03) | F16: ='José Vieira - T3'!E19 -> 56.12 | G16: =#REF! -> #REF! | H16: ='José Vieira - T3'!D67 -> 327.1 | I16: ='José Vieira - T3'!D70 -> 112.59 | J16: ='José Vieira - T3'!G30 -> 110.57 | K16: ='José Vieira - T3'!E41 -> 18 | L16: ='José Vieira - T3'!E44 -> 2 | M16: ='José Vieira - T3'!F92 -> 52130.06
B17: 8 | E17: ='Genésio Andrade - T1'!A6 -> Rua Genésio de Andrade (Trecho 01) | F17: ='Genésio Andrade - T1'!E19 -> 128.63 | G17: =#REF! -> #REF! | H17: ='Genésio Andrade - T1'!D69 -> 868.89 | I17: ='Genésio Andrade - T1'!D72 -> 257.36 | J17: ='Genésio Andrade - T1'!G32 -> 296.71 | K17: ='Genésio Andrade - T1'!E43 -> 36 | L17: ='Genésio Andrade - T1'!E46 -> 2 | M17: ='Genésio Andrade - T1'!F95 -> 137288.99
B18: 9 | E18: ='Genésio Andrade - T2'!A6 -> Rua Genésio de Andrade (Trecho 02) | F18: ='Genésio Andrade - T2'!E24 -> 115.35 | G18: =#REF! -> #REF! | H18: ='Genésio Andrade - T2'!D72 -> 659.61 | I18: ='Genésio Andrade - T2'!D75 -> 90.17 | J18: ='Genésio Andrade - T2'!G35 -> 94.45 | K18: ='Genésio Andrade - T2'!E46 -> 18 | L18: ='Genésio Andrade - T2'!E49 -> 1 | M18: ='Genésio Andrade - T2'!F97 -> 88594.46
